Workbook

Sheet 01.07.26 гос.язык
A1: ҚР Денсаулық сақтау Министрлігі санитариялық-эпидемиологиялық бақылау Комитеті Павлодар облысының санитариялық-эпидемиологиялық бақылау Департаменті РММ Бюджет қаражатының атқарылуы туралы ақпарат
A2: 2026 жылдың 30 маусым айының жағдайы бойынша
A4: Бағдарлама | B4: Кіші бағдарлама | C4: Ерекшелігі | D4: Шығындар атауы | E4: 2026 жылға арналған жиынтық қаржыландыру жоспары
F5: Міндеттемелер бойынша | J5: Төлемдемелер бойынша
F6: Жылдық жоспары | G6: Қабылданған міндеттемелер | H6: Аирмашылығы | I6: % орындау | J6: Жылдық жоспары | K6: Төленген төлемдер | L6: Аирмашылығы | M6: % орындау
A7: 1 | B7: 2 | C7: 3 | D7: 4 | E7: 5 | F7: 6 | G7: 7 | H7: 8 | I7: 9 | J7: 11 | K7: 12 | L7: 13 | M7: 14
D8: Павлодар облысының санитариялық-эпидемиологиялық бақылау Департаменті бойынша БАРЛЫҒЫ: | E8: =E9+E51+E58 -> 2865346.1 | F8: =F9+F51+F58 -> 2240417.1 | G8: =G9+G51+G58 -> 2238345.9 | H8: =H9+H51+H58 -> 2071.165 | I8: =G8/F8*100 -> 99.907554 | J8: =J9+J51+J58 -> 1414252.1 | K8: =K9+K51+K58 -> 1381165.2 | L8: =L9+L51+L58 -> 33086.942 | M8: =K8/J8*100 -> 97.660464
A9: 1 | D9: Денсаулық сақтау саласындағы мемлекеттік саясатты қалыптастыру | E9: =E10+E19+E23+E30 -> 1451572.1 | F9: =F10+F19+F23+F30 -> 826643.1 | G9: =G10+G19+G23+G30 -> 824572.47 | H9: =H10+H19+H23+H30 -> 2070.629 | I9: =G9/F9*100 -> 99.749514 | J9: =J10+J19+J23+J30 -> 823995.1 | K9: =K10+K19+K23+K30 -> 821073.66 | L9: =L10+L19+L23+L30 -> 2921.443 | M9: =K9/J9*100 -> 99.645454
B10: 100 | D10: Денсаулық сақтау саласындағы уәкілетті органның қызметін қамтамасыз ету | E10: =SUM(E11:E18) -> 243409 | F10: =SUM(F11:F18) -> 130044 | G10: =SUM(G11:G18) -> 130001.27 | H10: =SUM(H11:H18) -> 42.725 | I10: =G10/F10*100 -> 99.967146 | J10: =SUM(J11:J18) -> 130044 | K10: =SUM(K11:K18) -> 130001.27 | L10: =SUM(L11:L18) -> 42.725 | M10: =K10/J10*100 -> 99.967146
C11: 131 | D11: Техникалық персоналдың еңбегіне ақы төлеу | E11: 213219 | F11: 114512 | G11: 114512 | H11: =F11-G11 -> 0 | I11: =G11/F11*100 -> 100 | J11: 114512 | K11: 114512 | L11: =J11-K11 -> 0 | M11: =K11/J11*100 -> 100
C12: 135 | D12: Техникалық персонал бойынша жұмыс берушілердің жарналары | E12: 29355 | F12: 15230 | G12: 15230 | H12: =F12-G12 -> 0 | I12: =G12/F12*100 -> 100 | J12: 15230 | K12: 15230 | L12: =J12-K12 -> 0 | M12: =K12/J12*100 -> 100
C13: 136 | D13: Техникалық персонал ішіндегі іссапарлар мен қызметтік сапарлар | E13: 835 | F13: 302 | G13: 259.275 | H13: =F13-G13 -> 42.725 | I13: =G13/F13*100 -> 85.852649 | J13: 302 | K13: 259.275 | L13: =J13-K13 -> 42.725 | M13: =K13/J13*100 -> 85.852649
C14: 165 | D14: Исполнение исполнительных документов,судебных актов | E14: 0 | F14: 0 | G14: 0 | H14: =F14-G14 -> 0 | J14: 0 | K14: 0 | L14: =J14-K14 -> 0
C15: 159 | D15: Прочие услуги и работы | E15: 0 | F15: 0 | G15: 0 | H15: =F15-G15 -> 0 | I15: =G15/F15*100 -> #DIV/0! | J15: 0 | K15: 0 | L15: =J15-K15 -> 0 | M15: =K15/J15*100 -> #DIV/0!
C16: 169 | D16: Прочие текущие затраты | E16: 0 | F16: 0 | G16: 0 | H16: =F16-G16 -> 0 | I16: =G16/F16*100 -> #DIV/0! | J16: 0 | K16: 0 | L16: =J16-K16 -> 0 | M16: =K16/J16*100 -> #DIV/0!
C17: 322 | D17: Трансферты физическим лицам | E17: 0 | F17: 0 | G17: 0 | H17: =F17-G17 -> 0 | I17: =G17/F17*100 -> #DIV/0! | J17: 0 | K17: 0 | L17: =J17-K17 -> 0 | M17: =K17/J17*100 -> #DIV/0!
C18: 414 | D18: Приобретение машин, оборудования, инструментов, производственного и хозяйственного инвентаря | E18: =ЦА!E18+'СВОД терр'!E18 -> 0 | F18: =ЦА!F18+'СВОД терр'!F18 -> 0 | G18: 0 | H18: =F18-G18 -> 0 | J18: 0 | K18: 0 | L18: =J18-K18 -> 0
B19: 104 | D19: Обеспечение функционирования информационных систем и информационно-техническое обеспечение государственного органа | E19: =SUM(E20:E22) -> 0 | F19: =SUM(F20:F22) -> 0 | G19: =SUM(G20:G22) -> 0 | H19: =SUM(H20:H22) -> 0 | I19: =G19/F19*100 -> #DIV/0! | J19: =SUM(J20:J22) -> 0 | K19: =SUM(K20:K22) -> 0 | L19: =SUM(L20:L22) -> 0 | M19: =K19/J19*100 -> #DIV/0!
C20: 149 | D20: Приобретение прочих запасов | E20: 0 | F20: 0 | G20: 0 | H20: =F20-G20 -> 0 | I20: =G20/F20*100 -> #DIV/0! | J20: 0 | K20: 0 | L20: =J20-K20 -> 0 | M20: =K20/J20*100 -> #DIV/0!
C21: 152 | D21: Оплата услуг связи | E21: 0 | F21: 0 | G21: 0 | H21: =F21-G21 -> 0 | I21: =G21/F21*100 -> #DIV/0! | J21: 0 | K21: 0 | L21: =J21-K21 -> 0 | M21: =K21/J21*100 -> #DIV/0!
C22: 159 | D22: Оплата прочих услуг и работ | E22: 0 | F22: 0 | G22: 0 | H22: =F22-G22 -> 0 | I22: =G22/F22*100 -> #DIV/0! | J22: 0 | K22: 0 | L22: =J22-K22 -> 0 | M22: =K22/J22*100 -> #DIV/0!
B23: 111 | D23: Қазақстан Республикасы денсаулық сақтау Министрлігінің күрделі шығыстары | E23: =SUM(E24:E29) -> 0 | F23: =SUM(F24:F29) -> 0 | G23: =SUM(G24:G29) -> 0 | H23: =SUM(H24:H29) -> 0 | J23: =SUM(J24:J29) -> 0 | K23: =SUM(K24:K29) -> 0 | L23: =SUM(L24:L29) -> 0
C24: 412 | D24: Приобретение помещений, зданий, сооружений, передаточных устройств | E24: 0 | F24: 0 | G24: 0 | H24: =F24-G24 -> 0 | J24: 0 | K24: 0 | L24: =J24-K24 -> 0
C25: 413 | D25: Приобретение транспортных средств | E25: 0 | F25: 0 | G25: 0 | H25: =F25-G25 -> 0 | I25: =G25/F25*100 -> #DIV/0! | J25: 0 | K25: 0 | L25: =J25-K25 -> 0
C26: 414 | D26: Машиналарды, жабдықтарды, құралдарды, өндірістік және шаруашылық мүкәммалдарды сатып алу | H26: =F26-G26 -> 0
C27: 416 | D27: Үй-жайларды, ғимараттарды, құрылыстарды күрделі жөндеу | H27: =F27-G27 -> 0
C28: 419 | D28: Машиналарды, жабдықтарды, құралдарды, өндірістік және шаруашылық мүкәммалдарды сатып алу | H28: =F28-G28 -> 0
C29: 421 | D29: Үй-жайларды, ғимараттарды, құрылыстарды күрделі жөндеу | H29: =F29-G29 -> 0
B30: 123 | D30: Ағымдағы әкімшілік шығыстар | E30: =SUM(E31:E50) -> 1208163.1 | F30: =SUM(F31:F50) -> 696599.1 | G30: =SUM(G31:G50) -> 694571.2 | H30: =SUM(H31:H50) -> 2027.904 | I30: =G30/F30*100 -> 99.708885 | J30: =SUM(J31:J50) -> 693951.1 | K30: =SUM(K31:K50) -> 691072.38 | L30: =SUM(L31:L50) -> 2878.718 | M30: =K30/J30*100 -> 99.58517
C31: 111 | D31: Еңбек төлемі | E31: 694694 | F31: 319694 | G31: 319694 | H31: =F31-G31 -> 0 | I31: =G31/F31*100 -> 100 | J31: 319694 | K31: 319694 | L31: =J31-K31 -> 0 | M31: =K31/J31*100 -> 100
C32: 112 | D32: Қосымша ақшалай төлемдер | E32: 165477.8 | F32: 165477.8 | G32: 165477.8 | H32: =F32-G32 -> 0 | I32: =G32/F32*100 -> 100 | J32: 165477.8 | K32: 165477.8 | L32: =J32-K32 -> 0 | M32: =K32/J32*100 -> 100
C33: 113 | D33: Өтемақы төлемдері | E33: 124950 | F33: 73065 | G33: 72935.658 | H33: =F33-G33 -> 129.342 | I33: =G33/F33*100 -> 99.822977 | J33: 73065 | K33: 72935.658 | L33: =J33-K33 -> 129.342 | M33: =K33/J33*100 -> 99.822977
C34: 116 | D34: Жұмыс берушінің міндетті зейнетақы жарналары | E34: 18766.1 | F34: 10504.1 | G34: 10504.1 | H34: =F34-G34 -> 0 | I34: =G34/F34*100 -> 100 | J34: 10504.1 | K34: 10504.1 | L34: =J34-K34 -> 0 | M34: =K34/J34*100 -> 100
C35: 121 | D35: Әлеуметтік салық | E35: 48455.6 | F35: 28569.6 | G35: 28569.6 | H35: =F35-G35 -> 0 | I35: =G35/F35*100 -> 100 | J35: 28569.6 | K35: 28569.6 | L35: =J35-K35 -> 0 | M35: =K35/J35*100 -> 100
C36: 122 | D36: Мемлекеттік әлеуметтік сақтандыру қорына әлеуметтік аударымдар | E36: 36838 | F36: 19972 | G36: 19972 | H36: =F36-G36 -> 0 | I36: =G36/F36*100 -> 100 | J36: 19972 | K36: 19972 | L36: =J36-K36 -> 0 | M36: =K36/J36*100 -> 100
C37: 123 | D37: Міндетті сақтандыру жарналары | E37: 589 | F37: 589 | G37: 500.521 | H37: =F37-G37 -> 88.479 | I37: =G37/F37*100 -> 84.978098 | J37: 488 | K37: 347.087 | L37: =J37-K37 -> 140.913 | M37: =K37/J37*100 -> 71.124385
C38: 124 | D38: Міндетті әлеуметтік медициналық сақтандыруға аударымдар | E38: 23534 | F38: 12284 | G38: 11957.8 | H38: =F38-G38 -> 326.2 | I38: =G38/F38*100 -> 97.344513 | J38: 12284 | K38: 11957.8 | L38: =J38-K38 -> 326.2 | M38: =K38/J38*100 -> 97.344513
C39: 142 | D39: Дәрілік заттарды және медициналық мақсаттағы өзге де бұйымдарды сатып алу | E39: 375 | F39: 0 | G39: 0 | H39: =F39-G39 -> 0 | I39: 0 | J39: 0 | K39: 0 | L39: =J39-K39 -> 0 | M39: 0
C40: 144 | D40: Отын, жанар-жағармай материалдарын сатып алу | E40: 16467 | F40: 181 | G40: 180.96 | H40: =F40-G40 -> 0.04 | I40: =G40/F40*100 -> 99.977901 | J40: 181 | K40: 180.96 | L40: =J40-K40 -> 0.04 | M40: =K40/J40*100 -> 99.977901
C41: 149 | D41: Басқа қорларды сатып алу | E41: 15014.5 | F41: 12267.5 | G41: 12231.5 | H41: =F41-G41 -> 36 | I41: =G41/F41*100 -> 99.706542 | J41: 12267.5 | K41: 11937.902 | L41: =J41-K41 -> 329.598 | M41: =K41/J41*100 -> 97.313242
C42: 151 | D42: Коммуналдық қызметтерге ақы төлеу | E42: 41822 | F42: 40372 | G42: 40372 | H42: =F42-G42 -> 0 | I42: =G42/F42*100 -> 100 | J42: 40372 | K42: 40372 | L42: =J42-K42 -> 0 | M42: =K42/J42*100 -> 100
C43: 152 | D43: Байланыс қызметтеріне ақы төлеу | E43: 1800 | F43: 1500 | G43: 1499.6 | H43: =F43-G43 -> 0.4 | I43: =G43/F43*100 -> 99.973333 | J43: 610 | K43: 610 | L43: =J43-K43 -> 0 | M43: =K43/J43*100 -> 100
C44: 153 | D44: Оплата транспортных услуг | E44: 0 | F44: 0 | G44: 0 | H44: =F44-G44 -> 0 | I44: =G44/F44*100 -> #DIV/0! | J44: 0 | K44: 0 | L44: =J44-K44 -> 0 | M44: =K44/J44*100 -> #DIV/0!
C45: 154 | D45: Оплата аренды за помещение | E45: 0 | F45: 0 | G45: 0 | H45: =F45-G45 -> 0 | I45: =G45/F45*100 -> #DIV/0! | J45: 0 | K45: 0 | L45: =J45-K45 -> 0 | M45: =K45/J45*100 -> #DIV/0!
C46: 159 | D46: Басқа қызметтер мен жұмыстарға ақы төлеу | E46: 7492 | F46: 5227 | G46: 3779.626 | H46: =F46-G46 -> 1447.374 | I46: =G46/F46*100 -> 72.309661 | J46: 3570 | K46: 1617.444 | L46: =J46-K46 -> 1952.556 | M46: =K46/J46*100 -> 45.306555
C47: 161 | D47: Ел ішіндегі іссапарлар мен қызметтік сапарлар | E47: 11150 | F47: 6547 | G47: 6547 | H47: =F47-G47 -> 0 | I47: =G47/F47*100 -> 100 | J47: 6547 | K47: 6547 | L47: =J47-K47 -> 0 | M47: =K47/J47*100 -> 100
C48: 165 | D48: Атқарушылық құжаттарды, сот актілерін орындау | E48: 20.1 | F48: 20.1 | G48: 20.031 | H48: =F48-G48 -> 0.069 | I48: =G48/F48*100 -> 99.656716 | J48: 20.1 | K48: 20.031 | L48: =J48-K48 -> 0.069 | M48: =K48/J48*100 -> 99.656716
C49: 168 | D49: Айыппұлдар, өсімпұлдар және басқа төлемдер | E49: 655 | F49: 329 | G49: 329 | H49: =F49-G49 -> 0 | I49: =G49/F49*100 -> 100 | J49: 329 | K49: 329 | L49: =J49-K49 -> 0 | M49: =K49/J49*100 -> 100
C50: 169 | D50: Басқа да ағымдағы шығындар | E50: 63 | F50: 0 | G50: 0 | H50: =F50-G50 -> 0 | I50: 0 | J50: 0 | K50: 0 | L50: =J50-K50 -> 0 | M50: 0
A51: 70 | D51: Халық денсаулығын қорғау | E51: =E52 -> 1409764 | F51: =F52 -> 1409764 | G51: =G52 -> 1409763.5 | H51: =H52 -> 0.536 | I51: =G51/F51*100 -> 99.999962 | J51: =J52 -> 588252 | K51: =K52 -> 559048.9 | L51: =L52 -> 29203.099 | M51: =K51/J51*100 -> 95.035614
B52: 100 | D52: Денсаулық сақтау саласындағы уәкілетті органның қызметін қамтамасыз ету | E52: =E53+E54 -> 1409764 | F52: =F53+F54 -> 1409764 | G52: =G53+G54 -> 1409763.5 | H52: =H53+H54 -> 0.536 | I52: =G52/F52*100 -> 99.999962 | J52: =J53+J54 -> 588252 | K52: =K53+K54 -> 559048.9 | L52: =L53+L54 -> 29203.099 | M52: =K52/J52*100 -> 95.035614
C53: 159 | D53: Басқа қызметтер мен жұмыстарға ақы төлеу | E53: 1409764 | F53: 1409764 | G53: 1409763.5 | H53: =F53-G53 -> 0.536 | I53: =G53/F53*100 -> 99.999962 | J53: 588252 | K53: 559048.9 | L53: =J53-K53 -> 29203.099 | M53: =K53/J53*100 -> 95.035614
C54: 161 | D54: Командировки и служебные разъезды внутри страны | E54: 0 | F54: 0 | G54: 0 | H54: =F54-G54 -> 0 | I54: =G54/F54*100 -> #DIV/0! | J54: 0 | K54: 0 | L54: =J54-K54 -> 0 | M54: =K54/J54*100 -> #DIV/0!
B55: 112 | D55: Капитальные расходы государственных организаций здравоохранения, осуществляющих деятельность в области санитарно-эпидемиологического благополучия населения | E55: =E56+E57 -> 0 | F55: =ЦА!F57+'СВОД терр'!F57 -> 0 | G55: =ЦА!G57+'СВОД терр'!G57 -> 0 | H55: =ЦА!H57+'СВОД терр'!H57 -> 0 | I55: =G55/F55*100 -> #DIV/0! | J55: =J56+J57 -> 0 | K55: =K56+K57 -> 0 | L55: =L56+L57 -> 0 | M55: =K55/J55*100 -> #DIV/0!
C56: 418 | D56: Материально-техническое оснащение государственных предприятий | E56: 0 | F56: 0 | G56: 0 | H56: =F56-G56 -> 0 | I56: =G56/F56*100 -> #DIV/0! | J56: 0 | K56: 0 | L56: =J56-K56 -> 0 | M56: =K56/J56*100 -> #DIV/0!
C57: 423 | D57: Капитальный ремонт помещений, зданий, сооружений, передаточных устройств | E57: 0 | F57: 0 | G57: 0 | H57: =F57-G57 -> 0 | I57: =ЦА!I59 -> 0 | J57: 0 | K57: 0 | L57: =J57-K57 -> 0 | M57: =K57/J57*100 -> #DIV/0!
A58: 138 | B58: 0 | D58: Мемлекеттік қызметшілердің біліктілігін арттыруды қамтамасыз ету | E58: =E59 -> 4010 | F58: =F59 -> 4010 | G58: =G59 -> 4010 | H58: =H59 -> 0 | I58: =G58/F58*100 -> 100 | J58: =J59 -> 2005 | K58: =K59 -> 1042.6 | L58: =L59 -> 962.4 | M58: =K58/J58*100 -> 52
C59: 159 | D59: Басқа қызметтер мен жұмыстарға ақы төлеу | E59: 4010 | F59: 4010 | G59: 4010 | H59: =F59-G59 -> 0 | I59: =G59/F59*100 -> 100 | J59: 2005 | K59: 1042.6 | L59: =J59-K59 -> 962.4 | M59: =K59/J59*100 -> 52

Sheet 01.07.26г.
A1: Информация по исполнению бюджетных средств РГУ Департамента санитарно-эпидемиологического контроля Павлодарской области Комитета санитарно-эпидемиологического контроля МЗ РК
A2: по состоянию на 30 июня 2026 года
A4: Программа | B4: П/программа | C4: Специфика | D4: Наименование | E4: Сводный план финансирования на 2026 год
F5: по обязательствам | J5: по платежам
F6: План сначала года | G6: Принятые обязательства | H6: Отклонение | I6: % исполнения | J6: План сначала года | K6: оплаченные обязательства | L6: Отклонение | M6: % исполнения
A7: 1 | B7: 2 | C7: 3 | D7: 4 | E7: 5 | F7: 6 | G7: 7 | H7: 8 | I7: 9 | J7: 11 | K7: 12 | L7: 13 | M7: 14
D8: ВСЕГО по Департаменту СЭК Павлодарской области КСЭК МЗ РК: | E8: =E9+E51+E58 -> 2865346.1 | F8: =F9+F51+F58 -> 2240417.1 | G8: =G9+G51+G58 -> 2238345.9 | H8: =H9+H51+H58 -> 2071.165 | I8: =G8/F8*100 -> 99.907554 | J8: =J9+J51+J58 -> 1414252.1 | K8: =K9+K51+K58 -> 1381165.2 | L8: =L9+L51+L58 -> 33086.942 | M8: =K8/J8*100 -> 97.660464
A9: 1 | D9: Формирование государственной политики в области здравоохранения | E9: =E10+E19+E23+E30 -> 1451572.1 | F9: =F10+F19+F23+F30 -> 826643.1 | G9: =G10+G19+G23+G30 -> 824572.47 | H9: =H10+H19+H23+H30 -> 2070.629 | I9: =G9/F9*100 -> 99.749514 | J9: =J10+J19+J23+J30 -> 823995.1 | K9: =K10+K19+K23+K30 -> 821073.66 | L9: =L10+L19+L23+L30 -> 2921.443 | M9: =K9/J9*100 -> 99.645454
B10: 100 | D10: Обеспечение деятельности уполномоченного органа в области здравоохранения | E10: =SUM(E11:E18) -> 243409 | F10: =SUM(F11:F18) -> 130044 | G10: =SUM(G11:G18) -> 130001.27 | H10: =SUM(H11:H18) -> 42.725 | I10: =G10/F10*100 -> 99.967146 | J10: =SUM(J11:J18) -> 130044 | K10: =SUM(K11:K18) -> 130001.27 | L10: =SUM(L11:L18) -> 42.725 | M10: =K10/J10*100 -> 99.967146
C11: 131 | D11: Оплата труда технического персонала | E11: 213219 | F11: 114512 | G11: 114512 | H11: =F11-G11 -> 0 | I11: =G11/F11*100 -> 100 | J11: 114512 | K11: 114512 | L11: =J11-K11 -> 0 | M11: =K11/J11*100 -> 100
C12: 135 | D12: Взносы работодателей по техническому персоналу | E12: 29355 | F12: 15230 | G12: 15230 | H12: =F12-G12 -> 0 | I12: =G12/F12*100 -> 100 | J12: 15230 | K12: 15230 | L12: =J12-K12 -> 0 | M12: =K12/J12*100 -> 100
C13: 136 | D13: Командировки и служебные разъезды внутри страны технического персонала | E13: 835 | F13: 302 | G13: 259.275 | H13: =F13-G13 -> 42.725 | I13: =G13/F13*100 -> 85.852649 | J13: 302 | K13: 259.275 | L13: =J13-K13 -> 42.725 | M13: =K13/J13*100 -> 85.852649
C14: 165 | D14: Исполнение исполнительных документов,судебных актов | E14: 0 | F14: 0 | G14: 0 | H14: =F14-G14 -> 0 | J14: 0 | K14: 0 | L14: =J14-K14 -> 0
C15: 159 | D15: Прочие услуги и работы | E15: 0 | F15: 0 | G15: 0 | H15: =F15-G15 -> 0 | I15: =G15/F15*100 -> #DIV/0! | J15: 0 | K15: 0 | L15: =J15-K15 -> 0 | M15: =K15/J15*100 -> #DIV/0!
C16: 169 | D16: Прочие текущие затраты | E16: 0 | F16: 0 | G16: 0 | H16: =F16-G16 -> 0 | I16: =G16/F16*100 -> #DIV/0! | J16: 0 | K16: 0 | L16: =J16-K16 -> 0 | M16: =K16/J16*100 -> #DIV/0!
C17: 322 | D17: Трансферты физическим лицам | E17: 0 | F17: 0 | G17: 0 | H17: =F17-G17 -> 0 | I17: =G17/F17*100 -> #DIV/0! | J17: 0 | K17: 0 | L17: =J17-K17 -> 0 | M17: =K17/J17*100 -> #DIV/0!
C18: 414 | D18: Приобретение машин, оборудования, инструментов, производственного и хозяйственного инвентаря | E18: =ЦА!E18+'СВОД терр'!E18 -> 0 | F18: =ЦА!F18+'СВОД терр'!F18 -> 0 | G18: 0 | H18: =F18-G18 -> 0 | J18: 0 | K18: 0 | L18: =J18-K18 -> 0
B19: 104 | D19: Обеспечение функционирования информационных систем и информационно-техническое обеспечение государственного органа | E19: =SUM(E20:E22) -> 0 | F19: =SUM(F20:F22) -> 0 | G19: =SUM(G20:G22) -> 0 | H19: =SUM(H20:H22) -> 0 | I19: =G19/F19*100 -> #DIV/0! | J19: =SUM(J20:J22) -> 0 | K19: =SUM(K20:K22) -> 0 | L19: =SUM(L20:L22) -> 0 | M19: =K19/J19*100 -> #DIV/0!
C20: 149 | D20: Приобретение прочих запасов | E20: 0 | F20: 0 | G20: 0 | H20: =F20-G20 -> 0 | I20: =G20/F20*100 -> #DIV/0! | J20: 0 | K20: 0 | L20: =J20-K20 -> 0 | M20: =K20/J20*100 -> #DIV/0!
C21: 152 | D21: Оплата услуг связи | E21: 0 | F21: 0 | G21: 0 | H21: =F21-G21 -> 0 | I21: =G21/F21*100 -> #DIV/0! | J21: 0 | K21: 0 | L21: =J21-K21 -> 0 | M21: =K21/J21*100 -> #DIV/0!
C22: 159 | D22: Оплата прочих услуг и работ | E22: 0 | F22: 0 | G22: 0 | H22: =F22-G22 -> 0 | I22: =G22/F22*100 -> #DIV/0! | J22: 0 | K22: 0 | L22: =J22-K22 -> 0 | M22: =K22/J22*100 -> #DIV/0!
B23: 111 | D23: Капитальные расходы Министерства здраоохранения Республики Казахстан | E23: =SUM(E24:E29) -> 0 | F23: =SUM(F24:F29) -> 0 | G23: =SUM(G24:G29) -> 0 | H23: =SUM(H24:H29) -> 0 | J23: =SUM(J24:J29) -> 0 | K23: =SUM(K24:K29) -> 0 | L23: =SUM(L24:L29) -> 0
C24: 412 | D24: Приобретение помещений, зданий, сооружений, передаточных устройств | E24: 0 | F24: 0 | G24: 0 | H24: =F24-G24 -> 0 | J24: 0 | K24: 0 | L24: =J24-K24 -> 0
C25: 413 | D25: Приобретение транспортных средств | E25: 0 | F25: 0 | G25: 0 | H25: =F25-G25 -> 0 | I25: =G25/F25*100 -> #DIV/0! | J25: 0 | K25: 0 | L25: =J25-K25 -> 0
C26: 414 | D26: Приобретение машин, оборудования, инструментов, производственного и хозяйственного инвентаря | E26: 0 | F26: 0 | G26: 0 | H26: =F26-G26 -> 0 | J26: 0 | K26: 0 | L26: =J26-K26 -> 0
C27: 416 | D27: Үй-жайларды, ғимараттарды, құрылыстарды күрделі жөндеу | E27: =ЦА!E27+'СВОД терр'!E27 -> 0 | F27: 0 | G27: 0 | H27: =F27-G27 -> 0 | J27: 0 | K27: 0 | L27: =J27-K27 -> 0
C28: 419 | D28: Машиналарды, жабдықтарды, құралдарды, өндірістік және шаруашылық мүкәммалдарды сатып алу | E28: =ЦА!E28+'СВОД терр'!E28 -> 0 | F28: 0 | G28: 0 | H28: =F28-G28 -> 0 | J28: 0 | K28: =ЦА!L28+'СВОД терр'!L28 -> 0 | L28: =J28-K28 -> 0
C29: 421 | D29: Капитальный ремонт помещений, зданий, сооружений, передаточных устройств | E29: 0 | F29: 0 | G29: 0 | H29: =F29-G29 -> 0 | J29: 0 | K29: 0 | L29: =J29-K29 -> 0
B30: 123 | D30: Текущие административные расходы | E30: =SUM(E31:E50) -> 1208163.1 | F30: =SUM(F31:F50) -> 696599.1 | G30: =SUM(G31:G50) -> 694571.2 | H30: =SUM(H31:H50) -> 2027.904 | I30: =G30/F30*100 -> 99.708885 | J30: =SUM(J31:J50) -> 693951.1 | K30: =SUM(K31:K50) -> 691072.38 | L30: =SUM(L31:L50) -> 2878.718 | M30: =K30/J30*100 -> 99.58517
C31: 111 | D31: Оплата труда | E31: 694694 | F31: 319694 | G31: 319694 | H31: =F31-G31 -> 0 | I31: =G31/F31*100 -> 100 | J31: 319694 | K31: 319694 | L31: =J31-K31 -> 0 | M31: =K31/J31*100 -> 100
C32: 112 | D32: Дополнительные денежные выплаты | E32: 165477.8 | F32: 165477.8 | G32: 165477.8 | H32: =F32-G32 -> 0 | I32: =G32/F32*100 -> 100 | J32: 165477.8 | K32: 165477.8 | L32: =J32-K32 -> 0 | M32: =K32/J32*100 -> 100
C33: 113 | D33: Компенсационные выплаты | E33: 124950 | F33: 73065 | G33: 72935.658 | H33: =F33-G33 -> 129.342 | I33: =G33/F33*100 -> 99.822977 | J33: 73065 | K33: 72935.658 | L33: =J33-K33 -> 129.342 | M33: =K33/J33*100 -> 99.822977
C34: 116 | D34: Обязательные пенсионные взносы работодателя | E34: 18766.1 | F34: 10504.1 | G34: 10504.1 | H34: =F34-G34 -> 0 | I34: =G34/F34*100 -> 100 | J34: 10504.1 | K34: 10504.1 | L34: =J34-K34 -> 0 | M34: =K34/J34*100 -> 100
C35: 121 | D35: Социальный налог | E35: 48455.6 | F35: 28569.6 | G35: 28569.6 | H35: =F35-G35 -> 0 | I35: =G35/F35*100 -> 100 | J35: 28569.6 | K35: 28569.6 | L35: =J35-K35 -> 0 | M35: =K35/J35*100 -> 100
C36: 122 | D36: Социальные отчисления в ГФСС | E36: 36838 | F36: 19972 | G36: 19972 | H36: =F36-G36 -> 0 | I36: =G36/F36*100 -> 100 | J36: 19972 | K36: 19972 | L36: =J36-K36 -> 0 | M36: =K36/J36*100 -> 100
C37: 123 | D37: Взносы на обязательное страхование | E37: 589 | F37: 589 | G37: 500.521 | H37: =F37-G37 -> 88.479 | I37: =G37/F37*100 -> 84.978098 | J37: 488 | K37: 347.087 | L37: =J37-K37 -> 140.913 | M37: =K37/J37*100 -> 71.124385
C38: 124 | D38: Отчисления на обязательное социальное медицинское страхование | E38: 23534 | F38: 12284 | G38: 11957.8 | H38: =F38-G38 -> 326.2 | I38: =G38/F38*100 -> 97.344513 | J38: 12284 | K38: 11957.8 | L38: =J38-K38 -> 326.2 | M38: =K38/J38*100 -> 97.344513
C39: 142 | D39: Приобретение лекарственных средств и прочих медицинского назначения | E39: 375 | F39: 0 | G39: 0 | H39: =F39-G39 -> 0 | I39: 0 | J39: 0 | K39: 0 | L39: =J39-K39 -> 0 | M39: 0
C40: 144 | D40: Приобретение топлива, горюче-смазочных материалов | E40: 16467 | F40: 181 | G40: 180.96 | H40: =F40-G40 -> 0.04 | I40: =G40/F40*100 -> 99.977901 | J40: 181 | K40: 180.96 | L40: =J40-K40 -> 0.04 | M40: =K40/J40*100 -> 99.977901
C41: 149 | D41: Приобретение прочих запасов | E41: 15014.5 | F41: 12267.5 | G41: 12231.5 | H41: =F41-G41 -> 36 | I41: =G41/F41*100 -> 99.706542 | J41: 12267.5 | K41: 11937.902 | L41: =J41-K41 -> 329.598 | M41: =K41/J41*100 -> 97.313242
C42: 151 | D42: Оплата коммунальных услуг | E42: 41822 | F42: 40372 | G42: 40372 | H42: =F42-G42 -> 0 | I42: =G42/F42*100 -> 100 | J42: 40372 | K42: 40372 | L42: =J42-K42 -> 0 | M42: =K42/J42*100 -> 100
C43: 152 | D43: Оплата услуг связи | E43: 1800 | F43: 1500 | G43: 1499.6 | H43: =F43-G43 -> 0.4 | I43: =G43/F43*100 -> 99.973333 | J43: 610 | K43: 610 | L43: =J43-K43 -> 0 | M43: =K43/J43*100 -> 100
C44: 153 | D44: Оплата транспортных услуг | E44: 0 | F44: 0 | G44: 0 | H44: =F44-G44 -> 0 | I44: =G44/F44*100 -> #DIV/0! | J44: 0 | K44: 0 | L44: =J44-K44 -> 0 | M44: =K44/J44*100 -> #DIV/0!
C45: 154 | D45: Оплата аренды за помещение | E45: 0 | F45: 0 | G45: 0 | H45: =F45-G45 -> 0 | I45: =G45/F45*100 -> #DIV/0! | J45: 0 | K45: 0 | L45: =J45-K45 -> 0 | M45: =K45/J45*100 -> #DIV/0!
C46: 159 | D46: Оплата прочих услуг и работ | E46: 7492 | F46: 5227 | G46: 3779.626 | H46: =F46-G46 -> 1447.374 | I46: =G46/F46*100 -> 72.309661 | J46: 3570 | K46: 1617.444 | L46: =J46-K46 -> 1952.556 | M46: =K46/J46*100 -> 45.306555
C47: 161 | D47: Командировки и служебные разъездв внутри страны | E47: 11150 | F47: 6547 | G47: 6547 | H47: =F47-G47 -> 0 | I47: =G47/F47*100 -> 100 | J47: 6547 | K47: 6547 | L47: =J47-K47 -> 0 | M47: =K47/J47*100 -> 100
C48: 165 | D48: Исполнение исполнительных документов, судебных актов | E48: 20.1 | F48: 20.1 | G48: 20.031 | H48: =F48-G48 -> 0.069 | I48: =G48/F48*100 -> 99.656716 | J48: 20.1 | K48: 20.031 | L48: =J48-K48 -> 0.069 | M48: =K48/J48*100 -> 99.656716
C49: 168 | D49: Штрафы, неустойка и другие платежи | E49: 655 | F49: 329 | G49: 329 | H49: =F49-G49 -> 0 | I49: =G49/F49*100 -> 100 | J49: 329 | K49: 329 | L49: =J49-K49 -> 0 | M49: =K49/J49*100 -> 100
C50: 169 | D50: Прочие текущие затраты | E50: 63 | F50: 0 | G50: 0 | H50: =F50-G50 -> 0 | I50: 0 | J50: 0 | K50: 0 | L50: =J50-K50 -> 0 | M50: 0
A51: 70 | D51: Охрана общественного здоровья | E51: =E52 -> 1409764 | F51: =F52 -> 1409764 | G51: =G52 -> 1409763.5 | H51: =H52 -> 0.536 | I51: =G51/F51*100 -> 99.999962 | J51: =J52 -> 588252 | K51: =K52 -> 559048.9 | L51: =L52 -> 29203.099 | M51: =K51/J51*100 -> 95.035614
B52: 100 | D52: Обеспечение санитарно-эпидемиологического благополучия населения | E52: =E53+E54 -> 1409764 | F52: =F53+F54 -> 1409764 | G52: =G53+G54 -> 1409763.5 | H52: =H53+H54 -> 0.536 | I52: =G52/F52*100 -> 99.999962 | J52: =J53+J54 -> 588252 | K52: =K53+K54 -> 559048.9 | L52: =L53+L54 -> 29203.099 | M52: =K52/J52*100 -> 95.035614
C53: 159 | D53: Оплата прочих услуг и работ | E53: 1409764 | F53: 1409764 | G53: 1409763.5 | H53: =F53-G53 -> 0.536 | I53: =G53/F53*100 -> 99.999962 | J53: 588252 | K53: 559048.9 | L53: =J53-K53 -> 29203.099 | M53: =K53/J53*100 -> 95.035614
C54: 161 | D54: Командировки и служебные разъезды внутри страны | E54: 0 | F54: 0 | G54: 0 | H54: =F54-G54 -> 0 | I54: =G54/F54*100 -> #DIV/0! | J54: 0 | K54: 0 | L54: =J54-K54 -> 0 | M54: =K54/J54*100 -> #DIV/0!
B55: 112 | D55: Капитальные расходы государственных организаций здравоохранения, осуществляющих деятельность в области санитарно-эпидемиологического благополучия населения | E55: =E56+E57 -> 0 | F55: =ЦА!F57+'СВОД терр'!F57 -> 0 | G55: =ЦА!G57+'СВОД терр'!G57 -> 0 | H55: =ЦА!H57+'СВОД терр'!H57 -> 0 | I55: =G55/F55*100 -> #DIV/0! | J55: =J56+J57 -> 0 | K55: =K56+K57 -> 0 | L55: =L56+L57 -> 0 | M55: =K55/J55*100 -> #DIV/0!
C56: 418 | D56: Материально-техническое оснащение государственных предприятий | E56: 0 | F56: 0 | G56: 0 | H56: =F56-G56 -> 0 | I56: =G56/F56*100 -> #DIV/0! | J56: 0 | K56: 0 | L56: =J56-K56 -> 0 | M56: =K56/J56*100 -> #DIV/0!
C57: 423 | D57: Капитальный ремонт помещений, зданий, сооружений, передаточных устройств | E57: 0 | F57: 0 | G57: 0 | H57: =F57-G57 -> 0 | I57: =ЦА!I59 -> 0 | J57: 0 | K57: 0 | L57: =J57-K57 -> 0 | M57: =ЦА!N59 -> 0
A58: 138 | B58: 0 | D58: Обеспечение повышения квалификации государственных служащих | E58: =E59 -> 4010 | F58: =F59 -> 4010 | G58: =G59 -> 4010 | H58: =H59 -> 0 | I58: =G58/F58*100 -> 100 | J58: =J59 -> 2005 | K58: =K59 -> 1042.6 | L58: =L59 -> 962.4 | M58: =K58/J58*100 -> 52
C59: 159 | D59: Оплата прочих услуг и работ | E59: 4010 | F59: 4010 | G59: 4010 | H59: =F59-G59 -> 0 | I59: =G59/F59*100 -> 100 | J59: 2005 | K59: 1042.6 | L59: =J59-K59 -> 962.4 | M59: =K59/J59*100 -> 52

Sheet СВОД терр
A1: Информация по исполнению бюджетных средств ЦА и по территориальным подразделениям Комитета санитарно-эпидемиологического контроля МЗ РК
A2: по состоянию на 30 апреля 2023 года
A4: Программа | B4: П/программа | C4: Специфика | D4: Наименование | E4: Сводный план финансирования на 2023 год
F5: По обязательствам | K5: По платежам
F6: План сначала года | G6: Принятые обязательства | H6: Отклонение | I6: % исполнения | J6: Примечание (обоснование причин неисполнения плана) | K6: План сначала года | L6: Оплаченные обязательства | M6: Отклонение | N6: % исполнения | O6: Примечание (обоснование причин неисполнения плана)
A7: 1 | B7: 2 | C7: 3 | D7: 4 | E7: 5 | F7: 6 | G7: 7 | H7: 8 | I7: 9 | J7: 10 | K7: 11 | L7: 12 | M7: 13 | N7: 14 | O7: 15
D8: ВСЕГО по КСЭК МЗ РК: | E8: =IFERROR(__xludf.DUMMYFUNCTION("IMPORTRANGE(""https://docs.google.com/spreadsheets/d/1PsUKG3ee57b5sx42omjfZd9CYxuRONokMWtiORmUc0s/edit#gid=1568135178"",""СВОД!E8:Y85"")"),42218709.7999999) -> 42218710 | F8: =IFERROR(__xludf.DUMMYFUNCTION("""COMPUTED_VALUE"""),31381834.7999999) -> 31381835 | G8: =IFERROR(__xludf.DUMMYFUNCTION("""COMPUTED_VALUE"""),31145743.28498) -> 31145743 | H8: =IFERROR(__xludf.DUMMYFUNCTION("""COMPUTED_VALUE"""),236091.51501999) -> 236091.52 | I8: =IFERROR(__xludf.DUMMYFUNCTION("""COMPUTED_VALUE"""),99.2476809704575) -> 99.247681 | K8: =IFERROR(__xludf.DUMMYFUNCTION("""COMPUTED_VALUE"""),20273207.5969999) -> 20273208 | L8: =IFERROR(__xludf.DUMMYFUNCTION("""COMPUTED_VALUE"""),20267400.5790399) -> 20267401 | M8: =IFERROR(__xludf.DUMMYFUNCTION("""COMPUTED_VALUE"""),5807.01796000078) -> 5807.018 | N8: =IFERROR(__xludf.DUMMYFUNCTION("""COMPUTED_VALUE"""),99.9713561954504) -> 99.971356 | Q8: =IFERROR(__xludf.DUMMYFUNCTION("""COMPUTED_VALUE"""),21951309.2209599) -> 21951309
A9: 1 | D9: Формирование государственной политики в области здравоохранения | E9: =IFERROR(__xludf.DUMMYFUNCTION("""COMPUTED_VALUE"""),23836014) -> 23836014 | F9: =IFERROR(__xludf.DUMMYFUNCTION("""COMPUTED_VALUE"""),13017205.5999999) -> 13017206 | G9: =IFERROR(__xludf.DUMMYFUNCTION("""COMPUTED_VALUE"""),12784827.55672) -> 12784828 | H9: =IFERROR(__xludf.DUMMYFUNCTION("""COMPUTED_VALUE"""),232378.043279998) -> 232378.04 | I9: =IFERROR(__xludf.DUMMYFUNCTION("""COMPUTED_VALUE"""),98.2148392641198) -> 98.214839 | K9: =IFERROR(__xludf.DUMMYFUNCTION("""COMPUTED_VALUE"""),12399136.3969999) -> 12399136 | L9: =IFERROR(__xludf.DUMMYFUNCTION("""COMPUTED_VALUE"""),12393332.5575899) -> 12393333 | M9: =IFERROR(__xludf.DUMMYFUNCTION("""COMPUTED_VALUE"""),5803.83940999954) -> 5803.8394 | N9: =IFERROR(__xludf.DUMMYFUNCTION("""COMPUTED_VALUE"""),99.9531915834767) -> 99.953192 | Q9: =IFERROR(__xludf.DUMMYFUNCTION("""COMPUTED_VALUE"""),11442681.44241) -> 11442681
B10: 100 | D10: Обеспечение деятельности уполномоченного органа в области здравоохранения | E10: =IFERROR(__xludf.DUMMYFUNCTION("""COMPUTED_VALUE"""),2747413.79999999) -> 2747413.8 | F10: =IFERROR(__xludf.DUMMYFUNCTION("""COMPUTED_VALUE"""),1454913.5) -> 1454913.5 | G10: =IFERROR(__xludf.DUMMYFUNCTION("""COMPUTED_VALUE"""),1453577.66569) -> 1453577.7 | H10: =IFERROR(__xludf.DUMMYFUNCTION("""COMPUTED_VALUE"""),1335.83431000006) -> 1335.8343 | I10: =IFERROR(__xludf.DUMMYFUNCTION("""COMPUTED_VALUE"""),99.908184623347) -> 99.908185 | K10: =IFERROR(__xludf.DUMMYFUNCTION("""COMPUTED_VALUE"""),1452406.5) -> 1452406.5 | L10: =IFERROR(__xludf.DUMMYFUNCTION("""COMPUTED_VALUE"""),1452145.26669) -> 1452145.3 | M10: =IFERROR(__xludf.DUMMYFUNCTION("""COMPUTED_VALUE"""),261.233310000039) -> 261.23331 | N10: =IFERROR(__xludf.DUMMYFUNCTION("""COMPUTED_VALUE"""),99.9820137606104) -> 99.982014 | Q10: =IFERROR(__xludf.DUMMYFUNCTION("""COMPUTED_VALUE"""),1295268.53330999) -> 1295268.5
C11: 131 | D11: Оплата труда технического персонала: | E11: =IFERROR(__xludf.DUMMYFUNCTION("""COMPUTED_VALUE"""),2401063.19999999) -> 2401063.2 | F11: =IFERROR(__xludf.DUMMYFUNCTION("""COMPUTED_VALUE"""),1292028.2) -> 1292028.2 | G11: =IFERROR(__xludf.DUMMYFUNCTION("""COMPUTED_VALUE"""),1291946.71467) -> 1291946.7 | H11: =IFERROR(__xludf.DUMMYFUNCTION("""COMPUTED_VALUE"""),81.485330000054) -> 81.48533 | I11: =IFERROR(__xludf.DUMMYFUNCTION("""COMPUTED_VALUE"""),99.9936932235689) -> 99.993693 | K11: =IFERROR(__xludf.DUMMYFUNCTION("""COMPUTED_VALUE"""),1292028.2) -> 1292028.2 | L11: =IFERROR(__xludf.DUMMYFUNCTION("""COMPUTED_VALUE"""),1291946.71467) -> 1291946.7 | M11: =IFERROR(__xludf.DUMMYFUNCTION("""COMPUTED_VALUE"""),81.485330000054) -> 81.48533 | N11: =IFERROR(__xludf.DUMMYFUNCTION("""COMPUTED_VALUE"""),99.9936932235689) -> 99.993693 | Q11: =IFERROR(__xludf.DUMMYFUNCTION("""COMPUTED_VALUE"""),1109116.48532999) -> 1109116.5
C12: 135 | D12: Взносы работодателей по техническому персоналу | E12: =IFERROR(__xludf.DUMMYFUNCTION("""COMPUTED_VALUE"""),303994.8) -> 303994.8 | F12: =IFERROR(__xludf.DUMMYFUNCTION("""COMPUTED_VALUE"""),140834.9) -> 140834.9 | G12: =IFERROR(__xludf.DUMMYFUNCTION("""COMPUTED_VALUE"""),140789.83037) -> 140789.83 | H12: =IFERROR(__xludf.DUMMYFUNCTION("""COMPUTED_VALUE"""),45.0696300000126) -> 45.06963 | I12: =IFERROR(__xludf.DUMMYFUNCTION("""COMPUTED_VALUE"""),99.9679982518537) -> 99.967998 | K12: =IFERROR(__xludf.DUMMYFUNCTION("""COMPUTED_VALUE"""),140834.9) -> 140834.9 | L12: =IFERROR(__xludf.DUMMYFUNCTION("""COMPUTED_VALUE"""),140789.83037) -> 140789.83 | M12: =IFERROR(__xludf.DUMMYFUNCTION("""COMPUTED_VALUE"""),45.0696300000126) -> 45.06963 | N12: =IFERROR(__xludf.DUMMYFUNCTION("""COMPUTED_VALUE"""),99.9679982518537) -> 99.967998 | Q12: =IFERROR(__xludf.DUMMYFUNCTION("""COMPUTED_VALUE"""),163204.969629999) -> 163204.97
C13: 136 | D13: Командировки и служебные разъезды внутри страны технического персонала | E13: =IFERROR(__xludf.DUMMYFUNCTION("""COMPUTED_VALUE"""),14633.8) -> 14633.8 | F13: =IFERROR(__xludf.DUMMYFUNCTION("""COMPUTED_VALUE"""),14533.8) -> 14533.8 | G13: =IFERROR(__xludf.DUMMYFUNCTION("""COMPUTED_VALUE"""),14435.0569999999) -> 14435.057 | H13: =IFERROR(__xludf.DUMMYFUNCTION("""COMPUTED_VALUE"""),98.7430000000004) -> 98.743 | I13: =IFERROR(__xludf.DUMMYFUNCTION("""COMPUTED_VALUE"""),99.3205975037498) -> 99.320598 | K13: =IFERROR(__xludf.DUMMYFUNCTION("""COMPUTED_VALUE"""),14533.8) -> 14533.8 | L13: =IFERROR(__xludf.DUMMYFUNCTION("""COMPUTED_VALUE"""),14435.0569999999) -> 14435.057 | M13: =IFERROR(__xludf.DUMMYFUNCTION("""COMPUTED_VALUE"""),98.7430000000004) -> 98.743 | N13: =IFERROR(__xludf.DUMMYFUNCTION("""COMPUTED_VALUE"""),99.3205975037498) -> 99.320598 | Q13: =IFERROR(__xludf.DUMMYFUNCTION("""COMPUTED_VALUE"""),198.743) -> 198.743
C14: 157 | D14: Оплата услуг на проведение форумов, семинаров | E14: =IFERROR(__xludf.DUMMYFUNCTION("""COMPUTED_VALUE"""),0) -> 0 | F14: =IFERROR(__xludf.DUMMYFUNCTION("""COMPUTED_VALUE"""),0) -> 0 | G14: =IFERROR(__xludf.DUMMYFUNCTION("""COMPUTED_VALUE"""),0) -> 0 | H14: =IFERROR(__xludf.DUMMYFUNCTION("""COMPUTED_VALUE"""),0) -> 0 | I14: =IFERROR(__xludf.DUMMYFUNCTION("""COMPUTED_VALUE"""),"#DIV/0!") -> #DIV/0! | K14: =IFERROR(__xludf.DUMMYFUNCTION("""COMPUTED_VALUE"""),0) -> 0 | L14: =IFERROR(__xludf.DUMMYFUNCTION("""COMPUTED_VALUE"""),0) -> 0 | M14: =IFERROR(__xludf.DUMMYFUNCTION("""COMPUTED_VALUE"""),0) -> 0 | N14: =IFERROR(__xludf.DUMMYFUNCTION("""COMPUTED_VALUE"""),"#DIV/0!") -> #DIV/0! | Q14: =IFERROR(__xludf.DUMMYFUNCTION("""COMPUTED_VALUE"""),0) -> 0
C15: 159 | D15: Прочие услуги и работы | E15: =IFERROR(__xludf.DUMMYFUNCTION("""COMPUTED_VALUE"""),26899.7) -> 26899.7 | F15: =IFERROR(__xludf.DUMMYFUNCTION("""COMPUTED_VALUE"""),6694.29999999999) -> 6694.3 | G15: =IFERROR(__xludf.DUMMYFUNCTION("""COMPUTED_VALUE"""),5591.73093999999) -> 5591.7309 | H15: =IFERROR(__xludf.DUMMYFUNCTION("""COMPUTED_VALUE"""),1102.56905999999) -> 1102.5691 | I15: =IFERROR(__xludf.DUMMYFUNCTION("""COMPUTED_VALUE"""),83.5297333552425) -> 83.529733 | K15: =IFERROR(__xludf.DUMMYFUNCTION("""COMPUTED_VALUE"""),4187.29999999999) -> 4187.3 | L15: =IFERROR(__xludf.DUMMYFUNCTION("""COMPUTED_VALUE"""),4159.33194) -> 4159.3319 | M15: =IFERROR(__xludf.DUMMYFUNCTION("""COMPUTED_VALUE"""),27.9680599999983) -> 27.96806 | N15: =IFERROR(__xludf.DUMMYFUNCTION("""COMPUTED_VALUE"""),99.3320741289136) -> 99.332074 | Q15: =IFERROR(__xludf.DUMMYFUNCTION("""COMPUTED_VALUE"""),22740.36806) -> 22740.368
C16: 169 | D16: Прочие текущие затраты | E16: =IFERROR(__xludf.DUMMYFUNCTION("""COMPUTED_VALUE"""),517.3) -> 517.3 | F16: =IFERROR(__xludf.DUMMYFUNCTION("""COMPUTED_VALUE"""),517.3) -> 517.3 | G16: =IFERROR(__xludf.DUMMYFUNCTION("""COMPUTED_VALUE"""),510.00271) -> 510.00271 | H16: =IFERROR(__xludf.DUMMYFUNCTION("""COMPUTED_VALUE"""),7.29728999999997) -> 7.29729 | I16: =IFERROR(__xludf.DUMMYFUNCTION("""COMPUTED_VALUE"""),98.589350473613) -> 98.58935 | K16: =IFERROR(__xludf.DUMMYFUNCTION("""COMPUTED_VALUE"""),517.3) -> 517.3 | L16: =IFERROR(__xludf.DUMMYFUNCTION("""COMPUTED_VALUE"""),510.00271) -> 510.00271 | M16: =IFERROR(__xludf.DUMMYFUNCTION("""COMPUTED_VALUE"""),7.29728999999997) -> 7.29729 | N16: =IFERROR(__xludf.DUMMYFUNCTION("""COMPUTED_VALUE"""),98.589350473613) -> 98.58935 | Q16: =IFERROR(__xludf.DUMMYFUNCTION("""COMPUTED_VALUE"""),7.29728999999997) -> 7.29729
C17: 322 | D17: Трансферты физическим лицам | E17: =IFERROR(__xludf.DUMMYFUNCTION("""COMPUTED_VALUE"""),305) -> 305 | F17: =IFERROR(__xludf.DUMMYFUNCTION("""COMPUTED_VALUE"""),305) -> 305 | G17: =IFERROR(__xludf.DUMMYFUNCTION("""COMPUTED_VALUE"""),304.33) -> 304.33 | H17: =IFERROR(__xludf.DUMMYFUNCTION("""COMPUTED_VALUE"""),0.670000000000015) -> 0.67 | I17: =IFERROR(__xludf.DUMMYFUNCTION("""COMPUTED_VALUE"""),99.7803278688524) -> 99.780328 | K17: =IFERROR(__xludf.DUMMYFUNCTION("""COMPUTED_VALUE"""),305) -> 305 | L17: =IFERROR(__xludf.DUMMYFUNCTION("""COMPUTED_VALUE"""),304.33) -> 304.33 | M17: =IFERROR(__xludf.DUMMYFUNCTION("""COMPUTED_VALUE"""),0.670000000000015) -> 0.67 | N17: =IFERROR(__xludf.DUMMYFUNCTION("""COMPUTED_VALUE"""),99.7803278688524) -> 99.780328 | Q17: =IFERROR(__xludf.DUMMYFUNCTION("""COMPUTED_VALUE"""),0.670000000000015) -> 0.67
C18: 414 | D18: Приобретение машин, оборудования, инструментов, производственного и хозяйственного инвентаря | E18: =IFERROR(__xludf.DUMMYFUNCTION("""COMPUTED_VALUE"""),0) -> 0 | F18: =IFERROR(__xludf.DUMMYFUNCTION("""COMPUTED_VALUE"""),0) -> 0 | G18: =IFERROR(__xludf.DUMMYFUNCTION("""COMPUTED_VALUE"""),0) -> 0 | H18: =IFERROR(__xludf.DUMMYFUNCTION("""COMPUTED_VALUE"""),0) -> 0 | I18: =IFERROR(__xludf.DUMMYFUNCTION("""COMPUTED_VALUE"""),"#DIV/0!") -> #DIV/0! | K18: =IFERROR(__xludf.DUMMYFUNCTION("""COMPUTED_VALUE"""),0) -> 0 | L18: =IFERROR(__xludf.DUMMYFUNCTION("""COMPUTED_VALUE"""),0) -> 0 | M18: =IFERROR(__xludf.DUMMYFUNCTION("""COMPUTED_VALUE"""),0) -> 0 | N18: =IFERROR(__xludf.DUMMYFUNCTION("""COMPUTED_VALUE"""),"#DIV/0!") -> #DIV/0! | Q18: =IFERROR(__xludf.DUMMYFUNCTION("""COMPUTED_VALUE"""),0) -> 0
B19: 104 | D19: Обеспечение функционирования информационных систем и информационно-техническое обеспечение государственного органа | E19: =IFERROR(__xludf.DUMMYFUNCTION("""COMPUTED_VALUE"""),0) -> 0 | F19: =IFERROR(__xludf.DUMMYFUNCTION("""COMPUTED_VALUE"""),0) -> 0 | G19: =IFERROR(__xludf.DUMMYFUNCTION("""COMPUTED_VALUE"""),0) -> 0 | H19: =IFERROR(__xludf.DUMMYFUNCTION("""COMPUTED_VALUE"""),0) -> 0 | I19: =IFERROR(__xludf.DUMMYFUNCTION("""COMPUTED_VALUE"""),"#DIV/0!") -> #DIV/0! | K19: =IFERROR(__xludf.DUMMYFUNCTION("""COMPUTED_VALUE"""),0) -> 0 | L19: =IFERROR(__xludf.DUMMYFUNCTION("""COMPUTED_VALUE"""),0) -> 0 | M19: =IFERROR(__xludf.DUMMYFUNCTION("""COMPUTED_VALUE"""),0) -> 0 | N19: =IFERROR(__xludf.DUMMYFUNCTION("""COMPUTED_VALUE"""),"#DIV/0!") -> #DIV/0! | Q19: =IFERROR(__xludf.DUMMYFUNCTION("""COMPUTED_VALUE"""),0) -> 0
C20: 149 | D20: Приобретение прочих запасов | E20: =IFERROR(__xludf.DUMMYFUNCTION("""COMPUTED_VALUE"""),0) -> 0 | F20: =IFERROR(__xludf.DUMMYFUNCTION("""COMPUTED_VALUE"""),0) -> 0 | G20: =IFERROR(__xludf.DUMMYFUNCTION("""COMPUTED_VALUE"""),0) -> 0 | H20: =IFERROR(__xludf.DUMMYFUNCTION("""COMPUTED_VALUE"""),0) -> 0 | I20: =IFERROR(__xludf.DUMMYFUNCTION("""COMPUTED_VALUE"""),"#DIV/0!") -> #DIV/0! | K20: =IFERROR(__xludf.DUMMYFUNCTION("""COMPUTED_VALUE"""),0) -> 0 | L20: =IFERROR(__xludf.DUMMYFUNCTION("""COMPUTED_VALUE"""),0) -> 0 | M20: =IFERROR(__xludf.DUMMYFUNCTION("""COMPUTED_VALUE"""),0) -> 0 | N20: =IFERROR(__xludf.DUMMYFUNCTION("""COMPUTED_VALUE"""),"#DIV/0!") -> #DIV/0! | Q20: =IFERROR(__xludf.DUMMYFUNCTION("""COMPUTED_VALUE"""),0) -> 0
C21: 152 | D21: Оплата услуг связи | E21: =IFERROR(__xludf.DUMMYFUNCTION("""COMPUTED_VALUE"""),0) -> 0 | F21: =IFERROR(__xludf.DUMMYFUNCTION("""COMPUTED_VALUE"""),0) -> 0 | G21: =IFERROR(__xludf.DUMMYFUNCTION("""COMPUTED_VALUE"""),0) -> 0 | H21: =IFERROR(__xludf.DUMMYFUNCTION("""COMPUTED_VALUE"""),0) -> 0 | I21: =IFERROR(__xludf.DUMMYFUNCTION("""COMPUTED_VALUE"""),"#DIV/0!") -> #DIV/0! | K21: =IFERROR(__xludf.DUMMYFUNCTION("""COMPUTED_VALUE"""),0) -> 0 | L21: =IFERROR(__xludf.DUMMYFUNCTION("""COMPUTED_VALUE"""),0) -> 0 | M21: =IFERROR(__xludf.DUMMYFUNCTION("""COMPUTED_VALUE"""),0) -> 0 | N21: =IFERROR(__xludf.DUMMYFUNCTION("""COMPUTED_VALUE"""),"#DIV/0!") -> #DIV/0! | Q21: =IFERROR(__xludf.DUMMYFUNCTION("""COMPUTED_VALUE"""),0) -> 0
C22: 159 | D22: Оплата прочих услуг и работ | E22: =IFERROR(__xludf.DUMMYFUNCTION("""COMPUTED_VALUE"""),0) -> 0 | F22: =IFERROR(__xludf.DUMMYFUNCTION("""COMPUTED_VALUE"""),0) -> 0 | G22: =IFERROR(__xludf.DUMMYFUNCTION("""COMPUTED_VALUE"""),0) -> 0 | H22: =IFERROR(__xludf.DUMMYFUNCTION("""COMPUTED_VALUE"""),0) -> 0 | I22: =IFERROR(__xludf.DUMMYFUNCTION("""COMPUTED_VALUE"""),"#DIV/0!") -> #DIV/0! | K22: =IFERROR(__xludf.DUMMYFUNCTION("""COMPUTED_VALUE"""),0) -> 0 | L22: =IFERROR(__xludf.DUMMYFUNCTION("""COMPUTED_VALUE"""),0) -> 0 | M22: =IFERROR(__xludf.DUMMYFUNCTION("""COMPUTED_VALUE"""),0) -> 0 | N22: =IFERROR(__xludf.DUMMYFUNCTION("""COMPUTED_VALUE"""),"#DIV/0!") -> #DIV/0! | Q22: =IFERROR(__xludf.DUMMYFUNCTION("""COMPUTED_VALUE"""),0) -> 0
B23: 111 | D23: Капитальные расходы Министерства здравоохранения Республики Казахстан | E23: =IFERROR(__xludf.DUMMYFUNCTION("""COMPUTED_VALUE"""),131077.199999999) -> 131077.2 | F23: =IFERROR(__xludf.DUMMYFUNCTION("""COMPUTED_VALUE"""),107114.4) -> 107114.4 | G23: =IFERROR(__xludf.DUMMYFUNCTION("""COMPUTED_VALUE"""),28303.1613) -> 28303.161 | H23: =IFERROR(__xludf.DUMMYFUNCTION("""COMPUTED_VALUE"""),78811.2387) -> 78811.239 | I23: =IFERROR(__xludf.DUMMYFUNCTION("""COMPUTED_VALUE"""),26.423301908987) -> 26.423302 | K23: =IFERROR(__xludf.DUMMYFUNCTION("""COMPUTED_VALUE"""),25773.1) -> 25773.1 | L23: =IFERROR(__xludf.DUMMYFUNCTION("""COMPUTED_VALUE"""),23003.4636699999) -> 23003.464 | M23: =IFERROR(__xludf.DUMMYFUNCTION("""COMPUTED_VALUE"""),2769.63633) -> 2769.6363 | N23: =IFERROR(__xludf.DUMMYFUNCTION("""COMPUTED_VALUE"""),89.2537710636283) -> 89.253771 | Q23: =IFERROR(__xludf.DUMMYFUNCTION("""COMPUTED_VALUE"""),108073.736329999) -> 108073.74
C24: 412 | D24: Приобретение помещений, зданий, сооружений, передаточных устройств | E24: =IFERROR(__xludf.DUMMYFUNCTION("""COMPUTED_VALUE"""),0) -> 0 | F24: =IFERROR(__xludf.DUMMYFUNCTION("""COMPUTED_VALUE"""),0) -> 0 | G24: =IFERROR(__xludf.DUMMYFUNCTION("""COMPUTED_VALUE"""),0) -> 0 | H24: =IFERROR(__xludf.DUMMYFUNCTION("""COMPUTED_VALUE"""),0) -> 0 | I24: =IFERROR(__xludf.DUMMYFUNCTION("""COMPUTED_VALUE"""),"#DIV/0!") -> #DIV/0! | K24: =IFERROR(__xludf.DUMMYFUNCTION("""COMPUTED_VALUE"""),0) -> 0 | L24: =IFERROR(__xludf.DUMMYFUNCTION("""COMPUTED_VALUE"""),0) -> 0 | M24: =IFERROR(__xludf.DUMMYFUNCTION("""COMPUTED_VALUE"""),0) -> 0 | N24: =IFERROR(__xludf.DUMMYFUNCTION("""COMPUTED_VALUE"""),"#DIV/0!") -> #DIV/0! | Q24: =IFERROR(__xludf.DUMMYFUNCTION("""COMPUTED_VALUE"""),0) -> 0
C25: 413 | D25: Приобретение транспортных средств | E25: =IFERROR(__xludf.DUMMYFUNCTION("""COMPUTED_VALUE"""),0) -> 0 | F25: =IFERROR(__xludf.DUMMYFUNCTION("""COMPUTED_VALUE"""),0) -> 0 | G25: =IFERROR(__xludf.DUMMYFUNCTION("""COMPUTED_VALUE"""),0) -> 0 | H25: =IFERROR(__xludf.DUMMYFUNCTION("""COMPUTED_VALUE"""),0) -> 0 | I25: =IFERROR(__xludf.DUMMYFUNCTION("""COMPUTED_VALUE"""),"#DIV/0!") -> #DIV/0! | K25: =IFERROR(__xludf.DUMMYFUNCTION("""COMPUTED_VALUE"""),0) -> 0 | L25: =IFERROR(__xludf.DUMMYFUNCTION("""COMPUTED_VALUE"""),0) -> 0 | M25: =IFERROR(__xludf.DUMMYFUNCTION("""COMPUTED_VALUE"""),0) -> 0 | N25: =IFERROR(__xludf.DUMMYFUNCTION("""COMPUTED_VALUE"""),"#DIV/0!") -> #DIV/0! | Q25: =IFERROR(__xludf.DUMMYFUNCTION("""COMPUTED_VALUE"""),0) -> 0
C26: 414 | D26: Приобретение машин, оборудования, инструментов, производственного и хозяйственного инвентаря | E26: =IFERROR(__xludf.DUMMYFUNCTION("""COMPUTED_VALUE"""),121988.9) -> 121988.9 | F26: =IFERROR(__xludf.DUMMYFUNCTION("""COMPUTED_VALUE"""),100723.7) -> 100723.7 | G26: =IFERROR(__xludf.DUMMYFUNCTION("""COMPUTED_VALUE"""),24505.0994) -> 24505.099 | H26: =IFERROR(__xludf.DUMMYFUNCTION("""COMPUTED_VALUE"""),76218.6006) -> 76218.601 | I26: =IFERROR(__xludf.DUMMYFUNCTION("""COMPUTED_VALUE"""),24.3290302083819) -> 24.32903 | K26: =IFERROR(__xludf.DUMMYFUNCTION("""COMPUTED_VALUE"""),24088.2) -> 24088.2 | L26: =IFERROR(__xludf.DUMMYFUNCTION("""COMPUTED_VALUE"""),21864.0454) -> 21864.045 | M26: =IFERROR(__xludf.DUMMYFUNCTION("""COMPUTED_VALUE"""),2224.1546) -> 2224.1546 | N26: =IFERROR(__xludf.DUMMYFUNCTION("""COMPUTED_VALUE"""),90.7666218314361) -> 90.766622 | Q26: =IFERROR(__xludf.DUMMYFUNCTION("""COMPUTED_VALUE"""),100124.854599999) -> 100124.85
C27: 416 | D27: Приобретение нематериальных активов | E27: =IFERROR(__xludf.DUMMYFUNCTION("""COMPUTED_VALUE"""),0) -> 0 | F27: =IFERROR(__xludf.DUMMYFUNCTION("""COMPUTED_VALUE"""),0) -> 0 | G27: =IFERROR(__xludf.DUMMYFUNCTION("""COMPUTED_VALUE"""),0) -> 0 | H27: =IFERROR(__xludf.DUMMYFUNCTION("""COMPUTED_VALUE"""),0) -> 0 | I27: =IFERROR(__xludf.DUMMYFUNCTION("""COMPUTED_VALUE"""),"#DIV/0!") -> #DIV/0! | K27: =IFERROR(__xludf.DUMMYFUNCTION("""COMPUTED_VALUE"""),0) -> 0 | L27: =IFERROR(__xludf.DUMMYFUNCTION("""COMPUTED_VALUE"""),0) -> 0 | M27: =IFERROR(__xludf.DUMMYFUNCTION("""COMPUTED_VALUE"""),0) -> 0 | N27: =IFERROR(__xludf.DUMMYFUNCTION("""COMPUTED_VALUE"""),"#DIV/0!") -> #DIV/0! | Q27: =IFERROR(__xludf.DUMMYFUNCTION("""COMPUTED_VALUE"""),0) -> 0
C28: 419 | D28: Приобретение прочих основных средств | E28: =IFERROR(__xludf.DUMMYFUNCTION("""COMPUTED_VALUE"""),0) -> 0 | F28: =IFERROR(__xludf.DUMMYFUNCTION("""COMPUTED_VALUE"""),0) -> 0 | G28: =IFERROR(__xludf.DUMMYFUNCTION("""COMPUTED_VALUE"""),0) -> 0 | H28: =IFERROR(__xludf.DUMMYFUNCTION("""COMPUTED_VALUE"""),0) -> 0 | I28: =IFERROR(__xludf.DUMMYFUNCTION("""COMPUTED_VALUE"""),"#DIV/0!") -> #DIV/0! | K28: =IFERROR(__xludf.DUMMYFUNCTION("""COMPUTED_VALUE"""),0) -> 0 | L28: =IFERROR(__xludf.DUMMYFUNCTION("""COMPUTED_VALUE"""),0) -> 0 | M28: =IFERROR(__xludf.DUMMYFUNCTION("""COMPUTED_VALUE"""),0) -> 0 | N28: =IFERROR(__xludf.DUMMYFUNCTION("""COMPUTED_VALUE"""),"#DIV/0!") -> #DIV/0! | Q28: =IFERROR(__xludf.DUMMYFUNCTION("""COMPUTED_VALUE"""),0) -> 0
C29: 421 | D29: Капитальный ремонт помещений, зданий, сооружений, передаточных устройств | E29: =IFERROR(__xludf.DUMMYFUNCTION("""COMPUTED_VALUE"""),9088.3) -> 9088.3 | F29: =IFERROR(__xludf.DUMMYFUNCTION("""COMPUTED_VALUE"""),6390.7) -> 6390.7 | G29: =IFERROR(__xludf.DUMMYFUNCTION("""COMPUTED_VALUE"""),3798.0619) -> 3798.0619 | H29: =IFERROR(__xludf.DUMMYFUNCTION("""COMPUTED_VALUE"""),2592.6381) -> 2592.6381 | I29: =IFERROR(__xludf.DUMMYFUNCTION("""COMPUTED_VALUE"""),59.431077972679) -> 59.431078 | K29: =IFERROR(__xludf.DUMMYFUNCTION("""COMPUTED_VALUE"""),1684.9) -> 1684.9 | L29: =IFERROR(__xludf.DUMMYFUNCTION("""COMPUTED_VALUE"""),1139.41827) -> 1139.4183 | M29: =IFERROR(__xludf.DUMMYFUNCTION("""COMPUTED_VALUE"""),545.48173) -> 545.48173 | N29: =IFERROR(__xludf.DUMMYFUNCTION("""COMPUTED_VALUE"""),67.6252756840168) -> 67.625276 | Q29: =IFERROR(__xludf.DUMMYFUNCTION("""COMPUTED_VALUE"""),7948.88173) -> 7948.8817
B30: 123 | D30: Текущие административные расходы | E30: =IFERROR(__xludf.DUMMYFUNCTION("""COMPUTED_VALUE"""),20957523) -> 20957523 | F30: =IFERROR(__xludf.DUMMYFUNCTION("""COMPUTED_VALUE"""),11455177.6999999) -> 11455178 | G30: =IFERROR(__xludf.DUMMYFUNCTION("""COMPUTED_VALUE"""),11302946.7297299) -> 11302947 | H30: =IFERROR(__xludf.DUMMYFUNCTION("""COMPUTED_VALUE"""),152230.970269998) -> 152230.97 | I30: =IFERROR(__xludf.DUMMYFUNCTION("""COMPUTED_VALUE"""),98.6710728174038) -> 98.671073 | K30: =IFERROR(__xludf.DUMMYFUNCTION("""COMPUTED_VALUE"""),10920956.7969999) -> 10920957 | L30: =IFERROR(__xludf.DUMMYFUNCTION("""COMPUTED_VALUE"""),10918183.8272299) -> 10918184 | M30: =IFERROR(__xludf.DUMMYFUNCTION("""COMPUTED_VALUE"""),2772.96976999938) -> 2772.9698 | N30: =IFERROR(__xludf.DUMMYFUNCTION("""COMPUTED_VALUE"""),99.9746087286897) -> 99.974609 | Q30: =IFERROR(__xludf.DUMMYFUNCTION("""COMPUTED_VALUE"""),10039339.17277) -> 10039339
C31: 111 | D31: Оплата труда | E31: =IFERROR(__xludf.DUMMYFUNCTION("""COMPUTED_VALUE"""),11591960.2) -> 11591960 | F31: =IFERROR(__xludf.DUMMYFUNCTION("""COMPUTED_VALUE"""),5256882.7) -> 5256882.7 | G31: =IFERROR(__xludf.DUMMYFUNCTION("""COMPUTED_VALUE"""),5256879.76484999) -> 5256879.8 | H31: =IFERROR(__xludf.DUMMYFUNCTION("""COMPUTED_VALUE"""),2.93515000119805) -> 2.93515 | I31: =IFERROR(__xludf.DUMMYFUNCTION("""COMPUTED_VALUE"""),99.9999441655793) -> 99.999944 | K31: =IFERROR(__xludf.DUMMYFUNCTION("""COMPUTED_VALUE"""),5256882.7) -> 5256882.7 | L31: =IFERROR(__xludf.DUMMYFUNCTION("""COMPUTED_VALUE"""),5256879.76584999) -> 5256879.8 | M31: =IFERROR(__xludf.DUMMYFUNCTION("""COMPUTED_VALUE"""),2.93415000103414) -> 2.93415 | N31: =IFERROR(__xludf.DUMMYFUNCTION("""COMPUTED_VALUE"""),99.999944184602) -> 99.999944 | Q31: =IFERROR(__xludf.DUMMYFUNCTION("""COMPUTED_VALUE"""),6335080.43415) -> 6335080.4
C32: 112 | D32: Дополнительные денежные выплаты | E32: =IFERROR(__xludf.DUMMYFUNCTION("""COMPUTED_VALUE"""),2967808.09999999) -> 2967808.1 | F32: =IFERROR(__xludf.DUMMYFUNCTION("""COMPUTED_VALUE"""),2989032.9) -> 2989032.9 | G32: =IFERROR(__xludf.DUMMYFUNCTION("""COMPUTED_VALUE"""),2988636.76571999) -> 2988636.8 | H32: =IFERROR(__xludf.DUMMYFUNCTION("""COMPUTED_VALUE"""),396.134280000347) -> 396.13428 | I32: =IFERROR(__xludf.DUMMYFUNCTION("""COMPUTED_VALUE"""),99.9867470752831) -> 99.986747 | K32: =IFERROR(__xludf.DUMMYFUNCTION("""COMPUTED_VALUE"""),2989032.9) -> 2989032.9 | L32: =IFERROR(__xludf.DUMMYFUNCTION("""COMPUTED_VALUE"""),2988636.76471999) -> 2988636.8 | M32: =IFERROR(__xludf.DUMMYFUNCTION("""COMPUTED_VALUE"""),396.135280000511) -> 396.13528 | N32: =IFERROR(__xludf.DUMMYFUNCTION("""COMPUTED_VALUE"""),99.9867470418274) -> 99.986747 | Q32: =IFERROR(__xludf.DUMMYFUNCTION("""COMPUTED_VALUE"""),-20828.6647199997) -> -20828.665
C33: 113 | D33: Компенсационные выплаты | E33: =IFERROR(__xludf.DUMMYFUNCTION("""COMPUTED_VALUE"""),2131358.9) -> 2131358.9 | F33: =IFERROR(__xludf.DUMMYFUNCTION("""COMPUTED_VALUE"""),859727.2) -> 859727.2 | G33: =IFERROR(__xludf.DUMMYFUNCTION("""COMPUTED_VALUE"""),859688.413) -> 859688.41 | H33: =IFERROR(__xludf.DUMMYFUNCTION("""COMPUTED_VALUE"""),38.7869999998947) -> 38.787 | I33: =IFERROR(__xludf.DUMMYFUNCTION("""COMPUTED_VALUE"""),99.9954884526161) -> 99.995488 | K33: =IFERROR(__xludf.DUMMYFUNCTION("""COMPUTED_VALUE"""),859727.2) -> 859727.2 | L33: =IFERROR(__xludf.DUMMYFUNCTION("""COMPUTED_VALUE"""),859688.413) -> 859688.41 | M33: =IFERROR(__xludf.DUMMYFUNCTION("""COMPUTED_VALUE"""),38.7869999998947) -> 38.787 | N33: =IFERROR(__xludf.DUMMYFUNCTION("""COMPUTED_VALUE"""),99.9954884526161) -> 99.995488 | Q33: =IFERROR(__xludf.DUMMYFUNCTION("""COMPUTED_VALUE"""),1271670.48699999) -> 1271670.5
C34: 116 | D34: Обязательные пенсионные взносы работодателя | E34: =IFERROR(__xludf.DUMMYFUNCTION("""COMPUTED_VALUE"""),0) -> 0 | F34: =IFERROR(__xludf.DUMMYFUNCTION("""COMPUTED_VALUE"""),0) -> 0 | G34: =IFERROR(__xludf.DUMMYFUNCTION("""COMPUTED_VALUE"""),0) -> 0 | H34: =IFERROR(__xludf.DUMMYFUNCTION("""COMPUTED_VALUE"""),0) -> 0 | I34: =IFERROR(__xludf.DUMMYFUNCTION("""COMPUTED_VALUE"""),"#DIV/0!") -> #DIV/0! | K34: =IFERROR(__xludf.DUMMYFUNCTION("""COMPUTED_VALUE"""),0) -> 0 | L34: =IFERROR(__xludf.DUMMYFUNCTION("""COMPUTED_VALUE"""),0) -> 0 | M34: =IFERROR(__xludf.DUMMYFUNCTION("""COMPUTED_VALUE"""),0) -> 0 | N34: =IFERROR(__xludf.DUMMYFUNCTION("""COMPUTED_VALUE"""),"#DIV/0!") -> #DIV/0!
C35: 121 | D35: Социальный налог | E35: =IFERROR(__xludf.DUMMYFUNCTION("""COMPUTED_VALUE"""),785544.2) -> 785544.2 | F35: =IFERROR(__xludf.DUMMYFUNCTION("""COMPUTED_VALUE"""),457222.2) -> 457222.2 | G35: =IFERROR(__xludf.DUMMYFUNCTION("""COMPUTED_VALUE"""),457221.87823) -> 457221.88 | H35: =IFERROR(__xludf.DUMMYFUNCTION("""COMPUTED_VALUE"""),0.32176999998046) -> 0.32177 | I35: =IFERROR(__xludf.DUMMYFUNCTION("""COMPUTED_VALUE"""),99.9999296250269) -> 99.99993 | K35: =IFERROR(__xludf.DUMMYFUNCTION("""COMPUTED_VALUE"""),457222.2) -> 457222.2 | L35: =IFERROR(__xludf.DUMMYFUNCTION("""COMPUTED_VALUE"""),457221.87723) -> 457221.88 | M35: =IFERROR(__xludf.DUMMYFUNCTION("""COMPUTED_VALUE"""),0.32276999996975) -> 0.32277 | N35: =IFERROR(__xludf.DUMMYFUNCTION("""COMPUTED_VALUE"""),99.9999294063149) -> 99.999929 | Q35: =IFERROR(__xludf.DUMMYFUNCTION("""COMPUTED_VALUE"""),328322.322769999) -> 328322.32
C36: 122 | D36: Социальные отчисления в ГФСС | E36: =IFERROR(__xludf.DUMMYFUNCTION("""COMPUTED_VALUE"""),434497.3) -> 434497.3 | F36: =IFERROR(__xludf.DUMMYFUNCTION("""COMPUTED_VALUE"""),232268.199999999) -> 232268.2 | G36: =IFERROR(__xludf.DUMMYFUNCTION("""COMPUTED_VALUE"""),231980.469999999) -> 231980.47 | H36: =IFERROR(__xludf.DUMMYFUNCTION("""COMPUTED_VALUE"""),287.73000000001) -> 287.73 | I36: =IFERROR(__xludf.DUMMYFUNCTION("""COMPUTED_VALUE"""),99.8761216559132) -> 99.876122 | K36: =IFERROR(__xludf.DUMMYFUNCTION("""COMPUTED_VALUE"""),232268.199999999) -> 232268.2 | L36: =IFERROR(__xludf.DUMMYFUNCTION("""COMPUTED_VALUE"""),231980.469999999) -> 231980.47 | M36: =IFERROR(__xludf.DUMMYFUNCTION("""COMPUTED_VALUE"""),287.73000000001) -> 287.73 | N36: =IFERROR(__xludf.DUMMYFUNCTION("""COMPUTED_VALUE"""),99.8761216559132) -> 99.876122 | Q36: =IFERROR(__xludf.DUMMYFUNCTION("""COMPUTED_VALUE"""),202516.83) -> 202516.83
C37: 123 | D37: Взносы на обязательное страхование | E37: =IFERROR(__xludf.DUMMYFUNCTION("""COMPUTED_VALUE"""),9321.1) -> 9321.1 | F37: =IFERROR(__xludf.DUMMYFUNCTION("""COMPUTED_VALUE"""),5082.5) -> 5082.5 | G37: =IFERROR(__xludf.DUMMYFUNCTION("""COMPUTED_VALUE"""),4711.7751) -> 4711.7751 | H37: =IFERROR(__xludf.DUMMYFUNCTION("""COMPUTED_VALUE"""),370.7249) -> 370.7249 | I37: =IFERROR(__xludf.DUMMYFUNCTION("""COMPUTED_VALUE"""),92.7058553861288) -> 92.705855 | K37: =IFERROR(__xludf.DUMMYFUNCTION("""COMPUTED_VALUE"""),4665.5) -> 4665.5 | L37: =IFERROR(__xludf.DUMMYFUNCTION("""COMPUTED_VALUE"""),4597.51709999999) -> 4597.5171 | M37: =IFERROR(__xludf.DUMMYFUNCTION("""COMPUTED_VALUE"""),67.9829000000008) -> 67.9829 | N37: =IFERROR(__xludf.DUMMYFUNCTION("""COMPUTED_VALUE"""),98.5428592862501) -> 98.542859 | Q37: =IFERROR(__xludf.DUMMYFUNCTION("""COMPUTED_VALUE"""),4723.5829) -> 4723.5829
C38: 124 | D38: Отчисления на обязательное социальное медицинское страхование | E38: =IFERROR(__xludf.DUMMYFUNCTION("""COMPUTED_VALUE"""),423584.3) -> 423584.3 | F38: =IFERROR(__xludf.DUMMYFUNCTION("""COMPUTED_VALUE"""),227976.5) -> 227976.5 | G38: =IFERROR(__xludf.DUMMYFUNCTION("""COMPUTED_VALUE"""),227742.713) -> 227742.71 | H38: =IFERROR(__xludf.DUMMYFUNCTION("""COMPUTED_VALUE"""),233.786999999982) -> 233.787 | I38: =IFERROR(__xludf.DUMMYFUNCTION("""COMPUTED_VALUE"""),99.8974512723899) -> 99.897451 | K38: =IFERROR(__xludf.DUMMYFUNCTION("""COMPUTED_VALUE"""),227976.5) -> 227976.5 | L38: =IFERROR(__xludf.DUMMYFUNCTION("""COMPUTED_VALUE"""),227742.703) -> 227742.7 | M38: =IFERROR(__xludf.DUMMYFUNCTION("""COMPUTED_VALUE"""),233.796999999991) -> 233.797 | N38: =IFERROR(__xludf.DUMMYFUNCTION("""COMPUTED_VALUE"""),99.8974468859729) -> 99.897447 | Q38: =IFERROR(__xludf.DUMMYFUNCTION("""COMPUTED_VALUE"""),195841.597) -> 195841.6
C39: 142 | D39: Приобретение лекарственных средств и прочих изделий медицинского назначения | E39: =IFERROR(__xludf.DUMMYFUNCTION("""COMPUTED_VALUE"""),661221.5) -> 661221.5 | F39: =IFERROR(__xludf.DUMMYFUNCTION("""COMPUTED_VALUE"""),93073.9) -> 93073.9 | G39: =IFERROR(__xludf.DUMMYFUNCTION("""COMPUTED_VALUE"""),5813.74) -> 5813.74 | H39: =IFERROR(__xludf.DUMMYFUNCTION("""COMPUTED_VALUE"""),87260.1599999999) -> 87260.16 | I39: =IFERROR(__xludf.DUMMYFUNCTION("""COMPUTED_VALUE"""),6.24636982011068) -> 6.2463698 | K39: =IFERROR(__xludf.DUMMYFUNCTION("""COMPUTED_VALUE"""),2702.4) -> 2702.4 | L39: =IFERROR(__xludf.DUMMYFUNCTION("""COMPUTED_VALUE"""),2692.54) -> 2692.54 | M39: =IFERROR(__xludf.DUMMYFUNCTION("""COMPUTED_VALUE"""),9.86000000000012) -> 9.86 | N39: =IFERROR(__xludf.DUMMYFUNCTION("""COMPUTED_VALUE"""),99.6351391355831) -> 99.635139 | Q39: =IFERROR(__xludf.DUMMYFUNCTION("""COMPUTED_VALUE"""),658528.96) -> 658528.96
E40: =IFERROR(__xludf.DUMMYFUNCTION("""COMPUTED_VALUE"""),2080) -> 2080 | F40: =IFERROR(__xludf.DUMMYFUNCTION("""COMPUTED_VALUE"""),558) -> 558 | G40: =IFERROR(__xludf.DUMMYFUNCTION("""COMPUTED_VALUE"""),557.4) -> 557.4 | K40: =IFERROR(__xludf.DUMMYFUNCTION("""COMPUTED_VALUE"""),0) -> 0 | L40: =IFERROR(__xludf.DUMMYFUNCTION("""COMPUTED_VALUE"""),0) -> 0
C41: 144 | D41: Приобретение топлива, горюче-смазочных материалов | E41: =IFERROR(__xludf.DUMMYFUNCTION("""COMPUTED_VALUE"""),270926.3) -> 270926.3 | F41: =IFERROR(__xludf.DUMMYFUNCTION("""COMPUTED_VALUE"""),216302.1) -> 216302.1 | G41: =IFERROR(__xludf.DUMMYFUNCTION("""COMPUTED_VALUE"""),197858.118899999) -> 197858.12 | H41: =IFERROR(__xludf.DUMMYFUNCTION("""COMPUTED_VALUE"""),18443.9811) -> 18443.981 | I41: =IFERROR(__xludf.DUMMYFUNCTION("""COMPUTED_VALUE"""),91.4730457540633) -> 91.473046 | K41: =IFERROR(__xludf.DUMMYFUNCTION("""COMPUTED_VALUE"""),161378.9) -> 161378.9 | L41: =IFERROR(__xludf.DUMMYFUNCTION("""COMPUTED_VALUE"""),161058.47318) -> 161058.47 | M41: =IFERROR(__xludf.DUMMYFUNCTION("""COMPUTED_VALUE"""),320.426819999993) -> 320.42682 | N41: =IFERROR(__xludf.DUMMYFUNCTION("""COMPUTED_VALUE"""),99.8014444143565) -> 99.801444 | Q41: =IFERROR(__xludf.DUMMYFUNCTION("""COMPUTED_VALUE"""),109867.82682) -> 109867.83
C42: 149 | D42: Приобретение прочих запасов | E42: =IFERROR(__xludf.DUMMYFUNCTION("""COMPUTED_VALUE"""),251782.4) -> 251782.4 | F42: =IFERROR(__xludf.DUMMYFUNCTION("""COMPUTED_VALUE"""),135693) -> 135693 | G42: =IFERROR(__xludf.DUMMYFUNCTION("""COMPUTED_VALUE"""),126030.10241) -> 126030.1 | H42: =IFERROR(__xludf.DUMMYFUNCTION("""COMPUTED_VALUE"""),9662.89759000002) -> 9662.8976 | I42: =IFERROR(__xludf.DUMMYFUNCTION("""COMPUTED_VALUE"""),92.8788533012019) -> 92.878853 | K42: =IFERROR(__xludf.DUMMYFUNCTION("""COMPUTED_VALUE"""),123222) -> 123222 | L42: =IFERROR(__xludf.DUMMYFUNCTION("""COMPUTED_VALUE"""),122997.92709) -> 122997.93 | M42: =IFERROR(__xludf.DUMMYFUNCTION("""COMPUTED_VALUE"""),224.072910000002) -> 224.07291 | N42: =IFERROR(__xludf.DUMMYFUNCTION("""COMPUTED_VALUE"""),99.8181551102887) -> 99.818155 | Q42: =IFERROR(__xludf.DUMMYFUNCTION("""COMPUTED_VALUE"""),128784.47291) -> 128784.47
C43: 151 | D43: Оплата коммунальных услуг | E43: =IFERROR(__xludf.DUMMYFUNCTION("""COMPUTED_VALUE"""),338477.7) -> 338477.7 | F43: =IFERROR(__xludf.DUMMYFUNCTION("""COMPUTED_VALUE"""),203300.1) -> 203300.1 | G43: =IFERROR(__xludf.DUMMYFUNCTION("""COMPUTED_VALUE"""),201373.89958) -> 201373.9 | H43: =IFERROR(__xludf.DUMMYFUNCTION("""COMPUTED_VALUE"""),1926.20042) -> 1926.2004 | I43: =IFERROR(__xludf.DUMMYFUNCTION("""COMPUTED_VALUE"""),99.0525334616165) -> 99.052533 | K43: =IFERROR(__xludf.DUMMYFUNCTION("""COMPUTED_VALUE"""),202365.1) -> 202365.1 | L43: =IFERROR(__xludf.DUMMYFUNCTION("""COMPUTED_VALUE"""),201373.89958) -> 201373.9 | M43: =IFERROR(__xludf.DUMMYFUNCTION("""COMPUTED_VALUE"""),991.200420000008) -> 991.20042 | N43: =IFERROR(__xludf.DUMMYFUNCTION("""COMPUTED_VALUE"""),99.5101920143344) -> 99.510192 | Q43: =IFERROR(__xludf.DUMMYFUNCTION("""COMPUTED_VALUE"""),137103.80042) -> 137103.8
C44: 152 | D44: Оплата услуг связи | E44: =IFERROR(__xludf.DUMMYFUNCTION("""COMPUTED_VALUE"""),49566.1) -> 49566.1 | F44: =IFERROR(__xludf.DUMMYFUNCTION("""COMPUTED_VALUE"""),45134.7) -> 45134.7 | G44: =IFERROR(__xludf.DUMMYFUNCTION("""COMPUTED_VALUE"""),44416.8018799999) -> 44416.802 | H44: =IFERROR(__xludf.DUMMYFUNCTION("""COMPUTED_VALUE"""),717.898120000005) -> 717.89812 | I44: =IFERROR(__xludf.DUMMYFUNCTION("""COMPUTED_VALUE"""),98.4094319448229) -> 98.409432 | K44: =IFERROR(__xludf.DUMMYFUNCTION("""COMPUTED_VALUE"""),17692.5) -> 17692.5 | L44: =IFERROR(__xludf.DUMMYFUNCTION("""COMPUTED_VALUE"""),17637.33792) -> 17637.338 | M44: =IFERROR(__xludf.DUMMYFUNCTION("""COMPUTED_VALUE"""),55.1620799999982) -> 55.16208 | N44: =IFERROR(__xludf.DUMMYFUNCTION("""COMPUTED_VALUE"""),99.6882177193726) -> 99.688218 | Q44: =IFERROR(__xludf.DUMMYFUNCTION("""COMPUTED_VALUE"""),31928.7620799999) -> 31928.762
C45: 153 | D45: Оплата транспортных услуг | E45: =IFERROR(__xludf.DUMMYFUNCTION("""COMPUTED_VALUE"""),174855) -> 174855 | F45: =IFERROR(__xludf.DUMMYFUNCTION("""COMPUTED_VALUE"""),140923.9) -> 140923.9 | G45: =IFERROR(__xludf.DUMMYFUNCTION("""COMPUTED_VALUE"""),133020.259) -> 133020.26 | H45: =IFERROR(__xludf.DUMMYFUNCTION("""COMPUTED_VALUE"""),7903.641) -> 7903.641 | I45: =IFERROR(__xludf.DUMMYFUNCTION("""COMPUTED_VALUE"""),94.3915538812082) -> 94.391554 | K45: =IFERROR(__xludf.DUMMYFUNCTION("""COMPUTED_VALUE"""),52604.0999999999) -> 52604.1 | L45: =IFERROR(__xludf.DUMMYFUNCTION("""COMPUTED_VALUE"""),52603.7922399999) -> 52603.792 | M45: =IFERROR(__xludf.DUMMYFUNCTION("""COMPUTED_VALUE"""),0.307759999996051) -> 0.30776 | N45: =IFERROR(__xludf.DUMMYFUNCTION("""COMPUTED_VALUE"""),99.9994149505456) -> 99.999415 | Q45: =IFERROR(__xludf.DUMMYFUNCTION("""COMPUTED_VALUE"""),122251.20776) -> 122251.21
C46: 154 | D46: Оплата аренды за помещение | E46: =IFERROR(__xludf.DUMMYFUNCTION("""COMPUTED_VALUE"""),0) -> 0 | F46: =IFERROR(__xludf.DUMMYFUNCTION("""COMPUTED_VALUE"""),0) -> 0 | G46: =IFERROR(__xludf.DUMMYFUNCTION("""COMPUTED_VALUE"""),0) -> 0 | H46: =IFERROR(__xludf.DUMMYFUNCTION("""COMPUTED_VALUE"""),0) -> 0 | I46: =IFERROR(__xludf.DUMMYFUNCTION("""COMPUTED_VALUE"""),"#DIV/0!") -> #DIV/0! | K46: =IFERROR(__xludf.DUMMYFUNCTION("""COMPUTED_VALUE"""),0) -> 0 | L46: =IFERROR(__xludf.DUMMYFUNCTION("""COMPUTED_VALUE"""),0) -> 0 | M46: =IFERROR(__xludf.DUMMYFUNCTION("""COMPUTED_VALUE"""),0) -> 0 | N46: =IFERROR(__xludf.DUMMYFUNCTION("""COMPUTED_VALUE"""),"#DIV/0!") -> #DIV/0! | Q46: =IFERROR(__xludf.DUMMYFUNCTION("""COMPUTED_VALUE"""),0) -> 0
C47: 159 | D47: Прочие услуги и работы | E47: =IFERROR(__xludf.DUMMYFUNCTION("""COMPUTED_VALUE"""),522265.3) -> 522265.3 | F47: =IFERROR(__xludf.DUMMYFUNCTION("""COMPUTED_VALUE"""),469011.6) -> 469011.6 | G47: =IFERROR(__xludf.DUMMYFUNCTION("""COMPUTED_VALUE"""),449614.13856) -> 449614.14 | H47: =IFERROR(__xludf.DUMMYFUNCTION("""COMPUTED_VALUE"""),19397.4614399999) -> 19397.461 | I47: =IFERROR(__xludf.DUMMYFUNCTION("""COMPUTED_VALUE"""),95.864183009546) -> 95.864183 | K47: =IFERROR(__xludf.DUMMYFUNCTION("""COMPUTED_VALUE"""),215697.9) -> 215697.9 | L47: =IFERROR(__xludf.DUMMYFUNCTION("""COMPUTED_VALUE"""),215671.86682) -> 215671.87 | M47: =IFERROR(__xludf.DUMMYFUNCTION("""COMPUTED_VALUE"""),26.0331799999403) -> 26.03318 | N47: =IFERROR(__xludf.DUMMYFUNCTION("""COMPUTED_VALUE"""),99.987930721625) -> 99.987931 | Q47: =IFERROR(__xludf.DUMMYFUNCTION("""COMPUTED_VALUE"""),306593.433179999) -> 306593.43
C48: 161 | D48: Командировки и служебные разъезды внутри страны | E48: =IFERROR(__xludf.DUMMYFUNCTION("""COMPUTED_VALUE"""),320257.699999999) -> 320257.7 | F48: =IFERROR(__xludf.DUMMYFUNCTION("""COMPUTED_VALUE"""),108698.299999999) -> 108698.3 | G48: =IFERROR(__xludf.DUMMYFUNCTION("""COMPUTED_VALUE"""),108627.398999999) -> 108627.4 | H48: =IFERROR(__xludf.DUMMYFUNCTION("""COMPUTED_VALUE"""),70.900999999998) -> 70.901 | I48: =IFERROR(__xludf.DUMMYFUNCTION("""COMPUTED_VALUE"""),99.9347726689377) -> 99.934773 | K48: =IFERROR(__xludf.DUMMYFUNCTION("""COMPUTED_VALUE"""),108698.299999999) -> 108698.3 | L48: =IFERROR(__xludf.DUMMYFUNCTION("""COMPUTED_VALUE"""),108627.389) -> 108627.39 | M48: =IFERROR(__xludf.DUMMYFUNCTION("""COMPUTED_VALUE"""),70.9109999999927) -> 70.911 | N48: =IFERROR(__xludf.DUMMYFUNCTION("""COMPUTED_VALUE"""),99.9347634691619) -> 99.934763 | Q48: =IFERROR(__xludf.DUMMYFUNCTION("""COMPUTED_VALUE"""),211630.310999999) -> 211630.31
C49: 165 | D49: Исполнение исполнительных документов,судебных актов | E49: =IFERROR(__xludf.DUMMYFUNCTION("""COMPUTED_VALUE"""),1162) -> 1162 | F49: =IFERROR(__xludf.DUMMYFUNCTION("""COMPUTED_VALUE"""),1164) -> 1164 | G49: =IFERROR(__xludf.DUMMYFUNCTION("""COMPUTED_VALUE"""),1163.3895) -> 1163.3895 | H49: =IFERROR(__xludf.DUMMYFUNCTION("""COMPUTED_VALUE"""),0.610500000000001) -> 0.6105 | I49: =IFERROR(__xludf.DUMMYFUNCTION("""COMPUTED_VALUE"""),99.9475515463917) -> 99.947552 | K49: =IFERROR(__xludf.DUMMYFUNCTION("""COMPUTED_VALUE"""),1164) -> 1164 | L49: =IFERROR(__xludf.DUMMYFUNCTION("""COMPUTED_VALUE"""),1163.3895) -> 1163.3895 | M49: =IFERROR(__xludf.DUMMYFUNCTION("""COMPUTED_VALUE"""),0.610500000000001) -> 0.6105 | N49: =IFERROR(__xludf.DUMMYFUNCTION("""COMPUTED_VALUE"""),99.9475515463917) -> 99.947552 | Q49: =IFERROR(__xludf.DUMMYFUNCTION("""COMPUTED_VALUE"""),-1.38949999999999) -> -1.3895
C50: 169 | D50: Прочие текущие затраты | E50: =IFERROR(__xludf.DUMMYFUNCTION("""COMPUTED_VALUE"""),20854.9) -> 20854.9 | F50: =IFERROR(__xludf.DUMMYFUNCTION("""COMPUTED_VALUE"""),13125.9) -> 13125.9 | G50: =IFERROR(__xludf.DUMMYFUNCTION("""COMPUTED_VALUE"""),7609.701) -> 7609.701 | H50: =IFERROR(__xludf.DUMMYFUNCTION("""COMPUTED_VALUE"""),5516.199) -> 5516.199 | I50: =IFERROR(__xludf.DUMMYFUNCTION("""COMPUTED_VALUE"""),57.9746988777912) -> 57.974699 | K50: =IFERROR(__xludf.DUMMYFUNCTION("""COMPUTED_VALUE"""),7656.397) -> 7656.397 | L50: =IFERROR(__xludf.DUMMYFUNCTION("""COMPUTED_VALUE"""),7609.701) -> 7609.701 | M50: =IFERROR(__xludf.DUMMYFUNCTION("""COMPUTED_VALUE"""),46.695999999999) -> 46.696 | N50: =IFERROR(__xludf.DUMMYFUNCTION("""COMPUTED_VALUE"""),99.3901047712128) -> 99.390105 | Q50: =IFERROR(__xludf.DUMMYFUNCTION("""COMPUTED_VALUE"""),13245.199) -> 13245.199
C51: 322 | D51: Трансферты физическим лицам | E51: =IFERROR(__xludf.DUMMYFUNCTION("""COMPUTED_VALUE"""),0) -> 0 | F51: =IFERROR(__xludf.DUMMYFUNCTION("""COMPUTED_VALUE"""),0) -> 0 | G51: =IFERROR(__xludf.DUMMYFUNCTION("""COMPUTED_VALUE"""),0) -> 0 | H51: =IFERROR(__xludf.DUMMYFUNCTION("""COMPUTED_VALUE"""),0) -> 0 | I51: =IFERROR(__xludf.DUMMYFUNCTION("""COMPUTED_VALUE"""),"#DIV/0!") -> #DIV/0! | K51: =IFERROR(__xludf.DUMMYFUNCTION("""COMPUTED_VALUE"""),0) -> 0 | L51: =IFERROR(__xludf.DUMMYFUNCTION("""COMPUTED_VALUE"""),0) -> 0 | M51: =IFERROR(__xludf.DUMMYFUNCTION("""COMPUTED_VALUE"""),0) -> 0 | N51: =IFERROR(__xludf.DUMMYFUNCTION("""COMPUTED_VALUE"""),"#DIV/0!") -> #DIV/0! | Q51: =IFERROR(__xludf.DUMMYFUNCTION("""COMPUTED_VALUE"""),0) -> 0
C52: 143 | D52: Приобретение машин, оборудования, инструментов, производственного и хозяйственного инвентаря | E52: =IFERROR(__xludf.DUMMYFUNCTION("""COMPUTED_VALUE"""),0) -> 0 | F52: =IFERROR(__xludf.DUMMYFUNCTION("""COMPUTED_VALUE"""),0) -> 0 | G52: =IFERROR(__xludf.DUMMYFUNCTION("""COMPUTED_VALUE"""),0) -> 0 | H52: =IFERROR(__xludf.DUMMYFUNCTION("""COMPUTED_VALUE"""),0) -> 0 | I52: =IFERROR(__xludf.DUMMYFUNCTION("""COMPUTED_VALUE"""),99.8924731182795) -> 99.892473 | K52: =IFERROR(__xludf.DUMMYFUNCTION("""COMPUTED_VALUE"""),0) -> 0 | L52: =IFERROR(__xludf.DUMMYFUNCTION("""COMPUTED_VALUE"""),0) -> 0 | M52: =IFERROR(__xludf.DUMMYFUNCTION("""COMPUTED_VALUE"""),0) -> 0 | N52: =IFERROR(__xludf.DUMMYFUNCTION("""COMPUTED_VALUE"""),"#DIV/0!") -> #DIV/0! | Q52: =IFERROR(__xludf.DUMMYFUNCTION("""COMPUTED_VALUE"""),0) -> 0
A53: 70 | D53: Охрана общественного здоровья | E53: =IFERROR(__xludf.DUMMYFUNCTION("""COMPUTED_VALUE"""),18305495.9999999) -> 18305496 | F53: =IFERROR(__xludf.DUMMYFUNCTION("""COMPUTED_VALUE"""),18305495.9999999) -> 18305496 | G53: =IFERROR(__xludf.DUMMYFUNCTION("""COMPUTED_VALUE"""),18305494.4482599) -> 18305494 | H53: =IFERROR(__xludf.DUMMYFUNCTION("""COMPUTED_VALUE"""),1.5517399944365) -> 1.55174 | I53: =IFERROR(__xludf.DUMMYFUNCTION("""COMPUTED_VALUE"""),99.9999915230923) -> 99.999992 | K53: =IFERROR(__xludf.DUMMYFUNCTION("""COMPUTED_VALUE"""),7843213.79999999) -> 7843213.8 | L53: =IFERROR(__xludf.DUMMYFUNCTION("""COMPUTED_VALUE"""),7843211.78145) -> 7843211.8 | M53: =IFERROR(__xludf.DUMMYFUNCTION("""COMPUTED_VALUE"""),2.01854999992065) -> 2.01855 | N53: =IFERROR(__xludf.DUMMYFUNCTION("""COMPUTED_VALUE"""),99.9999742637387) -> 99.999974 | Q53: =IFERROR(__xludf.DUMMYFUNCTION("""COMPUTED_VALUE"""),10462284.2185499) -> 10462284
B54: 100 | D54: Обеспечение санитарно-эпидемиологического благополучия населения | E54: =IFERROR(__xludf.DUMMYFUNCTION("""COMPUTED_VALUE"""),18305495.9999999) -> 18305496 | F54: =IFERROR(__xludf.DUMMYFUNCTION("""COMPUTED_VALUE"""),18305495.9999999) -> 18305496 | G54: =IFERROR(__xludf.DUMMYFUNCTION("""COMPUTED_VALUE"""),18305494.4482599) -> 18305494 | H54: =IFERROR(__xludf.DUMMYFUNCTION("""COMPUTED_VALUE"""),1.55173999990802) -> 1.55174 | I54: =IFERROR(__xludf.DUMMYFUNCTION("""COMPUTED_VALUE"""),2099.99983311451) -> 2099.9998 | K54: =IFERROR(__xludf.DUMMYFUNCTION("""COMPUTED_VALUE"""),7843213.79999999) -> 7843213.8 | L54: =IFERROR(__xludf.DUMMYFUNCTION("""COMPUTED_VALUE"""),7843211.78245) -> 7843211.8 | M54: =IFERROR(__xludf.DUMMYFUNCTION("""COMPUTED_VALUE"""),2.01754999993136) -> 2.01755 | N54: =IFERROR(__xludf.DUMMYFUNCTION("""COMPUTED_VALUE"""),99.9999742764885) -> 99.999974 | Q54: =IFERROR(__xludf.DUMMYFUNCTION("""COMPUTED_VALUE"""),10462284.2175499) -> 10462284
C55: 159 | D55: Прочие услуги и работы | E55: =IFERROR(__xludf.DUMMYFUNCTION("""COMPUTED_VALUE"""),18305495.9999999) -> 18305496 | F55: =IFERROR(__xludf.DUMMYFUNCTION("""COMPUTED_VALUE"""),18305495.9999999) -> 18305496 | G55: =IFERROR(__xludf.DUMMYFUNCTION("""COMPUTED_VALUE"""),18305494.4482599) -> 18305494 | H55: =IFERROR(__xludf.DUMMYFUNCTION("""COMPUTED_VALUE"""),1.5517399944365) -> 1.55174 | I55: =IFERROR(__xludf.DUMMYFUNCTION("""COMPUTED_VALUE"""),99.9999915230923) -> 99.999992 | K55: =IFERROR(__xludf.DUMMYFUNCTION("""COMPUTED_VALUE"""),7843213.79899999) -> 7843213.8 | L55: =IFERROR(__xludf.DUMMYFUNCTION("""COMPUTED_VALUE"""),7843211.78145) -> 7843211.8 | M55: =IFERROR(__xludf.DUMMYFUNCTION("""COMPUTED_VALUE"""),2.01754999812692) -> 2.01755 | N55: =IFERROR(__xludf.DUMMYFUNCTION("""COMPUTED_VALUE"""),99.9999742764885) -> 99.999974 | Q55: =IFERROR(__xludf.DUMMYFUNCTION("""COMPUTED_VALUE"""),10462284.2185499) -> 10462284
C56: 161 | D56: Командировки и служебные разъезды внутри страны | E56: =IFERROR(__xludf.DUMMYFUNCTION("""COMPUTED_VALUE"""),0) -> 0 | F56: =IFERROR(__xludf.DUMMYFUNCTION("""COMPUTED_VALUE"""),0) -> 0 | G56: =IFERROR(__xludf.DUMMYFUNCTION("""COMPUTED_VALUE"""),0) -> 0 | H56: =IFERROR(__xludf.DUMMYFUNCTION("""COMPUTED_VALUE"""),0) -> 0 | I56: =IFERROR(__xludf.DUMMYFUNCTION("""COMPUTED_VALUE"""),"#DIV/0!") -> #DIV/0! | K56: =IFERROR(__xludf.DUMMYFUNCTION("""COMPUTED_VALUE"""),0) -> 0 | L56: =IFERROR(__xludf.DUMMYFUNCTION("""COMPUTED_VALUE"""),0) -> 0 | M56: =IFERROR(__xludf.DUMMYFUNCTION("""COMPUTED_VALUE"""),0) -> 0 | N56: =IFERROR(__xludf.DUMMYFUNCTION("""COMPUTED_VALUE"""),"#DIV/0!") -> #DIV/0! | Q56: =IFERROR(__xludf.DUMMYFUNCTION("""COMPUTED_VALUE"""),0) -> 0
B57: 107 | D57: Капитальные расходы государственных организаций здравоохранения, осуществляющих деятельность в области санитарно-эпидемиологического благополучия населения | E57: =IFERROR(__xludf.DUMMYFUNCTION("""COMPUTED_VALUE"""),0) -> 0 | F57: =IFERROR(__xludf.DUMMYFUNCTION("""COMPUTED_VALUE"""),0) -> 0 | G57: =IFERROR(__xludf.DUMMYFUNCTION("""COMPUTED_VALUE"""),0) -> 0 | H57: =IFERROR(__xludf.DUMMYFUNCTION("""COMPUTED_VALUE"""),0) -> 0 | I57: =IFERROR(__xludf.DUMMYFUNCTION("""COMPUTED_VALUE"""),"#DIV/0!") -> #DIV/0! | K57: =IFERROR(__xludf.DUMMYFUNCTION("""COMPUTED_VALUE"""),0) -> 0 | L57: =IFERROR(__xludf.DUMMYFUNCTION("""COMPUTED_VALUE"""),0) -> 0 | M57: =IFERROR(__xludf.DUMMYFUNCTION("""COMPUTED_VALUE"""),0) -> 0 | N57: =IFERROR(__xludf.DUMMYFUNCTION("""COMPUTED_VALUE"""),"#DIV/0!") -> #DIV/0! | Q57: =IFERROR(__xludf.DUMMYFUNCTION("""COMPUTED_VALUE"""),0) -> 0
C58: 418 | D58: Материально-техническое оснащение государственных предприятий | E58: =IFERROR(__xludf.DUMMYFUNCTION("""COMPUTED_VALUE"""),0) -> 0 | F58: =IFERROR(__xludf.DUMMYFUNCTION("""COMPUTED_VALUE"""),0) -> 0 | G58: =IFERROR(__xludf.DUMMYFUNCTION("""COMPUTED_VALUE"""),0) -> 0 | H58: =IFERROR(__xludf.DUMMYFUNCTION("""COMPUTED_VALUE"""),0) -> 0 | I58: =IFERROR(__xludf.DUMMYFUNCTION("""COMPUTED_VALUE"""),"#DIV/0!") -> #DIV/0! | K58: =IFERROR(__xludf.DUMMYFUNCTION("""COMPUTED_VALUE"""),0) -> 0 | L58: =IFERROR(__xludf.DUMMYFUNCTION("""COMPUTED_VALUE"""),0) -> 0 | M58: =IFERROR(__xludf.DUMMYFUNCTION("""COMPUTED_VALUE"""),0) -> 0 | N58: =IFERROR(__xludf.DUMMYFUNCTION("""COMPUTED_VALUE"""),"#DIV/0!") -> #DIV/0! | Q58: =IFERROR(__xludf.DUMMYFUNCTION("""COMPUTED_VALUE"""),0) -> 0
A59: 138 | B59: 0 | D59: Обеспечение повышения квалификации государственных служащих | E59: =IFERROR(__xludf.DUMMYFUNCTION("""COMPUTED_VALUE"""),77199.7999999999) -> 77199.8 | F59: =IFERROR(__xludf.DUMMYFUNCTION("""COMPUTED_VALUE"""),59133.2) -> 59133.2 | G59: =IFERROR(__xludf.DUMMYFUNCTION("""COMPUTED_VALUE"""),55421.2799999999) -> 55421.28 | H59: =IFERROR(__xludf.DUMMYFUNCTION("""COMPUTED_VALUE"""),3711.92000000001) -> 3711.92 | I59: =IFERROR(__xludf.DUMMYFUNCTION("""COMPUTED_VALUE"""),93.7227817875575) -> 93.722782 | K59: =IFERROR(__xludf.DUMMYFUNCTION("""COMPUTED_VALUE"""),30857.3999999999) -> 30857.4 | L59: =IFERROR(__xludf.DUMMYFUNCTION("""COMPUTED_VALUE"""),30856.24) -> 30856.24 | M59: =IFERROR(__xludf.DUMMYFUNCTION("""COMPUTED_VALUE"""),1.15999999999621) -> 1.16 | N59: =IFERROR(__xludf.DUMMYFUNCTION("""COMPUTED_VALUE"""),99.9962407720676) -> 99.996241 | Q59: =IFERROR(__xludf.DUMMYFUNCTION("""COMPUTED_VALUE"""),46343.5599999999) -> 46343.56
C60: 159 | D60: Оплата прочих услуг и работ | E60: =IFERROR(__xludf.DUMMYFUNCTION("""COMPUTED_VALUE"""),77199.7999999999) -> 77199.8 | F60: =IFERROR(__xludf.DUMMYFUNCTION("""COMPUTED_VALUE"""),59133.2) -> 59133.2 | G60: =IFERROR(__xludf.DUMMYFUNCTION("""COMPUTED_VALUE"""),55421.2799999999) -> 55421.28 | H60: =IFERROR(__xludf.DUMMYFUNCTION("""COMPUTED_VALUE"""),3711.92000000001) -> 3711.92 | I60: =IFERROR(__xludf.DUMMYFUNCTION("""COMPUTED_VALUE"""),93.7227817875575) -> 93.722782 | K60: =IFERROR(__xludf.DUMMYFUNCTION("""COMPUTED_VALUE"""),30857.3999999999) -> 30857.4 | L60: =IFERROR(__xludf.DUMMYFUNCTION("""COMPUTED_VALUE"""),30856.24) -> 30856.24 | M60: =IFERROR(__xludf.DUMMYFUNCTION("""COMPUTED_VALUE"""),1.15999999999621) -> 1.16 | N60: =IFERROR(__xludf.DUMMYFUNCTION("""COMPUTED_VALUE"""),99.9962407720676) -> 99.996241 | Q60: =IFERROR(__xludf.DUMMYFUNCTION("""COMPUTED_VALUE"""),46343.5599999999) -> 46343.56
P61: =IFERROR(__xludf.DUMMYFUNCTION("""COMPUTED_VALUE"""),"001-100") -> 001-100 | Q61: =IFERROR(__xludf.DUMMYFUNCTION("""COMPUTED_VALUE"""),"001-104") -> 001-104 | R61: =IFERROR(__xludf.DUMMYFUNCTION("""COMPUTED_VALUE"""),"001-111") -> 001-111 | S61: =IFERROR(__xludf.DUMMYFUNCTION("""COMPUTED_VALUE"""),"001-100") -> 001-100 | T61: =IFERROR(__xludf.DUMMYFUNCTION("""COMPUTED_VALUE"""),"001-104") -> 001-104 | U61: =IFERROR(__xludf.DUMMYFUNCTION("""COMPUTED_VALUE"""),"001-111") -> 001-111 | V61: =IFERROR(__xludf.DUMMYFUNCTION("""COMPUTED_VALUE"""),"001-123") -> 001-123 | W61: =IFERROR(__xludf.DUMMYFUNCTION("""COMPUTED_VALUE"""),"070-100") -> 070-100 | X61: =IFERROR(__xludf.DUMMYFUNCTION("""COMPUTED_VALUE"""),"070-112") -> 070-112 | Y61: =IFERROR(__xludf.DUMMYFUNCTION("""COMPUTED_VALUE"""),"138-000") -> 138-000
K62: =IFERROR(__xludf.DUMMYFUNCTION("""COMPUTED_VALUE"""),"Подлежит освоению, в том числе:") -> Подлежит освоению, в том числе: | O62: =IFERROR(__xludf.DUMMYFUNCTION("""COMPUTED_VALUE"""),5807.01695999953) -> 5807.017 | P62: =IFERROR(__xludf.DUMMYFUNCTION("""COMPUTED_VALUE"""),261.233310000065) -> 261.23331 | Q62: =IFERROR(__xludf.DUMMYFUNCTION("""COMPUTED_VALUE"""),0) -> 0 | R62: =IFERROR(__xludf.DUMMYFUNCTION("""COMPUTED_VALUE"""),2769.63633) -> 2769.6363 | S62: =IFERROR(__xludf.DUMMYFUNCTION("""COMPUTED_VALUE"""),1295268.53330999) -> 1295268.5 | T62: =IFERROR(__xludf.DUMMYFUNCTION("""COMPUTED_VALUE"""),0) -> 0 | U62: =IFERROR(__xludf.DUMMYFUNCTION("""COMPUTED_VALUE"""),108073.736329999) -> 108073.74 | V62: =IFERROR(__xludf.DUMMYFUNCTION("""COMPUTED_VALUE"""),"#REF!") -> #REF! | W62: =IFERROR(__xludf.DUMMYFUNCTION("""COMPUTED_VALUE"""),"#REF!") -> #REF! | X62: =IFERROR(__xludf.DUMMYFUNCTION("""COMPUTED_VALUE"""),0) -> 0 | Y62: =IFERROR(__xludf.DUMMYFUNCTION("""COMPUTED_VALUE"""),46343.5599999999) -> 46343.56
K63: =IFERROR(__xludf.DUMMYFUNCTION("""COMPUTED_VALUE"""),"по ФОТ") -> по ФОТ | O63: =IFERROR(__xludf.DUMMYFUNCTION("""COMPUTED_VALUE"""),1086.93116000147) -> 1086.9312 | P63: =IFERROR(__xludf.DUMMYFUNCTION("""COMPUTED_VALUE"""),127.224960000066) -> 127.22496 | S63: =IFERROR(__xludf.DUMMYFUNCTION("""COMPUTED_VALUE"""),1272322.12495999) -> 1272322.1 | V63: =IFERROR(__xludf.DUMMYFUNCTION("""COMPUTED_VALUE"""),8312603.0062) -> 8312603
K64: =IFERROR(__xludf.DUMMYFUNCTION("""COMPUTED_VALUE"""),"Командировочные расходы") -> Командировочные расходы | O64: =IFERROR(__xludf.DUMMYFUNCTION("""COMPUTED_VALUE"""),169.653999999993) -> 169.654 | P64: =IFERROR(__xludf.DUMMYFUNCTION("""COMPUTED_VALUE"""),98.7430000000004) -> 98.743 | S64: =IFERROR(__xludf.DUMMYFUNCTION("""COMPUTED_VALUE"""),198.743) -> 198.743 | V64: =IFERROR(__xludf.DUMMYFUNCTION("""COMPUTED_VALUE"""),211630.310999999) -> 211630.31 | W64: =IFERROR(__xludf.DUMMYFUNCTION("""COMPUTED_VALUE"""),0) -> 0
K65: =IFERROR(__xludf.DUMMYFUNCTION("""COMPUTED_VALUE"""),"Коммунальные платежи") -> Коммунальные платежи | O65: =IFERROR(__xludf.DUMMYFUNCTION("""COMPUTED_VALUE"""),991.200420000008) -> 991.20042 | V65: =IFERROR(__xludf.DUMMYFUNCTION("""COMPUTED_VALUE"""),991.200420000008) -> 991.20042
K66: =IFERROR(__xludf.DUMMYFUNCTION("""COMPUTED_VALUE"""),"Капитальные расходы (автотранспорт)") -> Капитальные расходы (автотранспорт) | O66: =IFERROR(__xludf.DUMMYFUNCTION("""COMPUTED_VALUE"""),0) -> 0 | R66: =IFERROR(__xludf.DUMMYFUNCTION("""COMPUTED_VALUE"""),0) -> 0 | U66: =IFERROR(__xludf.DUMMYFUNCTION("""COMPUTED_VALUE"""),0) -> 0
K67: =IFERROR(__xludf.DUMMYFUNCTION("""COMPUTED_VALUE"""),"Капитальные расходы (ОС)") -> Капитальные расходы (ОС) | O67: =IFERROR(__xludf.DUMMYFUNCTION("""COMPUTED_VALUE"""),2224.1546) -> 2224.1546 | R67: =IFERROR(__xludf.DUMMYFUNCTION("""COMPUTED_VALUE"""),2224.1546) -> 2224.1546 | U67: =IFERROR(__xludf.DUMMYFUNCTION("""COMPUTED_VALUE"""),100124.854599999) -> 100124.85
K68: =IFERROR(__xludf.DUMMYFUNCTION("""COMPUTED_VALUE"""),"Капитальные расходы (капремонт)") -> Капитальные расходы (капремонт) | O68: =IFERROR(__xludf.DUMMYFUNCTION("""COMPUTED_VALUE"""),545.48173) -> 545.48173 | R68: =IFERROR(__xludf.DUMMYFUNCTION("""COMPUTED_VALUE"""),545.48173) -> 545.48173 | U68: =IFERROR(__xludf.DUMMYFUNCTION("""COMPUTED_VALUE"""),7948.88173) -> 7948.8817
K69: =IFERROR(__xludf.DUMMYFUNCTION("""COMPUTED_VALUE"""),"ГСМ") -> ГСМ | O69: =IFERROR(__xludf.DUMMYFUNCTION("""COMPUTED_VALUE"""),320.426819999993) -> 320.42682 | V69: =IFERROR(__xludf.DUMMYFUNCTION("""COMPUTED_VALUE"""),109867.82682) -> 109867.83
K70: =IFERROR(__xludf.DUMMYFUNCTION("""COMPUTED_VALUE"""),"Запасы") -> Запасы | O70: =IFERROR(__xludf.DUMMYFUNCTION("""COMPUTED_VALUE"""),224.072910000002) -> 224.07291 | Q70: =IFERROR(__xludf.DUMMYFUNCTION("""COMPUTED_VALUE"""),0) -> 0 | T70: =IFERROR(__xludf.DUMMYFUNCTION("""COMPUTED_VALUE"""),0) -> 0 | V70: =IFERROR(__xludf.DUMMYFUNCTION("""COMPUTED_VALUE"""),128784.47291) -> 128784.47
K71: =IFERROR(__xludf.DUMMYFUNCTION("""COMPUTED_VALUE"""),"СИЗЫ") -> СИЗЫ | O71: =IFERROR(__xludf.DUMMYFUNCTION("""COMPUTED_VALUE"""),9.86000000000012) -> 9.86 | V71: =IFERROR(__xludf.DUMMYFUNCTION("""COMPUTED_VALUE"""),"#REF!") -> #REF!
K72: =IFERROR(__xludf.DUMMYFUNCTION("""COMPUTED_VALUE"""),"Услуги аренды автотранспорта") -> Услуги аренды автотранспорта | O72: =IFERROR(__xludf.DUMMYFUNCTION("""COMPUTED_VALUE"""),0.307759999996051) -> 0.30776 | V72: =IFERROR(__xludf.DUMMYFUNCTION("""COMPUTED_VALUE"""),"#REF!") -> #REF!
K73: =IFERROR(__xludf.DUMMYFUNCTION("""COMPUTED_VALUE"""),"Услуги и работы прочие") -> Услуги и работы прочие | O73: =IFERROR(__xludf.DUMMYFUNCTION("""COMPUTED_VALUE"""),54.0012399999386) -> 54.00124 | P73: =IFERROR(__xludf.DUMMYFUNCTION("""COMPUTED_VALUE"""),27.9680599999983) -> 27.96806 | Q73: =IFERROR(__xludf.DUMMYFUNCTION("""COMPUTED_VALUE"""),0) -> 0 | S73: =IFERROR(__xludf.DUMMYFUNCTION("""COMPUTED_VALUE"""),22740.36806) -> 22740.368 | T73: =IFERROR(__xludf.DUMMYFUNCTION("""COMPUTED_VALUE"""),0) -> 0 | V73: =IFERROR(__xludf.DUMMYFUNCTION("""COMPUTED_VALUE"""),306593.433179999) -> 306593.43
K74: =IFERROR(__xludf.DUMMYFUNCTION("""COMPUTED_VALUE"""),"Услуги связи") -> Услуги связи | O74: =IFERROR(__xludf.DUMMYFUNCTION("""COMPUTED_VALUE"""),55.1620799999982) -> 55.16208 | Q74: =IFERROR(__xludf.DUMMYFUNCTION("""COMPUTED_VALUE"""),0) -> 0 | T74: =IFERROR(__xludf.DUMMYFUNCTION("""COMPUTED_VALUE"""),0) -> 0 | V74: =IFERROR(__xludf.DUMMYFUNCTION("""COMPUTED_VALUE"""),31928.7620799999) -> 31928.762
K75: =IFERROR(__xludf.DUMMYFUNCTION("""COMPUTED_VALUE"""),"Услуги госзаказ") -> Услуги госзаказ | O75: =IFERROR(__xludf.DUMMYFUNCTION("""COMPUTED_VALUE"""),2.01754999812692) -> 2.01755 | W75: =IFERROR(__xludf.DUMMYFUNCTION("""COMPUTED_VALUE"""),"#REF!") -> #REF!
K76: =IFERROR(__xludf.DUMMYFUNCTION("""COMPUTED_VALUE"""),"Прочие платежи") -> Прочие платежи | O76: =IFERROR(__xludf.DUMMYFUNCTION("""COMPUTED_VALUE"""),122.586689999999) -> 122.58669 | P76: =IFERROR(__xludf.DUMMYFUNCTION("""COMPUTED_VALUE"""),7.29728999999997) -> 7.29729 | S76: =IFERROR(__xludf.DUMMYFUNCTION("""COMPUTED_VALUE"""),7.29728999999997) -> 7.29729 | V76: =IFERROR(__xludf.DUMMYFUNCTION("""COMPUTED_VALUE"""),122.586689999999) -> 122.58669
K77: =IFERROR(__xludf.DUMMYFUNCTION("""COMPUTED_VALUE"""),"Повышение квалификации") -> Повышение квалификации | O77: =IFERROR(__xludf.DUMMYFUNCTION("""COMPUTED_VALUE"""),1.15999999999621) -> 1.16 | Y77: =IFERROR(__xludf.DUMMYFUNCTION("""COMPUTED_VALUE"""),46343.5599999999) -> 46343.56
K78: =IFERROR(__xludf.DUMMYFUNCTION("""COMPUTED_VALUE"""),"спецодежда") -> спецодежда | O78: =IFERROR(__xludf.DUMMYFUNCTION("""COMPUTED_VALUE"""),0) -> 0
R80: =IFERROR(__xludf.DUMMYFUNCTION("""COMPUTED_VALUE"""),0) -> 0
K81: =IFERROR(__xludf.DUMMYFUNCTION("""COMPUTED_VALUE"""),"Ожидаемый процент освоения:") -> Ожидаемый процент освоения:
O82: =IFERROR(__xludf.DUMMYFUNCTION("""COMPUTED_VALUE"""),0.0289999991364311) -> 0.028999999
O83: =IFERROR(__xludf.DUMMYFUNCTION("""COMPUTED_VALUE"""),-0.00100000124893995) -> -0.0010000012

Sheet по ТД (копия)
A2: Наименование | C2: По обязательствам | G2: По платежам | K2: по видам расходов
C3: План сначала года | D3: Принятые обязательства | E3: Отклонение | F3: % исполнения | G3: План сначала года | H3: Оплаченные обязательства | I3: Остаток по платежам | J3: % исполнения | K3: ФОТ | L3: Командировочные | M3: Коммуналка | N3: Кап расходы (авто) | O3: Кап расходы (ОС) | P3: Кап расходы (Капремонт) | Q3: ГСМ | R3: Запасы | S3: Сизы | T3: Аренда автотранспорта | U3: Услуги и работы прочие | V3: Услуги связи | W3: Услуги госзаказ | X3: Прочие платежи | Y3: Повышение квалификации | Z3: 143 | AA3: маттехоснащение
A4: 1 | B4: 2 | C4: 3 | D4: 4 | E4: 5 | F4: 6 | G4: 7 | H4: 8 | I4: 9 | J4: 10
A5: ВСЕГО по КСЭК МЗ РК | B5: =SUM(B6:B27) -> 46597341 | C5: =SUM(C6:C27) -> 32115555 | D5: =SUM(D6:D27) -> 31877040 | E5: =SUM(E6:E27) -> 238515.08 | F5: =D5/C5*100 -> 99.257322 | G5: =SUM(G6:G27) -> 20799211 | H5: =SUM(H6:H27) -> 20793403 | I5: =SUM(I6:I27) -> 5807.4684 | J5: =H5/G5*100 -> 99.972078 | K5: =SUM(K6:K27) -> 1087.0334 | L5: =SUM(L6:L27) -> 169.644 | M5: =SUM(M6:M27) -> 991.20042 | N5: =SUM(N6:N27) -> 0 | O5: =SUM(O6:O27) -> 2218.5946 | P5: =SUM(P6:P27) -> 545.48173 | Q5: =SUM(Q6:Q27) -> 320.41682 | R5: =SUM(R6:R27) -> 224.21391 | ... AA5: =SUM(AA6:AA27) -> 0
A6: ЦА КСЭК МЗ РК | B6: =ЦА!E8 -> 4378631.6 | C6: =ЦА!F8 -> 733720.2 | D6: =ЦА!G8 -> 731296.58 | E6: =ЦА!H8 -> 2423.617 | F6: =ЦА!I8 -> 99.669681 | G6: =ЦА!K8 -> 526003.3 | H6: =ЦА!L8 -> 526002.82 | I6: =ЦА!M8 -> 0.48039 | J6: =ЦА!O8 -> 99.999909 | K6: =ЦА!O64 -> 0.103 | L6: =ЦА!O65 -> 0 | N6: =ЦА!O67 -> 0 | O6: =ЦА!O68 -> 0 | R6: =ЦА!O71 -> 0.141 | T6: =ЦА!O73 -> 0 | U6: =ЦА!O74 -> 0.096 | V6: =ЦА!O75 -> 0.14039 | W6: =ЦА!O76 -> 0 | X6: =ЦА!O77 -> 0 | Y6: =ЦА!O80 -> 0 | AA6: =ЦА!O79 -> 0
A7: ДСЭК Акмолинской области КСЭК МЗ РК | B7: =IFERROR(__xludf.DUMMYFUNCTION("IMPORTRANGE(""https://docs.google.com/spreadsheets/d/1PsUKG3ee57b5sx42omjfZd9CYxuRONokMWtiORmUc0s/edit#gid=1568135178"",""по ТД!B7:Z27"")"),2360608) -> 2360608 | C7: =IFERROR(__xludf.DUMMYFUNCTION("""COMPUTED_VALUE"""),1842383.6) -> 1842383.6 | D7: =IFERROR(__xludf.DUMMYFUNCTION("""COMPUTED_VALUE"""),1836802.48) -> 1836802.5 | E7: =IFERROR(__xludf.DUMMYFUNCTION("""COMPUTED_VALUE"""),5581.11999999987) -> 5581.12 | F7: =IFERROR(__xludf.DUMMYFUNCTION("""COMPUTED_VALUE"""),99.6970706860395) -> 99.697071 | G7: =IFERROR(__xludf.DUMMYFUNCTION("""COMPUTED_VALUE"""),1325835.4) -> 1325835.4 | H7: =IFERROR(__xludf.DUMMYFUNCTION("""COMPUTED_VALUE"""),1325731.801) -> 1325731.8 | I7: =IFERROR(__xludf.DUMMYFUNCTION("""COMPUTED_VALUE"""),103.598999999929) -> 103.599 | J7: =IFERROR(__xludf.DUMMYFUNCTION("""COMPUTED_VALUE"""),99.9921861341159) -> 99.992186 | K7: =IFERROR(__xludf.DUMMYFUNCTION("""COMPUTED_VALUE"""),36.3080000000009) -> 36.308 | L7: =IFERROR(__xludf.DUMMYFUNCTION("""COMPUTED_VALUE"""),0) -> 0 | M7: =IFERROR(__xludf.DUMMYFUNCTION("""COMPUTED_VALUE"""),0) -> 0 | N7: =IFERROR(__xludf.DUMMYFUNCTION("""COMPUTED_VALUE"""),0) -> 0 | O7: =IFERROR(__xludf.DUMMYFUNCTION("""COMPUTED_VALUE"""),31.048) -> 31.048 | P7: =IFERROR(__xludf.DUMMYFUNCTION("""COMPUTED_VALUE"""),0) -> 0 | Q7: =IFERROR(__xludf.DUMMYFUNCTION("""COMPUTED_VALUE"""),0.0180000000000291) -> 0.018 | R7: =IFERROR(__xludf.DUMMYFUNCTION("""COMPUTED_VALUE"""),0.0230000000010477) -> 0.023 | S7: =IFERROR(__xludf.DUMMYFUNCTION("""COMPUTED_VALUE"""),9.4) -> 9.4 | T7: =IFERROR(__xludf.DUMMYFUNCTION("""COMPUTED_VALUE"""),0) -> 0 | U7: =IFERROR(__xludf.DUMMYFUNCTION("""COMPUTED_VALUE"""),26.6719999999999) -> 26.672 | V7: =IFERROR(__xludf.DUMMYFUNCTION("""COMPUTED_VALUE"""),0) -> 0 | W7: =IFERROR(__xludf.DUMMYFUNCTION("""COMPUTED_VALUE"""),0.018999999971129) -> 0.019 | X7: =IFERROR(__xludf.DUMMYFUNCTION("""COMPUTED_VALUE"""),0.091000000000001) -> 0.091 | Y7: =IFERROR(__xludf.DUMMYFUNCTION("""COMPUTED_VALUE"""),0.0199999999999818) -> 0.02
A8: ДСЭК Актюбинской области КСЭК МЗ РК | B8: =IFERROR(__xludf.DUMMYFUNCTION("""COMPUTED_VALUE"""),1949055.7) -> 1949055.7 | C8: =IFERROR(__xludf.DUMMYFUNCTION("""COMPUTED_VALUE"""),1501536.1) -> 1501536.1 | D8: =IFERROR(__xludf.DUMMYFUNCTION("""COMPUTED_VALUE"""),1501531.295) -> 1501531.3 | E8: =IFERROR(__xludf.DUMMYFUNCTION("""COMPUTED_VALUE"""),4.8049999999892) -> 4.805 | F8: =IFERROR(__xludf.DUMMYFUNCTION("""COMPUTED_VALUE"""),99.9996799943737) -> 99.99968 | G8: =IFERROR(__xludf.DUMMYFUNCTION("""COMPUTED_VALUE"""),941974.399999999) -> 941974.4 | H8: =IFERROR(__xludf.DUMMYFUNCTION("""COMPUTED_VALUE"""),941970.738999999) -> 941970.74 | I8: =IFERROR(__xludf.DUMMYFUNCTION("""COMPUTED_VALUE"""),3.66100000001398) -> 3.661 | J8: =IFERROR(__xludf.DUMMYFUNCTION("""COMPUTED_VALUE"""),99.9996113482489) -> 99.999611 | K8: =IFERROR(__xludf.DUMMYFUNCTION("""COMPUTED_VALUE"""),0) -> 0 | L8: =IFERROR(__xludf.DUMMYFUNCTION("""COMPUTED_VALUE"""),3.43799999999998) -> 3.438 | M8: =IFERROR(__xludf.DUMMYFUNCTION("""COMPUTED_VALUE"""),0) -> 0 | N8: =IFERROR(__xludf.DUMMYFUNCTION("""COMPUTED_VALUE"""),0) -> 0 | O8: =IFERROR(__xludf.DUMMYFUNCTION("""COMPUTED_VALUE"""),0.0830000000000268) -> 0.083 | P8: =IFERROR(__xludf.DUMMYFUNCTION("""COMPUTED_VALUE"""),0) -> 0 | Q8: =IFERROR(__xludf.DUMMYFUNCTION("""COMPUTED_VALUE"""),0) -> 0 | R8: =IFERROR(__xludf.DUMMYFUNCTION("""COMPUTED_VALUE"""),0.00499999999965439) -> 0.005 | S8: =IFERROR(__xludf.DUMMYFUNCTION("""COMPUTED_VALUE"""),0) -> 0 | T8: =IFERROR(__xludf.DUMMYFUNCTION("""COMPUTED_VALUE"""),0.0749999999998181) -> 0.075 | U8: =IFERROR(__xludf.DUMMYFUNCTION("""COMPUTED_VALUE"""),0.0599999999976716) -> 0.06 | V8: =IFERROR(__xludf.DUMMYFUNCTION("""COMPUTED_VALUE"""),0) -> 0 | W8: =IFERROR(__xludf.DUMMYFUNCTION("""COMPUTED_VALUE"""),0) -> 0 | X8: =IFERROR(__xludf.DUMMYFUNCTION("""COMPUTED_VALUE"""),0) -> 0 | Y8: =IFERROR(__xludf.DUMMYFUNCTION("""COMPUTED_VALUE"""),0) -> 0
A9: ДСЭК Алматинской области КСЭК МЗ РК | B9: =IFERROR(__xludf.DUMMYFUNCTION("""COMPUTED_VALUE"""),1823103.4) -> 1823103.4 | C9: =IFERROR(__xludf.DUMMYFUNCTION("""COMPUTED_VALUE"""),1325432.8) -> 1325432.8 | D9: =IFERROR(__xludf.DUMMYFUNCTION("""COMPUTED_VALUE"""),1324233.97621) -> 1324234 | E9: =IFERROR(__xludf.DUMMYFUNCTION("""COMPUTED_VALUE"""),1198.82379000005) -> 1198.8238 | F9: =IFERROR(__xludf.DUMMYFUNCTION("""COMPUTED_VALUE"""),99.909552276811) -> 99.909552 | G9: =IFERROR(__xludf.DUMMYFUNCTION("""COMPUTED_VALUE"""),726870.6) -> 726870.6 | H9: =IFERROR(__xludf.DUMMYFUNCTION("""COMPUTED_VALUE"""),726870.43765) -> 726870.44 | I9: =IFERROR(__xludf.DUMMYFUNCTION("""COMPUTED_VALUE"""),0.162349999998696) -> 0.16235 | J9: =IFERROR(__xludf.DUMMYFUNCTION("""COMPUTED_VALUE"""),99.9999776645251) -> 99.999978 | K9: =IFERROR(__xludf.DUMMYFUNCTION("""COMPUTED_VALUE"""),0) -> 0 | L9: =IFERROR(__xludf.DUMMYFUNCTION("""COMPUTED_VALUE"""),0) -> 0 | M9: =IFERROR(__xludf.DUMMYFUNCTION("""COMPUTED_VALUE"""),0) -> 0 | N9: =IFERROR(__xludf.DUMMYFUNCTION("""COMPUTED_VALUE"""),0) -> 0 | O9: =IFERROR(__xludf.DUMMYFUNCTION("""COMPUTED_VALUE"""),0) -> 0 | P9: =IFERROR(__xludf.DUMMYFUNCTION("""COMPUTED_VALUE"""),0) -> 0 | Q9: =IFERROR(__xludf.DUMMYFUNCTION("""COMPUTED_VALUE"""),0.0706800000007206) -> 0.07068 | R9: =IFERROR(__xludf.DUMMYFUNCTION("""COMPUTED_VALUE"""),0.0582399999998415) -> 0.05824 | S9: =IFERROR(__xludf.DUMMYFUNCTION("""COMPUTED_VALUE"""),0) -> 0 | T9: =IFERROR(__xludf.DUMMYFUNCTION("""COMPUTED_VALUE"""),0) -> 0 | U9: =IFERROR(__xludf.DUMMYFUNCTION("""COMPUTED_VALUE"""),0) -> 0 | V9: =IFERROR(__xludf.DUMMYFUNCTION("""COMPUTED_VALUE"""),0) -> 0 | W9: =IFERROR(__xludf.DUMMYFUNCTION("""COMPUTED_VALUE"""),0.0334300000104121) -> 0.03343 | X9: =IFERROR(__xludf.DUMMYFUNCTION("""COMPUTED_VALUE"""),0) -> 0 | Y9: =IFERROR(__xludf.DUMMYFUNCTION("""COMPUTED_VALUE"""),0) -> 0
A10: ДСЭК Атырауской области КСЭК МЗ РК | B10: =IFERROR(__xludf.DUMMYFUNCTION("""COMPUTED_VALUE"""),1509428.5) -> 1509428.5 | C10: =IFERROR(__xludf.DUMMYFUNCTION("""COMPUTED_VALUE"""),1085777.3) -> 1085777.3 | D10: =IFERROR(__xludf.DUMMYFUNCTION("""COMPUTED_VALUE"""),1081132.99599999) -> 1081133 | E10: =IFERROR(__xludf.DUMMYFUNCTION("""COMPUTED_VALUE"""),4644.30400000023) -> 4644.304 | F10: =IFERROR(__xludf.DUMMYFUNCTION("""COMPUTED_VALUE"""),99.5722599837001) -> 99.57226 | G10: =IFERROR(__xludf.DUMMYFUNCTION("""COMPUTED_VALUE"""),667642.4) -> 667642.4 | H10: =IFERROR(__xludf.DUMMYFUNCTION("""COMPUTED_VALUE"""),667156.566) -> 667156.57 | I10: =IFERROR(__xludf.DUMMYFUNCTION("""COMPUTED_VALUE"""),485.834000000031) -> 485.834 | J10: =IFERROR(__xludf.DUMMYFUNCTION("""COMPUTED_VALUE"""),99.9272314041169) -> 99.927231 | K10: =IFERROR(__xludf.DUMMYFUNCTION("""COMPUTED_VALUE"""),477.560000000009) -> 477.56 | L10: =IFERROR(__xludf.DUMMYFUNCTION("""COMPUTED_VALUE"""),0) -> 0 | M10: =IFERROR(__xludf.DUMMYFUNCTION("""COMPUTED_VALUE"""),0) -> 0 | N10: =IFERROR(__xludf.DUMMYFUNCTION("""COMPUTED_VALUE"""),0) -> 0 | O10: =IFERROR(__xludf.DUMMYFUNCTION("""COMPUTED_VALUE"""),0) -> 0 | P10: =IFERROR(__xludf.DUMMYFUNCTION("""COMPUTED_VALUE"""),0) -> 0 | Q10: =IFERROR(__xludf.DUMMYFUNCTION("""COMPUTED_VALUE"""),1.68400000000019) -> 1.684 | R10: =IFERROR(__xludf.DUMMYFUNCTION("""COMPUTED_VALUE"""),0.900000000000545) -> 0.9 | S10: =IFERROR(__xludf.DUMMYFUNCTION("""COMPUTED_VALUE"""),0) -> 0 | T10: =IFERROR(__xludf.DUMMYFUNCTION("""COMPUTED_VALUE"""),0) -> 0 | U10: =IFERROR(__xludf.DUMMYFUNCTION("""COMPUTED_VALUE"""),0) -> 0 | V10: =IFERROR(__xludf.DUMMYFUNCTION("""COMPUTED_VALUE"""),0) -> 0 | W10: =IFERROR(__xludf.DUMMYFUNCTION("""COMPUTED_VALUE"""),0) -> 0 | X10: =IFERROR(__xludf.DUMMYFUNCTION("""COMPUTED_VALUE"""),0) -> 0 | Y10: =IFERROR(__xludf.DUMMYFUNCTION("""COMPUTED_VALUE"""),0.0600000000001728) -> 0.06
A11: ДСЭК ВКО КСЭК МЗ РК | B11: =IFERROR(__xludf.DUMMYFUNCTION("""COMPUTED_VALUE"""),2237806.89999999) -> 2237806.9 | C11: =IFERROR(__xludf.DUMMYFUNCTION("""COMPUTED_VALUE"""),1701757.1) -> 1701757.1 | D11: =IFERROR(__xludf.DUMMYFUNCTION("""COMPUTED_VALUE"""),1701142.54305) -> 1701142.5 | E11: =IFERROR(__xludf.DUMMYFUNCTION("""COMPUTED_VALUE"""),614.556950000114) -> 614.55695 | F11: =IFERROR(__xludf.DUMMYFUNCTION("""COMPUTED_VALUE"""),99.9638869172339) -> 99.963887 | G11: =IFERROR(__xludf.DUMMYFUNCTION("""COMPUTED_VALUE"""),1189600.2) -> 1189600.2 | H11: =IFERROR(__xludf.DUMMYFUNCTION("""COMPUTED_VALUE"""),1189285.18468) -> 1189285.2 | I11: =IFERROR(__xludf.DUMMYFUNCTION("""COMPUTED_VALUE"""),315.015320000238) -> 315.01532 | J11: =IFERROR(__xludf.DUMMYFUNCTION("""COMPUTED_VALUE"""),99.9735192277203) -> 99.973519 | K11: =IFERROR(__xludf.DUMMYFUNCTION("""COMPUTED_VALUE"""),0.000970000005509064) -> 0.00097000001 | L11: =IFERROR(__xludf.DUMMYFUNCTION("""COMPUTED_VALUE"""),0.0389999999999872) -> 0.039 | M11: =IFERROR(__xludf.DUMMYFUNCTION("""COMPUTED_VALUE"""),0) -> 0 | N11: =IFERROR(__xludf.DUMMYFUNCTION("""COMPUTED_VALUE"""),0) -> 0 | O11: =IFERROR(__xludf.DUMMYFUNCTION("""COMPUTED_VALUE"""),0) -> 0 | P11: =IFERROR(__xludf.DUMMYFUNCTION("""COMPUTED_VALUE"""),0.0107299999999668) -> 0.01073 | Q11: =IFERROR(__xludf.DUMMYFUNCTION("""COMPUTED_VALUE"""),314.782729999999) -> 314.78273 | R11: =IFERROR(__xludf.DUMMYFUNCTION("""COMPUTED_VALUE"""),0.0320300000003044) -> 0.03203 | S11: =IFERROR(__xludf.DUMMYFUNCTION("""COMPUTED_VALUE"""),0) -> 0 | T11: =IFERROR(__xludf.DUMMYFUNCTION("""COMPUTED_VALUE"""),0.0217599999996309) -> 0.02176 | U11: =IFERROR(__xludf.DUMMYFUNCTION("""COMPUTED_VALUE"""),0.0103599999999914) -> 0.01036 | V11: =IFERROR(__xludf.DUMMYFUNCTION("""COMPUTED_VALUE"""),0) -> 0 | W11: =IFERROR(__xludf.DUMMYFUNCTION("""COMPUTED_VALUE"""),0) -> 0 | X11: =IFERROR(__xludf.DUMMYFUNCTION("""COMPUTED_VALUE"""),0.0569700000000084) -> 0.05697 | Y11: =IFERROR(__xludf.DUMMYFUNCTION("""COMPUTED_VALUE"""),0.0600000000000591) -> 0.06
A12: ДСЭК Жамбылской области КСЭК МЗ РК | B12: =IFERROR(__xludf.DUMMYFUNCTION("""COMPUTED_VALUE"""),2620372.89999999) -> 2620372.9 | C12: =IFERROR(__xludf.DUMMYFUNCTION("""COMPUTED_VALUE"""),1916864.39999999) -> 1916864.4 | D12: =IFERROR(__xludf.DUMMYFUNCTION("""COMPUTED_VALUE"""),1916806.139) -> 1916806.1 | E12: =IFERROR(__xludf.DUMMYFUNCTION("""COMPUTED_VALUE"""),58.2609999994747) -> 58.261 | F12: =IFERROR(__xludf.DUMMYFUNCTION("""COMPUTED_VALUE"""),99.9969606092116) -> 99.996961 | G12: =IFERROR(__xludf.DUMMYFUNCTION("""COMPUTED_VALUE"""),1292133.7) -> 1292133.7 | H12: =IFERROR(__xludf.DUMMYFUNCTION("""COMPUTED_VALUE"""),1292133.448) -> 1292133.4 | I12: =IFERROR(__xludf.DUMMYFUNCTION("""COMPUTED_VALUE"""),0.251999999862164) -> 0.252 | J12: =IFERROR(__xludf.DUMMYFUNCTION("""COMPUTED_VALUE"""),99.9999804973742) -> 99.99998 | K12: =IFERROR(__xludf.DUMMYFUNCTION("""COMPUTED_VALUE"""),0) -> 0 | L12: =IFERROR(__xludf.DUMMYFUNCTION("""COMPUTED_VALUE"""),0) -> 0 | M12: =IFERROR(__xludf.DUMMYFUNCTION("""COMPUTED_VALUE"""),0) -> 0 | N12: =IFERROR(__xludf.DUMMYFUNCTION("""COMPUTED_VALUE"""),0) -> 0 | O12: =IFERROR(__xludf.DUMMYFUNCTION("""COMPUTED_VALUE"""),0) -> 0 | P12: =IFERROR(__xludf.DUMMYFUNCTION("""COMPUTED_VALUE"""),0) -> 0 | Q12: =IFERROR(__xludf.DUMMYFUNCTION("""COMPUTED_VALUE"""),0.033000000001266) -> 0.033 | R12: =IFERROR(__xludf.DUMMYFUNCTION("""COMPUTED_VALUE"""),0) -> 0 | S12: =IFERROR(__xludf.DUMMYFUNCTION("""COMPUTED_VALUE"""),0) -> 0 | T12: =IFERROR(__xludf.DUMMYFUNCTION("""COMPUTED_VALUE"""),0) -> 0 | U12: =IFERROR(__xludf.DUMMYFUNCTION("""COMPUTED_VALUE"""),0.0690000000000168) -> 0.069 | V12: =IFERROR(__xludf.DUMMYFUNCTION("""COMPUTED_VALUE"""),0) -> 0 | W12: =IFERROR(__xludf.DUMMYFUNCTION("""COMPUTED_VALUE"""),0.149999999965075) -> 0.15 | X12: =IFERROR(__xludf.DUMMYFUNCTION("""COMPUTED_VALUE"""),0) -> 0 | Y12: =IFERROR(__xludf.DUMMYFUNCTION("""COMPUTED_VALUE"""),0) -> 0
A13: ДСЭК ЗКО КСЭК МЗ РК | B13: =IFERROR(__xludf.DUMMYFUNCTION("""COMPUTED_VALUE"""),1698582) -> 1698582 | C13: =IFERROR(__xludf.DUMMYFUNCTION("""COMPUTED_VALUE"""),1174274.09999999) -> 1174274.1 | D13: =IFERROR(__xludf.DUMMYFUNCTION("""COMPUTED_VALUE"""),1174114.35292) -> 1174114.4 | E13: =IFERROR(__xludf.DUMMYFUNCTION("""COMPUTED_VALUE"""),159.747079999884) -> 159.74708 | F13: =IFERROR(__xludf.DUMMYFUNCTION("""COMPUTED_VALUE"""),99.9863960995137) -> 99.986396 | G13: =IFERROR(__xludf.DUMMYFUNCTION("""COMPUTED_VALUE"""),836317.1) -> 836317.1 | H13: =IFERROR(__xludf.DUMMYFUNCTION("""COMPUTED_VALUE"""),836268.22095) -> 836268.22 | I13: =IFERROR(__xludf.DUMMYFUNCTION("""COMPUTED_VALUE"""),48.8790499999886) -> 48.87905 | J13: =IFERROR(__xludf.DUMMYFUNCTION("""COMPUTED_VALUE"""),99.9941554405619) -> 99.994155 | K13: =IFERROR(__xludf.DUMMYFUNCTION("""COMPUTED_VALUE"""),0) -> 0 | L13: =IFERROR(__xludf.DUMMYFUNCTION("""COMPUTED_VALUE"""),39.4499999999999) -> 39.45 | M13: =IFERROR(__xludf.DUMMYFUNCTION("""COMPUTED_VALUE"""),0.000419999999849096) -> 0.00042 | N13: =IFERROR(__xludf.DUMMYFUNCTION("""COMPUTED_VALUE"""),0) -> 0 | O13: =IFERROR(__xludf.DUMMYFUNCTION("""COMPUTED_VALUE"""),0.0876000000000658) -> 0.0876 | P13: =IFERROR(__xludf.DUMMYFUNCTION("""COMPUTED_VALUE"""),0) -> 0 | Q13: =IFERROR(__xludf.DUMMYFUNCTION("""COMPUTED_VALUE"""),1.1627199999998) -> 1.16272 | R13: =IFERROR(__xludf.DUMMYFUNCTION("""COMPUTED_VALUE"""),0.0504600000003847) -> 0.05046 | S13: =IFERROR(__xludf.DUMMYFUNCTION("""COMPUTED_VALUE"""),0) -> 0 | T13: =IFERROR(__xludf.DUMMYFUNCTION("""COMPUTED_VALUE"""),0.0399999999999636) -> 0.04 | U13: =IFERROR(__xludf.DUMMYFUNCTION("""COMPUTED_VALUE"""),0) -> 0 | V13: =IFERROR(__xludf.DUMMYFUNCTION("""COMPUTED_VALUE"""),0.719260000000019) -> 0.71926 | W13: =IFERROR(__xludf.DUMMYFUNCTION("""COMPUTED_VALUE"""),0) -> 0 | X13: =IFERROR(__xludf.DUMMYFUNCTION("""COMPUTED_VALUE"""),7.28858999999999) -> 7.28859 | Y13: =IFERROR(__xludf.DUMMYFUNCTION("""COMPUTED_VALUE"""),0.0799999999999272) -> 0.08
A14: ДСЭК Карагандинской области КСЭК МЗ РК | B14: =IFERROR(__xludf.DUMMYFUNCTION("""COMPUTED_VALUE"""),2371267.2) -> 2371267.2 | C14: =IFERROR(__xludf.DUMMYFUNCTION("""COMPUTED_VALUE"""),1694045.2) -> 1694045.2 | D14: =IFERROR(__xludf.DUMMYFUNCTION("""COMPUTED_VALUE"""),1685389.74199999) -> 1685389.7 | E14: =IFERROR(__xludf.DUMMYFUNCTION("""COMPUTED_VALUE"""),8655.45800000033) -> 8655.458 | F14: =IFERROR(__xludf.DUMMYFUNCTION("""COMPUTED_VALUE"""),99.4890656990734) -> 99.489066 | G14: =IFERROR(__xludf.DUMMYFUNCTION("""COMPUTED_VALUE"""),1118258.6) -> 1118258.6 | H14: =IFERROR(__xludf.DUMMYFUNCTION("""COMPUTED_VALUE"""),1117935.074) -> 1117935.1 | I14: =IFERROR(__xludf.DUMMYFUNCTION("""COMPUTED_VALUE"""),323.52600000007) -> 323.526 | J14: =IFERROR(__xludf.DUMMYFUNCTION("""COMPUTED_VALUE"""),99.9710687670991) -> 99.971069 | K14: =IFERROR(__xludf.DUMMYFUNCTION("""COMPUTED_VALUE"""),0.0500000000120053) -> 0.05 | L14: =IFERROR(__xludf.DUMMYFUNCTION("""COMPUTED_VALUE"""),48.2000000000002) -> 48.2 | M14: =IFERROR(__xludf.DUMMYFUNCTION("""COMPUTED_VALUE"""),269.01) -> 269.01 | N14: =IFERROR(__xludf.DUMMYFUNCTION("""COMPUTED_VALUE"""),0) -> 0 | O14: =IFERROR(__xludf.DUMMYFUNCTION("""COMPUTED_VALUE"""),0.940000000000054) -> 0.94 | P14: =IFERROR(__xludf.DUMMYFUNCTION("""COMPUTED_VALUE"""),0) -> 0 | Q14: =IFERROR(__xludf.DUMMYFUNCTION("""COMPUTED_VALUE"""),0.639999999999636) -> 0.64 | R14: =IFERROR(__xludf.DUMMYFUNCTION("""COMPUTED_VALUE"""),0) -> 0 | S14: =IFERROR(__xludf.DUMMYFUNCTION("""COMPUTED_VALUE"""),0) -> 0 | T14: =IFERROR(__xludf.DUMMYFUNCTION("""COMPUTED_VALUE"""),0) -> 0 | U14: =IFERROR(__xludf.DUMMYFUNCTION("""COMPUTED_VALUE"""),0.680000000000063) -> 0.68 | V14: =IFERROR(__xludf.DUMMYFUNCTION("""COMPUTED_VALUE"""),1.72000000000001) -> 1.72 | W14: =IFERROR(__xludf.DUMMYFUNCTION("""COMPUTED_VALUE"""),0) -> 0 | X14: =IFERROR(__xludf.DUMMYFUNCTION("""COMPUTED_VALUE"""),2.27599999999994) -> 2.276 | Y14: =IFERROR(__xludf.DUMMYFUNCTION("""COMPUTED_VALUE"""),0) -> 0 | Z14: =IFERROR(__xludf.DUMMYFUNCTION("""COMPUTED_VALUE"""),0) -> 0
A15: ДСЭК Костанайской области КСЭК МЗ РК | B15: =IFERROR(__xludf.DUMMYFUNCTION("""COMPUTED_VALUE"""),2076315) -> 2076315 | C15: =IFERROR(__xludf.DUMMYFUNCTION("""COMPUTED_VALUE"""),1537145.5) -> 1537145.5 | D15: =IFERROR(__xludf.DUMMYFUNCTION("""COMPUTED_VALUE"""),1515598.36997) -> 1515598.4 | E15: =IFERROR(__xludf.DUMMYFUNCTION("""COMPUTED_VALUE"""),21547.1300299998) -> 21547.13 | F15: =IFERROR(__xludf.DUMMYFUNCTION("""COMPUTED_VALUE"""),98.5982374453166) -> 98.598237 | G15: =IFERROR(__xludf.DUMMYFUNCTION("""COMPUTED_VALUE"""),1065730.1) -> 1065730.1 | H15: =IFERROR(__xludf.DUMMYFUNCTION("""COMPUTED_VALUE"""),1065683.51284) -> 1065683.5 | I15: =IFERROR(__xludf.DUMMYFUNCTION("""COMPUTED_VALUE"""),46.5871600001119) -> 46.58716 | J15: =IFERROR(__xludf.DUMMYFUNCTION("""COMPUTED_VALUE"""),99.9956286155378) -> 99.995629 | K15: =IFERROR(__xludf.DUMMYFUNCTION("""COMPUTED_VALUE"""),45.8269999999975) -> 45.827 | L15: =IFERROR(__xludf.DUMMYFUNCTION("""COMPUTED_VALUE"""),0) -> 0 | M15: =IFERROR(__xludf.DUMMYFUNCTION("""COMPUTED_VALUE"""),0) -> 0 | N15: =IFERROR(__xludf.DUMMYFUNCTION("""COMPUTED_VALUE"""),0) -> 0 | O15: =IFERROR(__xludf.DUMMYFUNCTION("""COMPUTED_VALUE"""),0) -> 0 | P15: =IFERROR(__xludf.DUMMYFUNCTION("""COMPUTED_VALUE"""),0) -> 0 | Q15: =IFERROR(__xludf.DUMMYFUNCTION("""COMPUTED_VALUE"""),0.169959999999264) -> 0.16996 | R15: =IFERROR(__xludf.DUMMYFUNCTION("""COMPUTED_VALUE"""),0.0174399999996239) -> 0.01744 | S15: =IFERROR(__xludf.DUMMYFUNCTION("""COMPUTED_VALUE"""),0.460000000000036) -> 0.46 | T15: =IFERROR(__xludf.DUMMYFUNCTION("""COMPUTED_VALUE"""),0.0549999999998362) -> 0.055 | U15: =IFERROR(__xludf.DUMMYFUNCTION("""COMPUTED_VALUE"""),0.0000799999997980194) -> 8e-05 | V15: =IFERROR(__xludf.DUMMYFUNCTION("""COMPUTED_VALUE"""),0.0471800000000257) -> 0.04718 | W15: =IFERROR(__xludf.DUMMYFUNCTION("""COMPUTED_VALUE"""),0) -> 0 | X15: =IFERROR(__xludf.DUMMYFUNCTION("""COMPUTED_VALUE"""),0.0104999999999897) -> 0.0105 | Y15: =IFERROR(__xludf.DUMMYFUNCTION("""COMPUTED_VALUE"""),0) -> 0
A16: ДСЭК Кызылординской области КСЭК МЗ РК | B16: =IFERROR(__xludf.DUMMYFUNCTION("""COMPUTED_VALUE"""),2316724.5) -> 2316724.5 | C16: =IFERROR(__xludf.DUMMYFUNCTION("""COMPUTED_VALUE"""),1730661.4) -> 1730661.4 | D16: =IFERROR(__xludf.DUMMYFUNCTION("""COMPUTED_VALUE"""),1730026.624) -> 1730026.6 | E16: =IFERROR(__xludf.DUMMYFUNCTION("""COMPUTED_VALUE"""),634.775999999837) -> 634.776 | F16: =IFERROR(__xludf.DUMMYFUNCTION("""COMPUTED_VALUE"""),99.963321768198) -> 99.963322 | G16: =IFERROR(__xludf.DUMMYFUNCTION("""COMPUTED_VALUE"""),1145117.7) -> 1145117.7 | H16: =IFERROR(__xludf.DUMMYFUNCTION("""COMPUTED_VALUE"""),1145043.13099999) -> 1145043.1 | I16: =IFERROR(__xludf.DUMMYFUNCTION("""COMPUTED_VALUE"""),74.5690000001341) -> 74.569 | J16: =IFERROR(__xludf.DUMMYFUNCTION("""COMPUTED_VALUE"""),99.9934880929707) -> 99.993488 | K16: =IFERROR(__xludf.DUMMYFUNCTION("""COMPUTED_VALUE"""),73.1960000000035) -> 73.196 | L16: =IFERROR(__xludf.DUMMYFUNCTION("""COMPUTED_VALUE"""),0) -> 0 | M16: =IFERROR(__xludf.DUMMYFUNCTION("""COMPUTED_VALUE"""),0) -> 0 | N16: =IFERROR(__xludf.DUMMYFUNCTION("""COMPUTED_VALUE"""),0) -> 0 | O16: =IFERROR(__xludf.DUMMYFUNCTION("""COMPUTED_VALUE"""),0.412000000000006) -> 0.412 | P16: =IFERROR(__xludf.DUMMYFUNCTION("""COMPUTED_VALUE"""),0) -> 0 | Q16: =IFERROR(__xludf.DUMMYFUNCTION("""COMPUTED_VALUE"""),0.131999999999607) -> 0.132 | R16: =IFERROR(__xludf.DUMMYFUNCTION("""COMPUTED_VALUE"""),0) -> 0 | S16: =IFERROR(__xludf.DUMMYFUNCTION("""COMPUTED_VALUE"""),0) -> 0 | T16: =IFERROR(__xludf.DUMMYFUNCTION("""COMPUTED_VALUE"""),0) -> 0 | U16: =IFERROR(__xludf.DUMMYFUNCTION("""COMPUTED_VALUE"""),0.383999999999275) -> 0.384 | V16: =IFERROR(__xludf.DUMMYFUNCTION("""COMPUTED_VALUE"""),0.0410000000000536) -> 0.041 | W16: =IFERROR(__xludf.DUMMYFUNCTION("""COMPUTED_VALUE"""),0) -> 0 | X16: =IFERROR(__xludf.DUMMYFUNCTION("""COMPUTED_VALUE"""),0.343999999999994) -> 0.344 | Y16: =IFERROR(__xludf.DUMMYFUNCTION("""COMPUTED_VALUE"""),0.0599999999999454) -> 0.06
A17: ДСЭК Мангистауской области КСЭК МЗ РК | B17: =IFERROR(__xludf.DUMMYFUNCTION("""COMPUTED_VALUE"""),1285654.3) -> 1285654.3 | C17: =IFERROR(__xludf.DUMMYFUNCTION("""COMPUTED_VALUE"""),992472.2) -> 992472.2 | D17: =IFERROR(__xludf.DUMMYFUNCTION("""COMPUTED_VALUE"""),989627.26983) -> 989627.27 | E17: =IFERROR(__xludf.DUMMYFUNCTION("""COMPUTED_VALUE"""),2844.93016999994) -> 2844.9302 | F17: =IFERROR(__xludf.DUMMYFUNCTION("""COMPUTED_VALUE"""),99.7133491326004) -> 99.713349 | G17: =IFERROR(__xludf.DUMMYFUNCTION("""COMPUTED_VALUE"""),604047.4) -> 604047.4 | H17: =IFERROR(__xludf.DUMMYFUNCTION("""COMPUTED_VALUE"""),604021.84792) -> 604021.85 | I17: =IFERROR(__xludf.DUMMYFUNCTION("""COMPUTED_VALUE"""),25.5520800000522) -> 25.55208 | J17: =IFERROR(__xludf.DUMMYFUNCTION("""COMPUTED_VALUE"""),99.9957698551471) -> 99.99577 | K17: =IFERROR(__xludf.DUMMYFUNCTION("""COMPUTED_VALUE"""),25.220420000006) -> 25.22042 | L17: =IFERROR(__xludf.DUMMYFUNCTION("""COMPUTED_VALUE"""),0) -> 0 | M17: =IFERROR(__xludf.DUMMYFUNCTION("""COMPUTED_VALUE"""),0) -> 0 | N17: =IFERROR(__xludf.DUMMYFUNCTION("""COMPUTED_VALUE"""),0) -> 0 | O17: =IFERROR(__xludf.DUMMYFUNCTION("""COMPUTED_VALUE"""),0) -> 0 | P17: =IFERROR(__xludf.DUMMYFUNCTION("""COMPUTED_VALUE"""),0) -> 0 | Q17: =IFERROR(__xludf.DUMMYFUNCTION("""COMPUTED_VALUE"""),0.033730000000105) -> 0.03373 | R17: =IFERROR(__xludf.DUMMYFUNCTION("""COMPUTED_VALUE"""),0.0247399999998378) -> 0.02474 | S17: =IFERROR(__xludf.DUMMYFUNCTION("""COMPUTED_VALUE"""),0) -> 0 | T17: =IFERROR(__xludf.DUMMYFUNCTION("""COMPUTED_VALUE"""),0.0859999999997853) -> 0.086 | U17: =IFERROR(__xludf.DUMMYFUNCTION("""COMPUTED_VALUE"""),0.0187999999999988) -> 0.0188 | V17: =IFERROR(__xludf.DUMMYFUNCTION("""COMPUTED_VALUE"""),0.0566400000000157) -> 0.05664 | W17: =IFERROR(__xludf.DUMMYFUNCTION("""COMPUTED_VALUE"""),0.0651199999847449) -> 0.06512 | X17: =IFERROR(__xludf.DUMMYFUNCTION("""COMPUTED_VALUE"""),0.0466299999999932) -> 0.04663 | Y17: =IFERROR(__xludf.DUMMYFUNCTION("""COMPUTED_VALUE"""),0) -> 0
A18: ДСЭК Павлодарской области КСЭК МЗ РК | B18: =IFERROR(__xludf.DUMMYFUNCTION("""COMPUTED_VALUE"""),2063858.4) -> 2063858.4 | C18: =IFERROR(__xludf.DUMMYFUNCTION("""COMPUTED_VALUE"""),1525312.59999999) -> 1525312.6 | D18: =IFERROR(__xludf.DUMMYFUNCTION("""COMPUTED_VALUE"""),1524798.153) -> 1524798.2 | E18: =IFERROR(__xludf.DUMMYFUNCTION("""COMPUTED_VALUE"""),514.446999999927) -> 514.447 | F18: =IFERROR(__xludf.DUMMYFUNCTION("""COMPUTED_VALUE"""),99.9662726840386) -> 99.966273 | G18: =IFERROR(__xludf.DUMMYFUNCTION("""COMPUTED_VALUE"""),1027708.89999999) -> 1027708.9 | H18: =IFERROR(__xludf.DUMMYFUNCTION("""COMPUTED_VALUE"""),1027008.96199999) -> 1027009 | I18: =IFERROR(__xludf.DUMMYFUNCTION("""COMPUTED_VALUE"""),699.937999999965) -> 699.938 | J18: =IFERROR(__xludf.DUMMYFUNCTION("""COMPUTED_VALUE"""),99.931893360075) -> 99.931893 | K18: =IFERROR(__xludf.DUMMYFUNCTION("""COMPUTED_VALUE"""),0) -> 0 | L18: =IFERROR(__xludf.DUMMYFUNCTION("""COMPUTED_VALUE"""),0) -> 0 | M18: =IFERROR(__xludf.DUMMYFUNCTION("""COMPUTED_VALUE"""),0) -> 0 | N18: =IFERROR(__xludf.DUMMYFUNCTION("""COMPUTED_VALUE"""),0) -> 0 | O18: =IFERROR(__xludf.DUMMYFUNCTION("""COMPUTED_VALUE"""),46.447) -> 46.447 | P18: =IFERROR(__xludf.DUMMYFUNCTION("""COMPUTED_VALUE"""),545.471) -> 545.471 | Q18: =IFERROR(__xludf.DUMMYFUNCTION("""COMPUTED_VALUE"""),0) -> 0 | R18: =IFERROR(__xludf.DUMMYFUNCTION("""COMPUTED_VALUE"""),42.3800000000001) -> 42.38 | S18: =IFERROR(__xludf.DUMMYFUNCTION("""COMPUTED_VALUE"""),0) -> 0 | T18: =IFERROR(__xludf.DUMMYFUNCTION("""COMPUTED_VALUE"""),0) -> 0 | U18: =IFERROR(__xludf.DUMMYFUNCTION("""COMPUTED_VALUE"""),0) -> 0 | V18: =IFERROR(__xludf.DUMMYFUNCTION("""COMPUTED_VALUE"""),0) -> 0 | W18: =IFERROR(__xludf.DUMMYFUNCTION("""COMPUTED_VALUE"""),0) -> 0 | X18: =IFERROR(__xludf.DUMMYFUNCTION("""COMPUTED_VALUE"""),65.6399999999999) -> 65.64 | Y18: =IFERROR(__xludf.DUMMYFUNCTION("""COMPUTED_VALUE"""),0) -> 0
A19: ДСЭК СКО КСЭК МЗ РК | B19: =IFERROR(__xludf.DUMMYFUNCTION("""COMPUTED_VALUE"""),2119859.8) -> 2119859.8 | C19: =IFERROR(__xludf.DUMMYFUNCTION("""COMPUTED_VALUE"""),1648838.3) -> 1648838.3 | D19: =IFERROR(__xludf.DUMMYFUNCTION("""COMPUTED_VALUE"""),1646236.487) -> 1646236.5 | E19: =IFERROR(__xludf.DUMMYFUNCTION("""COMPUTED_VALUE"""),2601.81300000008) -> 2601.813 | F19: =IFERROR(__xludf.DUMMYFUNCTION("""COMPUTED_VALUE"""),99.8422032651716) -> 99.842203 | G19: =IFERROR(__xludf.DUMMYFUNCTION("""COMPUTED_VALUE"""),1020832.1) -> 1020832.1 | H19: =IFERROR(__xludf.DUMMYFUNCTION("""COMPUTED_VALUE"""),1020831.23899999) -> 1020831.2 | I19: =IFERROR(__xludf.DUMMYFUNCTION("""COMPUTED_VALUE"""),0.861000000266358) -> 0.861 | J19: =IFERROR(__xludf.DUMMYFUNCTION("""COMPUTED_VALUE"""),99.9999156570409) -> 99.999916 | K19: =IFERROR(__xludf.DUMMYFUNCTION("""COMPUTED_VALUE"""),0) -> 0 | L19: =IFERROR(__xludf.DUMMYFUNCTION("""COMPUTED_VALUE"""),0.529999999999745) -> 0.53 | M19: =IFERROR(__xludf.DUMMYFUNCTION("""COMPUTED_VALUE"""),0) -> 0 | N19: =IFERROR(__xludf.DUMMYFUNCTION("""COMPUTED_VALUE"""),0) -> 0 | O19: =IFERROR(__xludf.DUMMYFUNCTION("""COMPUTED_VALUE"""),0.0429999999998926) -> 0.043 | P19: =IFERROR(__xludf.DUMMYFUNCTION("""COMPUTED_VALUE"""),0) -> 0 | Q19: =IFERROR(__xludf.DUMMYFUNCTION("""COMPUTED_VALUE"""),0.0040000000008149) -> 0.004 | R19: =IFERROR(__xludf.DUMMYFUNCTION("""COMPUTED_VALUE"""),0) -> 0 | S19: =IFERROR(__xludf.DUMMYFUNCTION("""COMPUTED_VALUE"""),0) -> 0 | T19: =IFERROR(__xludf.DUMMYFUNCTION("""COMPUTED_VALUE"""),0) -> 0 | U19: =IFERROR(__xludf.DUMMYFUNCTION("""COMPUTED_VALUE"""),0) -> 0 | V19: =IFERROR(__xludf.DUMMYFUNCTION("""COMPUTED_VALUE"""),0) -> 0 | W19: =IFERROR(__xludf.DUMMYFUNCTION("""COMPUTED_VALUE"""),0) -> 0 | X19: =IFERROR(__xludf.DUMMYFUNCTION("""COMPUTED_VALUE"""),0.204000000000029) -> 0.204 | Y19: =IFERROR(__xludf.DUMMYFUNCTION("""COMPUTED_VALUE"""),0.0799999999999272) -> 0.08
A20: ДСЭК Туркестанской области КСЭК МЗ РК | B20: =IFERROR(__xludf.DUMMYFUNCTION("""COMPUTED_VALUE"""),3418539.09999999) -> 3418539.1 | C20: =IFERROR(__xludf.DUMMYFUNCTION("""COMPUTED_VALUE"""),2637663.09999999) -> 2637663.1 | D20: =IFERROR(__xludf.DUMMYFUNCTION("""COMPUTED_VALUE"""),2556241.216) -> 2556241.2 | E20: =IFERROR(__xludf.DUMMYFUNCTION("""COMPUTED_VALUE"""),81421.8839999996) -> 81421.884 | F20: =IFERROR(__xludf.DUMMYFUNCTION("""COMPUTED_VALUE"""),96.9131052407716) -> 96.913105 | G20: =IFERROR(__xludf.DUMMYFUNCTION("""COMPUTED_VALUE"""),1523457.1) -> 1523457.1 | H20: =IFERROR(__xludf.DUMMYFUNCTION("""COMPUTED_VALUE"""),1523452.459) -> 1523452.5 | I20: =IFERROR(__xludf.DUMMYFUNCTION("""COMPUTED_VALUE"""),4.64100000006146) -> 4.641 | J20: =IFERROR(__xludf.DUMMYFUNCTION("""COMPUTED_VALUE"""),99.9996953639193) -> 99.999695 | K20: =IFERROR(__xludf.DUMMYFUNCTION("""COMPUTED_VALUE"""),0) -> 0 | L20: =IFERROR(__xludf.DUMMYFUNCTION("""COMPUTED_VALUE"""),0.450000000000045) -> 0.45 | M20: =IFERROR(__xludf.DUMMYFUNCTION("""COMPUTED_VALUE"""),0) -> 0 | N20: =IFERROR(__xludf.DUMMYFUNCTION("""COMPUTED_VALUE"""),0) -> 0 | O20: =IFERROR(__xludf.DUMMYFUNCTION("""COMPUTED_VALUE"""),0.159999999999996) -> 0.16 | P20: =IFERROR(__xludf.DUMMYFUNCTION("""COMPUTED_VALUE"""),0) -> 0 | Q20: =IFERROR(__xludf.DUMMYFUNCTION("""COMPUTED_VALUE"""),0.28399999999965) -> 0.284 | R20: =IFERROR(__xludf.DUMMYFUNCTION("""COMPUTED_VALUE"""),0.055000000000291) -> 0.055 | S20: =IFERROR(__xludf.DUMMYFUNCTION("""COMPUTED_VALUE"""),0) -> 0 | T20: =IFERROR(__xludf.DUMMYFUNCTION("""COMPUTED_VALUE"""),0) -> 0 | U20: =IFERROR(__xludf.DUMMYFUNCTION("""COMPUTED_VALUE"""),1.8099999999996) -> 1.81 | V20: =IFERROR(__xludf.DUMMYFUNCTION("""COMPUTED_VALUE"""),0.200000000000045) -> 0.2 | W20: =IFERROR(__xludf.DUMMYFUNCTION("""COMPUTED_VALUE"""),0.820000000065192) -> 0.82 | X20: =IFERROR(__xludf.DUMMYFUNCTION("""COMPUTED_VALUE"""),0.382000000000005) -> 0.382 | Y20: =IFERROR(__xludf.DUMMYFUNCTION("""COMPUTED_VALUE"""),0.479999999999904) -> 0.48
A21: ДСЭК города Шымкент КСЭК МЗ РК | B21: =IFERROR(__xludf.DUMMYFUNCTION("""COMPUTED_VALUE"""),1550598.3) -> 1550598.3 | C21: =IFERROR(__xludf.DUMMYFUNCTION("""COMPUTED_VALUE"""),1132851) -> 1132851 | D21: =IFERROR(__xludf.DUMMYFUNCTION("""COMPUTED_VALUE"""),1132121.247) -> 1132121.2 | E21: =IFERROR(__xludf.DUMMYFUNCTION("""COMPUTED_VALUE"""),729.753000000026) -> 729.753 | F21: =IFERROR(__xludf.DUMMYFUNCTION("""COMPUTED_VALUE"""),99.9355826141302) -> 99.935583 | G21: =IFERROR(__xludf.DUMMYFUNCTION("""COMPUTED_VALUE"""),683747.2) -> 683747.2 | H21: =IFERROR(__xludf.DUMMYFUNCTION("""COMPUTED_VALUE"""),680878.188) -> 680878.19 | I21: =IFERROR(__xludf.DUMMYFUNCTION("""COMPUTED_VALUE"""),2869.01199999998) -> 2869.012 | J21: =IFERROR(__xludf.DUMMYFUNCTION("""COMPUTED_VALUE"""),99.5803987204627) -> 99.580399 | K21: =IFERROR(__xludf.DUMMYFUNCTION("""COMPUTED_VALUE"""),6.72999999998137) -> 6.73 | L21: =IFERROR(__xludf.DUMMYFUNCTION("""COMPUTED_VALUE"""),0) -> 0 | M21: =IFERROR(__xludf.DUMMYFUNCTION("""COMPUTED_VALUE"""),721.61) -> 721.61 | N21: =IFERROR(__xludf.DUMMYFUNCTION("""COMPUTED_VALUE"""),0) -> 0 | O21: =IFERROR(__xludf.DUMMYFUNCTION("""COMPUTED_VALUE"""),2139.2) -> 2139.2 | P21: =IFERROR(__xludf.DUMMYFUNCTION("""COMPUTED_VALUE"""),0) -> 0 | Q21: =IFERROR(__xludf.DUMMYFUNCTION("""COMPUTED_VALUE"""),0.0380000000000109) -> 0.038 | R21: =IFERROR(__xludf.DUMMYFUNCTION("""COMPUTED_VALUE"""),0.430000000000291) -> 0.43 | S21: =IFERROR(__xludf.DUMMYFUNCTION("""COMPUTED_VALUE"""),0) -> 0 | T21: =IFERROR(__xludf.DUMMYFUNCTION("""COMPUTED_VALUE"""),0.0299999999999727) -> 0.03 | U21: =IFERROR(__xludf.DUMMYFUNCTION("""COMPUTED_VALUE"""),0.774000000000029) -> 0.774 | V21: =IFERROR(__xludf.DUMMYFUNCTION("""COMPUTED_VALUE"""),0) -> 0 | W21: =IFERROR(__xludf.DUMMYFUNCTION("""COMPUTED_VALUE"""),0) -> 0 | X21: =IFERROR(__xludf.DUMMYFUNCTION("""COMPUTED_VALUE"""),0) -> 0 | Y21: =IFERROR(__xludf.DUMMYFUNCTION("""COMPUTED_VALUE"""),0.200000000000045) -> 0.2
A22: ДСЭК города Алматы КСЭК МЗ РК | B22: =IFERROR(__xludf.DUMMYFUNCTION("""COMPUTED_VALUE"""),3107811.19999999) -> 3107811.2 | C22: =IFERROR(__xludf.DUMMYFUNCTION("""COMPUTED_VALUE"""),2376043.2) -> 2376043.2 | D22: =IFERROR(__xludf.DUMMYFUNCTION("""COMPUTED_VALUE"""),2374258.459) -> 2374258.5 | E22: =IFERROR(__xludf.DUMMYFUNCTION("""COMPUTED_VALUE"""),1784.74100000038) -> 1784.741 | F22: =IFERROR(__xludf.DUMMYFUNCTION("""COMPUTED_VALUE"""),99.9248860037561) -> 99.924886 | G22: =IFERROR(__xludf.DUMMYFUNCTION("""COMPUTED_VALUE"""),1365898.497) -> 1365898.5 | H22: =IFERROR(__xludf.DUMMYFUNCTION("""COMPUTED_VALUE"""),1365898.433) -> 1365898.4 | I22: =IFERROR(__xludf.DUMMYFUNCTION("""COMPUTED_VALUE"""),0.0639999997802078) -> 0.064 | J22: =IFERROR(__xludf.DUMMYFUNCTION("""COMPUTED_VALUE"""),99.9999953144395) -> 99.999995 | K22: =IFERROR(__xludf.DUMMYFUNCTION("""COMPUTED_VALUE"""),0) -> 0 | L22: =IFERROR(__xludf.DUMMYFUNCTION("""COMPUTED_VALUE"""),0) -> 0 | M22: =IFERROR(__xludf.DUMMYFUNCTION("""COMPUTED_VALUE"""),0) -> 0 | N22: =IFERROR(__xludf.DUMMYFUNCTION("""COMPUTED_VALUE"""),0) -> 0 | O22: =IFERROR(__xludf.DUMMYFUNCTION("""COMPUTED_VALUE"""),0) -> 0 | P22: =IFERROR(__xludf.DUMMYFUNCTION("""COMPUTED_VALUE"""),0) -> 0 | Q22: =IFERROR(__xludf.DUMMYFUNCTION("""COMPUTED_VALUE"""),0) -> 0 | R22: =IFERROR(__xludf.DUMMYFUNCTION("""COMPUTED_VALUE"""),0) -> 0 | ... V22: =IFERROR(__xludf.DUMMYFUNCTION("""COMPUTED_VALUE"""),0) -> 0 | W22: =IFERROR(__xludf.DUMMYFUNCTION("""COMPUTED_VALUE"""),0.0259999999543651) -> 0.026 | X22: =IFERROR(__xludf.DUMMYFUNCTION("""COMPUTED_VALUE"""),0.0380000000000038) -> 0.038 | Y22: =IFERROR(__xludf.DUMMYFUNCTION("""COMPUTED_VALUE"""),0) -> 0
A23: ДСЭК города Нур-Султан КСЭК МЗ РК | B23: =IFERROR(__xludf.DUMMYFUNCTION("""COMPUTED_VALUE"""),2106118.3) -> 2106118.3 | C23: =IFERROR(__xludf.DUMMYFUNCTION("""COMPUTED_VALUE"""),1731745.4) -> 1731745.4 | D23: =IFERROR(__xludf.DUMMYFUNCTION("""COMPUTED_VALUE"""),1696805.875) -> 1696805.9 | E23: =IFERROR(__xludf.DUMMYFUNCTION("""COMPUTED_VALUE"""),34939.5249999999) -> 34939.525 | F23: =IFERROR(__xludf.DUMMYFUNCTION("""COMPUTED_VALUE"""),97.9824098276802) -> 97.98241 | G23: =IFERROR(__xludf.DUMMYFUNCTION("""COMPUTED_VALUE"""),933786.5) -> 933786.5 | H23: =IFERROR(__xludf.DUMMYFUNCTION("""COMPUTED_VALUE"""),933511.701) -> 933511.7 | I23: =IFERROR(__xludf.DUMMYFUNCTION("""COMPUTED_VALUE"""),274.798999999766) -> 274.799 | J23: =IFERROR(__xludf.DUMMYFUNCTION("""COMPUTED_VALUE"""),99.970571538569) -> 99.970572 | K23: =IFERROR(__xludf.DUMMYFUNCTION("""COMPUTED_VALUE"""),231.480000000008) -> 231.48 | L23: =IFERROR(__xludf.DUMMYFUNCTION("""COMPUTED_VALUE"""),13.3609999999999) -> 13.361 | M23: =IFERROR(__xludf.DUMMYFUNCTION("""COMPUTED_VALUE"""),0) -> 0 | N23: =IFERROR(__xludf.DUMMYFUNCTION("""COMPUTED_VALUE"""),0) -> 0 | O23: =IFERROR(__xludf.DUMMYFUNCTION("""COMPUTED_VALUE"""),0) -> 0 | P23: =IFERROR(__xludf.DUMMYFUNCTION("""COMPUTED_VALUE"""),0) -> 0 | Q23: =IFERROR(__xludf.DUMMYFUNCTION("""COMPUTED_VALUE"""),0.0570000000000163) -> 0.057 | R23: =IFERROR(__xludf.DUMMYFUNCTION("""COMPUTED_VALUE"""),0.13299999999981) -> 0.133 | S23: =IFERROR(__xludf.DUMMYFUNCTION("""COMPUTED_VALUE"""),0) -> 0 | T23: =IFERROR(__xludf.DUMMYFUNCTION("""COMPUTED_VALUE"""),0) -> 0 | U23: =IFERROR(__xludf.DUMMYFUNCTION("""COMPUTED_VALUE"""),22.5040000000008) -> 22.504 | V23: =IFERROR(__xludf.DUMMYFUNCTION("""COMPUTED_VALUE"""),6.27100000000001) -> 6.271 | W23: =IFERROR(__xludf.DUMMYFUNCTION("""COMPUTED_VALUE"""),0.847999999998137) -> 0.848 | X23: =IFERROR(__xludf.DUMMYFUNCTION("""COMPUTED_VALUE"""),0.104999999999868) -> 0.105 | Y23: =IFERROR(__xludf.DUMMYFUNCTION("""COMPUTED_VALUE"""),0.0400000000000773) -> 0.04
A24: ДСЭК на транспорте КСЭК МЗ РК | B24: =IFERROR(__xludf.DUMMYFUNCTION("""COMPUTED_VALUE"""),1758925.7) -> 1758925.7 | C24: =IFERROR(__xludf.DUMMYFUNCTION("""COMPUTED_VALUE"""),1018192.9) -> 1018192.9 | D24: =IFERROR(__xludf.DUMMYFUNCTION("""COMPUTED_VALUE"""),1003682.216) -> 1003682.2 | E24: =IFERROR(__xludf.DUMMYFUNCTION("""COMPUTED_VALUE"""),14510.684) -> 14510.684 | F24: =IFERROR(__xludf.DUMMYFUNCTION("""COMPUTED_VALUE"""),98.5748590468466) -> 98.574859 | G24: =IFERROR(__xludf.DUMMYFUNCTION("""COMPUTED_VALUE"""),873890.6) -> 873890.6 | H24: =IFERROR(__xludf.DUMMYFUNCTION("""COMPUTED_VALUE"""),873843.478) -> 873843.48 | I24: =IFERROR(__xludf.DUMMYFUNCTION("""COMPUTED_VALUE"""),47.1219999999739) -> 47.122 | J24: =IFERROR(__xludf.DUMMYFUNCTION("""COMPUTED_VALUE"""),99.9946077918677) -> 99.994608 | K24: =IFERROR(__xludf.DUMMYFUNCTION("""COMPUTED_VALUE"""),2.11999999999534) -> 2.12 | L24: =IFERROR(__xludf.DUMMYFUNCTION("""COMPUTED_VALUE"""),0) -> 0 | M24: =IFERROR(__xludf.DUMMYFUNCTION("""COMPUTED_VALUE"""),0.00100000000020372) -> 0.001 | N24: =IFERROR(__xludf.DUMMYFUNCTION("""COMPUTED_VALUE"""),0) -> 0 | O24: =IFERROR(__xludf.DUMMYFUNCTION("""COMPUTED_VALUE"""),0.064) -> 0.064 | P24: =IFERROR(__xludf.DUMMYFUNCTION("""COMPUTED_VALUE"""),0) -> 0 | Q24: =IFERROR(__xludf.DUMMYFUNCTION("""COMPUTED_VALUE"""),0.0940000000009604) -> 0.094 | R24: =IFERROR(__xludf.DUMMYFUNCTION("""COMPUTED_VALUE"""),0) -> 0 | S24: =IFERROR(__xludf.DUMMYFUNCTION("""COMPUTED_VALUE"""),0) -> 0 | T24: =IFERROR(__xludf.DUMMYFUNCTION("""COMPUTED_VALUE"""),0) -> 0 | U24: =IFERROR(__xludf.DUMMYFUNCTION("""COMPUTED_VALUE"""),0) -> 0 | V24: =IFERROR(__xludf.DUMMYFUNCTION("""COMPUTED_VALUE"""),0) -> 0 | W24: =IFERROR(__xludf.DUMMYFUNCTION("""COMPUTED_VALUE"""),0) -> 0 | X24: =IFERROR(__xludf.DUMMYFUNCTION("""COMPUTED_VALUE"""),44.843) -> 44.843 | Y24: =IFERROR(__xludf.DUMMYFUNCTION("""COMPUTED_VALUE"""),0) -> 0
A25: Улытау | B25: =IFERROR(__xludf.DUMMYFUNCTION("""COMPUTED_VALUE"""),496354.2) -> 496354.2 | C25: =IFERROR(__xludf.DUMMYFUNCTION("""COMPUTED_VALUE"""),340724.2) -> 340724.2 | D25: =IFERROR(__xludf.DUMMYFUNCTION("""COMPUTED_VALUE"""),314674.634) -> 314674.63 | E25: =IFERROR(__xludf.DUMMYFUNCTION("""COMPUTED_VALUE"""),26049.5659999999) -> 26049.566 | F25: =IFERROR(__xludf.DUMMYFUNCTION("""COMPUTED_VALUE"""),92.3546475419122) -> 92.354648 | G25: =IFERROR(__xludf.DUMMYFUNCTION("""COMPUTED_VALUE"""),225490.9) -> 225490.9 | H25: =IFERROR(__xludf.DUMMYFUNCTION("""COMPUTED_VALUE"""),225210.754) -> 225210.75 | I25: =IFERROR(__xludf.DUMMYFUNCTION("""COMPUTED_VALUE"""),280.146000000007) -> 280.146 | J25: =IFERROR(__xludf.DUMMYFUNCTION("""COMPUTED_VALUE"""),99.8757617269699) -> 99.875762 | K25: =IFERROR(__xludf.DUMMYFUNCTION("""COMPUTED_VALUE"""),175.449999999999) -> 175.45 | L25: =IFERROR(__xludf.DUMMYFUNCTION("""COMPUTED_VALUE"""),57.0099999999999) -> 57.01 | M25: =IFERROR(__xludf.DUMMYFUNCTION("""COMPUTED_VALUE"""),0) -> 0 | N25: =IFERROR(__xludf.DUMMYFUNCTION("""COMPUTED_VALUE"""),0) -> 0 | O25: =IFERROR(__xludf.DUMMYFUNCTION("""COMPUTED_VALUE"""),0) -> 0 | P25: =IFERROR(__xludf.DUMMYFUNCTION("""COMPUTED_VALUE"""),0) -> 0 | Q25: =IFERROR(__xludf.DUMMYFUNCTION("""COMPUTED_VALUE"""),0.340000000000145) -> 0.34 | R25: =IFERROR(__xludf.DUMMYFUNCTION("""COMPUTED_VALUE"""),0.0399999999999636) -> 0.04 | S25: =IFERROR(__xludf.DUMMYFUNCTION("""COMPUTED_VALUE"""),0) -> 0 | T25: =IFERROR(__xludf.DUMMYFUNCTION("""COMPUTED_VALUE"""),0) -> 0 | U25: =IFERROR(__xludf.DUMMYFUNCTION("""COMPUTED_VALUE"""),0.11999999999989) -> 0.12 | V25: =IFERROR(__xludf.DUMMYFUNCTION("""COMPUTED_VALUE"""),46) -> 46 | W25: =IFERROR(__xludf.DUMMYFUNCTION("""COMPUTED_VALUE"""),0) -> 0 | X25: =IFERROR(__xludf.DUMMYFUNCTION("""COMPUTED_VALUE"""),1.126) -> 1.126 | Y25: =IFERROR(__xludf.DUMMYFUNCTION("""COMPUTED_VALUE"""),0.0599999999999454) -> 0.06
A26: Жетису | B26: =IFERROR(__xludf.DUMMYFUNCTION("""COMPUTED_VALUE"""),1531644.3) -> 1531644.3 | C26: =IFERROR(__xludf.DUMMYFUNCTION("""COMPUTED_VALUE"""),1076007) -> 1076007 | D26: =IFERROR(__xludf.DUMMYFUNCTION("""COMPUTED_VALUE"""),1075998.879) -> 1075998.9 | E26: =IFERROR(__xludf.DUMMYFUNCTION("""COMPUTED_VALUE"""),8.12100000004284) -> 8.121 | F26: =IFERROR(__xludf.DUMMYFUNCTION("""COMPUTED_VALUE"""),99.999245265133) -> 99.999245 | G26: =IFERROR(__xludf.DUMMYFUNCTION("""COMPUTED_VALUE"""),770187.9) -> 770187.9 | H26: =IFERROR(__xludf.DUMMYFUNCTION("""COMPUTED_VALUE"""),770178.781999999) -> 770178.78 | I26: =IFERROR(__xludf.DUMMYFUNCTION("""COMPUTED_VALUE"""),9.11800000013318) -> 9.118 | J26: =IFERROR(__xludf.DUMMYFUNCTION("""COMPUTED_VALUE"""),99.9988161330501) -> 99.998816 | K26: =IFERROR(__xludf.DUMMYFUNCTION("""COMPUTED_VALUE"""),0) -> 0 | L26: =IFERROR(__xludf.DUMMYFUNCTION("""COMPUTED_VALUE"""),7.16599999999994) -> 7.166 | M26: =IFERROR(__xludf.DUMMYFUNCTION("""COMPUTED_VALUE"""),0) -> 0 | N26: =IFERROR(__xludf.DUMMYFUNCTION("""COMPUTED_VALUE"""),0) -> 0 | O26: =IFERROR(__xludf.DUMMYFUNCTION("""COMPUTED_VALUE"""),0.110000000000582) -> 0.11 | P26: =IFERROR(__xludf.DUMMYFUNCTION("""COMPUTED_VALUE"""),0) -> 0 | Q26: =IFERROR(__xludf.DUMMYFUNCTION("""COMPUTED_VALUE"""),0.872999999999592) -> 0.873 | R26: =IFERROR(__xludf.DUMMYFUNCTION("""COMPUTED_VALUE"""),0.0229999999992287) -> 0.023 | S26: =IFERROR(__xludf.DUMMYFUNCTION("""COMPUTED_VALUE"""),0) -> 0 | T26: =IFERROR(__xludf.DUMMYFUNCTION("""COMPUTED_VALUE"""),0) -> 0 | U26: =IFERROR(__xludf.DUMMYFUNCTION("""COMPUTED_VALUE"""),0.888999999999214) -> 0.889 | V26: =IFERROR(__xludf.DUMMYFUNCTION("""COMPUTED_VALUE"""),0.000999999999976353) -> 0.001 | W26: =IFERROR(__xludf.DUMMYFUNCTION("""COMPUTED_VALUE"""),0.0559999999823048) -> 0.056 | X26: =IFERROR(__xludf.DUMMYFUNCTION("""COMPUTED_VALUE"""),0) -> 0 | Y26: =IFERROR(__xludf.DUMMYFUNCTION("""COMPUTED_VALUE"""),0) -> 0
A27: Абай | B27: =IFERROR(__xludf.DUMMYFUNCTION("""COMPUTED_VALUE"""),1816082.09999999) -> 1816082.1 | C27: =IFERROR(__xludf.DUMMYFUNCTION("""COMPUTED_VALUE"""),1392107.4) -> 1392107.4 | D27: =IFERROR(__xludf.DUMMYFUNCTION("""COMPUTED_VALUE"""),1364520.381) -> 1364520.4 | E27: =IFERROR(__xludf.DUMMYFUNCTION("""COMPUTED_VALUE"""),27587.019) -> 27587.019 | F27: =IFERROR(__xludf.DUMMYFUNCTION("""COMPUTED_VALUE"""),98.0183268187497) -> 98.018327 | G27: =IFERROR(__xludf.DUMMYFUNCTION("""COMPUTED_VALUE"""),934680.3) -> 934680.3 | H27: =IFERROR(__xludf.DUMMYFUNCTION("""COMPUTED_VALUE"""),934486.65) -> 934486.65 | I27: =IFERROR(__xludf.DUMMYFUNCTION("""COMPUTED_VALUE"""),193.650000000023) -> 193.65 | J27: =IFERROR(__xludf.DUMMYFUNCTION("""COMPUTED_VALUE"""),99.9792816859411) -> 99.979282 | K27: =IFERROR(__xludf.DUMMYFUNCTION("""COMPUTED_VALUE"""),12.9880000000039) -> 12.988 | L27: =IFERROR(__xludf.DUMMYFUNCTION("""COMPUTED_VALUE"""),0) -> 0 | M27: =IFERROR(__xludf.DUMMYFUNCTION("""COMPUTED_VALUE"""),0.578999999999723) -> 0.579 | N27: =IFERROR(__xludf.DUMMYFUNCTION("""COMPUTED_VALUE"""),0) -> 0 | O27: =IFERROR(__xludf.DUMMYFUNCTION("""COMPUTED_VALUE"""),0) -> 0 | P27: =IFERROR(__xludf.DUMMYFUNCTION("""COMPUTED_VALUE"""),0) -> 0 | Q27: =IFERROR(__xludf.DUMMYFUNCTION("""COMPUTED_VALUE"""),0) -> 0 | R27: =IFERROR(__xludf.DUMMYFUNCTION("""COMPUTED_VALUE"""),179.900999999999) -> 179.901 | S27: =IFERROR(__xludf.DUMMYFUNCTION("""COMPUTED_VALUE"""),0) -> 0 | T27: =IFERROR(__xludf.DUMMYFUNCTION("""COMPUTED_VALUE"""),0) -> 0 | U27: =IFERROR(__xludf.DUMMYFUNCTION("""COMPUTED_VALUE"""),0.00999999999839929) -> 0.01 | V27: =IFERROR(__xludf.DUMMYFUNCTION("""COMPUTED_VALUE"""),0.0960000000000036) -> 0.096 | W27: =IFERROR(__xludf.DUMMYFUNCTION("""COMPUTED_VALUE"""),0) -> 0 | X27: =IFERROR(__xludf.DUMMYFUNCTION("""COMPUTED_VALUE"""),0.0549999999999784) -> 0.055 | Y27: =IFERROR(__xludf.DUMMYFUNCTION("""COMPUTED_VALUE"""),0.0200000000000954) -> 0.02
A29: караганда 136 | L29: 96
A30: зко 136 | L30: 87
A31: вко 144 | Q31: 315
A32: алм обл фот соцотч | K32: =194.4+185.1 -> 379.5
A33: Акмола 142 поставка товара | S33: =S7 -> 9.4

Sheet передвижка платежи
C1: в тенге | J1: транспорт | N1: 830
C2: ПЛАН за 11 мес | D2: оплачено за 10 мес | E2: с 1-7 ноября | F2: Остатки | G2: Потребность на октябрь | H2: Остатки на передвиж | I2: внутр | J2: внешняя на декабрь
C3: =SUM(C4:C6) -> 31687000 | D3: =SUM(D4:D6) -> 26876400 | E3: =SUM(E4:E6) -> 0 | F3: =SUM(F4:F6) -> 4810600.4 | G3: =SUM(G4:G6) -> 1746000 | H3: =SUM(H4:H6) -> 3064600.4 | I3: =SUM(I4:I6) -> 0 | J3: =SUM(J4:J6) -> -3056600 | K3: =SUM(K4:K6) -> 0
A4: 100/131 | C4: 28703000 | D4: 24185000 | E4: - | F4: =C4-D4 -> 4518000.4 | G4: 1510000 | H4: =F4-G4 -> 3008000.4 | J4: -3000000 | K4: экономия
A5: 100/135 | C5: 2896000 | D5: 2660000 | E5: - | F5: =C5-D5 -> 236000 | G5: 236000 | H5: =F5-G5 -> 0 | L5: =H5-J5 -> 0
A6: 100/169 | C6: 88000 | D6: 31400 | E6: - | F6: =C6-D6 -> 56600 | G6: 0 | H6: =F6-G6 -> 56600 | J6: -56600 | K6: нет акта поставки вода | L6: =H6-J6 -> 113200
C7: =SUM(C8:C10) -> 326468600 | D7: =SUM(D8:D10) -> 1.922618e+08 | E7: =SUM(E8:E10) -> 0 | F7: =SUM(F8:F10) -> 1.342068e+08 | G7: =SUM(G8:G10) -> 53423052 | H7: =SUM(H8:H10) -> 80783753 | I7: =SUM(I8:I10) -> 0 | J7: =SUM(J8:J10) -> -80782900 | L7: =H7-J7 -> 1.6156665e+08
A8: 104/149 | C8: 86197000 | D8: 72928677 | E8: - | F8: =C8-D8 -> 13268323 | G8: 944035.1 | H8: =F8-G8 -> 12324288 | J8: -12324200 | K8: 11 000 000,0 тенге - процедуры ГЗ не состоялись (Картриджы) 1 324 223,2 тенге - экономия по итогам ГЗ | L8: =H8+I8+J8 -> 88.1
A9: 104/152 | C9: 129804500 | D9: 58757800 | E9: - | F9: =C9-D9 -> 71046700 | G9: 12000000 | H9: =F9-G9 -> 59046700 | J9: =H9*-1 -> -59046700 | K9: 3 190 300,0 тыс. тенге - акт за октябрь картел 46 626 100 тыс тенге - спутниковая связь 21 230 300 тыс тенге - сеть интернет | L9: =H9-J9 -> 118093400 | M9: зплата по усл инт в ноябре за окт | N9: 3190,3 сумма сентябрь
A10: 104/159 | C10: 110467100 | D10: 60575318 | E10: - | F10: =C10-D10 -> 49891782 | G10: =146100+125416.66+1717500+16740000+21750000 -> 40479017 | H10: =F10-G10 -> 9412765 | J10: -9412000 | K10: 146 100 - Банк крови 125 416,66 - сопровождение РНП 1 717 500 - 1С бухгалтерия 13 024 064,95 - системное обслуживание (май-октябрь - 5 202 451,0 тенге) 34 878 700 - техническое обслуживание (июль-октябрь) | L10: =H10-J10 -> 18824765 | M10: с апреля мес | N10: сымбат болатовна | O10: 1 с, сист, тех, банк крови
C11: =SUM(C12:C13) -> 78300000 | D11: =SUM(D12:D13) -> 7387520 | E11: =SUM(E12:E13) -> 0 | F11: =SUM(F12:F13) -> 70912480 | G11: =SUM(G12:G13) -> 0 | H11: =SUM(H12:H13) -> 70912480 | I11: =SUM(I12:I13) -> 0 | J11: =SUM(J12:J13) -> -70912480 | L11: =H11-J11 -> 141824960
A12: 111/413 | C12: 0 | F12: =C12-D12 -> 0 | H12: =F12-G12 -> 0 | L12: =H12-J12 -> 0
A13: 111/414 | C13: 78300000 | D13: 7387520 | E13: - | F13: =C13-D13 -> 70912480 | G13: 0 | H13: =F13-G13 -> 70912480 | J13: =H13*-1 -> -70912480 | K13: 22 800 000 - МФУ нет итогов ГЗ 3 967 203,9 - Сервер нет итогов ГЗ не состоялся 7 599 900,0 - Ноутбук (несостоявшиеся ГЗ, в доход бюджета) 34 733 000 - Сервер (несостоявшиеся ГЗ, в доход бюджета) 1600 000 - Цветной принтер (несостоявшиеся ГЗ, в доход бюджета) 211 367,1 - экономия по итогам ГЗ | L13: =H13-J13 -> 141824960 | N13: =876500+848225+876500+876500+848226+876500 -> 5202451
C14: =SUM(C15:C25) -> 693983400 | D14: =SUM(D15:D25) -> 6.159783e+08 | E14: =SUM(E15:E25) -> 0 | F14: =SUM(F15:F25) -> 78005102 | G14: =SUM(G15:G25) -> 45685799 | H14: =SUM(H15:H25) -> 32319303 | I14: =SUM(I15:I25) -> 0 | J14: =SUM(J15:J25) -> -32314485 | L14: =H14-J14 -> 64633788
A15: 123/111 | C15: 340982900 | D15: 299569814 | E15: - | F15: =C15-D15 -> 41413086 | G15: 31400000 | H15: =F15-G15 -> 10013086 | I15: =(I16+I17+I18)*-1 -> -5652717 | J15: =(I15+H15)*-1 -> -4360369 | K15: сымбат | L15: =H15+I15+J15 -> 0 | N15: =876500+848225+876500+876500+848226+876500+16740000 -> 21942451
A16: 123/112 | C16: 171533800 | D16: 171533800 | E16: - | F16: =C16-D16 -> 0 | G16: 100000 | H16: =F16-G16 -> -100000 | I16: =H16*-1 -> 100000 | K16: сымбат | L16: =H16+I16+J16 -> 0
A17: 123/113 | C17: 61434100 | D17: 60867100 | E17: - | F17: =C17-D17 -> 567000 | G17: 5589717 | H17: =F17-G17 -> -5022717 | I17: 5022717 | K17: сымбат | L17: =H17+I17+J17 -> 0 | M17: внешняя
A18: 123/121 | C18: 29647600 | D18: 27085600 | E18: - | F18: =C18-D18 -> 2562000 | G18: 3087182 | H18: =F18-G18 -> -525182 | I18: 530000 | K18: сымбат | L18: =H18+I18+J18 -> 4818
A19: 123/122 | C19: 12739000 | D19: 11407033 | E19: - | F19: =C19-D19 -> 1331967 | G19: 905000 | H19: =F19-G19 -> 426967 | J19: -426967 | K19: сымбат | L19: =H19+I19+J19 -> 0
A20: 123/124 | C20: 13426400 | D20: 12159254 | E20: - | F20: =C20-D20 -> 1267146 | G20: 850000 | H20: =F20-G20 -> 417146 | J20: -417146 | K20: сымбат | L20: =H20+I20+J20 -> 0
A21: 123/149 | C21: 8428000 | D21: 271758.84 | E21: - | F21: =C21-D21 -> 8156241.2 | G21: 0 | H21: =F21-G21 -> 8156241.2 | J21: -8156241.2 | K21: бумага а4 | L21: =H21+I21+J21 -> 0 | M21: бумага а4
A22: 123/152 | C22: 6620000 | D22: 1541076.4 | E22: - | F22: =C22-D22 -> 5078923.6 | G22: 117000 | H22: =F22-G22 -> 4961923.6 | J22: =(H22-I22)*-1 -> -4961923.6 | K22: услуги связи алибек уменьшение суммы по договору | L22: =H22+I22+J22 -> 0
A23: 123/153 | C23: 6500000 | D23: 5198802 | E23: - | F23: =C23-D23 -> 1301198 | G23: 618400 | H23: =F23-G23 -> 682798 | J23: =(H23-I23)*-1 -> -682798 | K23: аренда авто алибек уменьшение суммы по договору | L23: =H23+I23+J23 -> 0 | M23: 680759 | N23: =J23+M23 -> -2039
A24: 123/159 | C24: 26065600 | D24: 15227672 | E24: - | F24: =C24-D24 -> 10837928 | G24: 1718500 | H24: =F24-G24 -> 9119428 | J24: =H24*-1 -> -9119428 | K24: ИТЦ по факту алибек | L24: =H24+I24+J24 -> 0 | M24: 9113015 | N24: =J24+M24 -> -6413
A25: 123/161 | C25: 16606000 | D25: 11116388 | E25: - | F25: =C25-D25 -> 5489612 | G25: 1300000 | H25: =F25-G25 -> 4189612 | J25: =(H25+I25)*-1 -> -4189612 | K25: сымбат | L25: =H25+I25+J25 -> 0
C26: =SUM(C27:C29) -> 919708800 | D26: =SUM(D27:D29) -> 4841130 | E26: =SUM(E27:E29) -> 0 | F26: =SUM(F27:F29) -> 914820870 | G26: =SUM(G27:G29) -> 290457000 | H26: =SUM(H27:H29) -> 624363870 | I26: =SUM(I27:I29) -> 0 | J26: =SUM(J27:J29) -> 633363870 | L26: =H26+I26+J26 -> 1257727740
A27: 070/159 | C27: 46800 | D27: 0 | E27: - | F27: 0 | G27: 0 | H27: =F27-G27 -> 0 | L27: =H27+I27+J27 -> 0
A28: 070/161 | C28: 9150000 | D28: 4841130 | E28: - | F28: =C28-D28 -> 4308870 | G28: =2600000+400000 -> 3000000 | H28: =F28-G28 -> 1308870 | J28: =H28 -> 1308870 | K28: сымбат | L28: =H28-J28 -> 0
A29: 112/418 | C29: 910512000 | D29: 0 | F29: =C29-D29 -> 910512000 | G29: 287457000 | H29: =F29-G29 -> 623055000 | J29: 632055000 | K29: Маттехоснащение НЦЭ 287 457,0 тыс.тенге - Лизинговые платежи по передвижным мобильным лабораторным комплексам (на основе договора о лизинге). Вопрос механизма оплаты проработан. Данная сумма будет перераспределена внутри БП 070 на бюджетную подпрограмму 112 «Капитальные расходы государственных организаций здравоохранения, осуществляющих деятельность в области санитарно-эпидемиологического благополучия населения», специфика 418 «Материально-техническое оснащение государственных предприятий» путем внесения изменений в ИПФ в ноябре т.г. | L29: =H29-J29 -> -9000000
A30: 138/159 | C30: 1401500 | D30: 989280 | F30: =C30-D30 -> 412220 | G30: 412220 | H30: =F30-G30 -> 0 | J30: =H30 -> 0 | L30: =H30-J30 -> 0
F31: =C31-D31 -> 0 | H31: =F31-G31 -> 0 | L31: =H31-J31 -> 0
A32: ИТОГО | C32: =C30+C26+C14+C11+C7+C3 -> 2051549300 | D32: =D30+D26+D14+D11+D7+D3 -> 8.4833442e+08 | E32: =E30+E26+E14+E11+E7+E3 -> 0 | F32: =F30+F26+F14+F11+F7+F3 -> 1.2031681e+09 | G32: =G30+G26+G14+G11+G7+G3 -> 3.9172407e+08 | H32: =H30+H26+H14+H11+H7+H3 -> 8.1144401e+08 | I32: =I30+I26+I14+I11+I7+I3 -> 0 | J32: =J30+J26+J14+J11+J7+J3 -> 4.4629741e+08 | L32: =H32-J32 -> 3.651466e+08
E33: -
E34: -

Sheet Передвижка обязательства
C1: в тенге | J1: транспорт | O1: 830
C2: ПЛАН за 11 мес | D2: Принятые обязательства за 10 мес | E2: с 1-7 ноября | F2: Остатки | G2: Потребность на ноябрь | H2: Остатки на передвиж | I2: внутр | J2: внешняя
C3: =SUM(C4:C6) -> 36609000 | D3: =SUM(D4:D6) -> 26876400 | E3: =SUM(E4:E6) -> 0 | F3: =SUM(F4:F6) -> 9732600.4 | G3: =SUM(G4:G6) -> 1746000 | H3: =SUM(H4:H6) -> 7986600.4 | I3: =SUM(I4:I6) -> 0 | J3: =SUM(J4:J6) -> -3000000 | ... L3: =SUM(L4:L6) -> -824444.99
A4: 100/131 | C4: =28703000+4124000 -> 32827000 | D4: 24185000 | E4: - | F4: =C4-D4 -> 8642000.4 | G4: ='передвижка платежи'!G4 -> 1510000 | H4: =F4-G4 -> 7132000.4 | I4: ='передвижка платежи'!I4 -> 0 | J4: ='передвижка платежи'!J4 -> -3000000 | K4: экономия
A5: 100/135 | C5: =2896000+232000 -> 3128000 | D5: 2660000 | E5: - | F5: =C5-D5 -> 468000 | G5: ='передвижка платежи'!G5 -> 236000 | H5: =F5-G5 -> 232000 | I5: ='передвижка платежи'!I5 -> 0 | J5: ='передвижка платежи'!J5 -> 0 | L5: -30025790
A6: 100/169 | C6: =88000+566000 -> 654000 | D6: 31400 | E6: - | F6: =C6-D6 -> 622600 | G6: ='передвижка платежи'!G6 -> 0 | H6: =F6-G6 -> 622600 | K6: нет акта поставки вод | L6: 29201345
C7: =SUM(C8:C10) -> 355790600 | D7: =SUM(D8:D10) -> 2.9101419e+08 | E7: =SUM(E8:E10) -> 0 | F7: =SUM(F8:F10) -> 64776413 | G7: =SUM(G8:G10) -> 0 | H7: =SUM(H8:H10) -> 64776413 | I7: =SUM(I8:I10) -> 1400000 | J7: =SUM(J8:J10) -> 50108090 | ... L7: =SUM(L8:L10) -> -824444.99
A8: 104/149 | C8: 86197000 | D8: 72928677 | E8: - | F8: =C8-D8 -> 13268323 | G8: 0 | H8: =F8-G8 -> 13268323 | I8: ='передвижка платежи'!I8 -> 0 | K8: 11 000 000,0 тенге - процедуры ГЗ не состоялись (Картриджы) 1 324 223,2 тенге - экономия по итогам ГЗ Принимается решение о закупе казтокен на 11 200 млн | M8: =F8+H8 -> 26536646
A9: 104/152 | C9: 135804500 | D9: 89178423 | E9: - | F9: =C9-D9 -> 46626077 | H9: =F9-G9 -> 46626077 | J9: 46626077 | K9: 46 626 100 тыс тенге - спутниковая связь | L9: -824444.99 | N9: зплата по усл инт в ноябре за окт | O9: 3190,3 сумма сентябрь
A10: 104/159 | C10: 133789100 | D10: 1.2890709e+08 | E10: - | F10: =C10-D10 -> 4882013.2 | H10: =F10-G10 -> 4882013.2 | I10: 1400000 | J10: =H10-I10 -> 3482013.2 | K10: 146 100 - Банк крови 125 416,66 - сопровождение РНП 1 717 500 - 1С бухгалтерия 13 024 064,95 - системное обслуживание (май-октябрь - 5 202 451,0 тенге) 34 878 700 - техническое обслуживание (июль-октябрь) | L10: тех ослужив сист обсл | N10: с апреля мес | O10: сымбат болатовна | P10: 1 с, сист, тех, банк крови
C11: =SUM(C12:C13) -> 1002300000 | D11: =SUM(D12:D13) -> 7387520 | E11: =SUM(E12:E13) -> 0 | F11: =SUM(F12:F13) -> 994912480 | G11: =SUM(G12:G13) -> 924000000 | H11: =SUM(H12:H13) -> 70912480 | I11: =SUM(I12:I13) -> 0 | J11: =SUM(J12:J13) -> 0 | ... L11: =SUM(L12:L13) -> 0
A12: 111/413 | C12: 924000000 | F12: =C12-D12 -> 924000000 | G12: 924000000 | H12: =F12-G12 -> 0 | K12: транспорт
A13: 111/414 | C13: 78300000 | D13: 7387520 | E13: - | F13: =C13-D13 -> 70912480 | G13: 0 | H13: =F13-G13 -> 70912480
C14: =SUM(C15:C25) -> 697077400 | D14: =SUM(D15:D25) -> 6.2988981e+08 | E14: =SUM(E15:E25) -> 0 | F14: =SUM(F15:F25) -> 67187588 | G14: =SUM(G15:G25) -> 43231899 | H14: =SUM(H15:H25) -> 23955689 | K14: =SUM(K15:K25) -> 0 | L14: =SUM(L15:L25) -> 0
A15: 123/111 | C15: 340982900 | D15: 299569814 | E15: - | F15: =C15-D15 -> 41413086 | G15: ='передвижка платежи'!G15 -> 31400000 | H15: =F15-G15 -> 10013086 | I15: ='передвижка платежи'!I15 -> -5652717 | J15: ='передвижка платежи'!J15 -> -4360369
A16: 123/112 | C16: 171533800 | D16: 171533800 | E16: - | F16: =C16-D16 -> 0 | G16: ='передвижка платежи'!G16 -> 100000 | H16: =F16-G16 -> -100000 | I16: ='передвижка платежи'!I16 -> 100000 | J16: ='передвижка платежи'!J16 -> 0 | M16: =(G16-100)/98 -> 1019.3878
A17: 123/113 | C17: 61434100 | D17: 60867100 | E17: - | F17: =C17-D17 -> 567000 | G17: ='передвижка платежи'!G17 -> 5589717 | H17: =F17-G17 -> -5022717 | I17: ='передвижка платежи'!I17 -> 5022717 | J17: ='передвижка платежи'!J17 -> 0
A18: 123/121 | C18: 29647600 | D18: 27085600 | E18: - | F18: =C18-D18 -> 2562000 | G18: ='передвижка платежи'!G18 -> 3087182 | H18: =F18-G18 -> -525182 | I18: ='передвижка платежи'!I18 -> 530000 | J18: ='передвижка платежи'!J18 -> 0
A19: 123/122 | C19: 12739000 | D19: 11407033 | E19: - | F19: =C19-D19 -> 1331967 | G19: ='передвижка платежи'!G19 -> 905000 | H19: =F19-G19 -> 426967 | I19: ='передвижка платежи'!I19 -> 0 | J19: ='передвижка платежи'!J19 -> -426967
A20: 123/124 | C20: 13426400 | D20: 12159254 | E20: - | F20: =C20-D20 -> 1267146 | G20: ='передвижка платежи'!G20 -> 850000 | H20: =F20-G20 -> 417146 | I20: ='передвижка платежи'!I20 -> 0 | J20: ='передвижка платежи'!J20 -> -417146
A21: 123/149 | C21: 8428000 | D21: 271758.84 | E21: - | F21: =C21-D21 -> 8156241.2 | G21: 0 | H21: =F21-G21 -> 8156241.2 | J21: 8156241.2 | K21: бумага а4 | N21: бумага а4
A22: 123/152 | C22: 8756000 | D22: 8756000 | E22: - | F22: =C22-D22 -> 0 | G22: 0 | H22: =F22-G22 -> 0 | K22: на ноябрь по факту
A23: 123/153 | C23: 7279000 | D23: 7156874 | E23: - | F23: =C23-D23 -> 122126 | G23: 0 | H23: =F23-G23 -> 122126 | N23: 4167400
A24: 123/159 | C24: 26244600 | D24: 19966190 | E24: - | F24: =C24-D24 -> 6278410 | G24: 0 | H24: =F24-G24 -> 6278410 | K24: ИТЦ по факту
A25: 123/161 | C25: 16606000 | D25: 11116388 | E25: - | F25: =C25-D25 -> 5489612 | G25: ='передвижка платежи'!G25 -> 1300000 | H25: =F25-G25 -> 4189612 | I25: ='передвижка платежи'!I25 -> 0 | J25: ='передвижка платежи'!J25 -> -4189612
C26: =SUM(C27:C29) -> 1992561400 | D26: =SUM(D27:D29) -> 4841130 | E26: =SUM(E27:E29) -> 0 | F26: =SUM(F27:F29) -> 915353130 | G26: =SUM(G27:G29) -> 290457000 | H26: =SUM(H27:H29) -> 624896130 | I26: =SUM(I27:I29) -> 0 | J26: =SUM(J27:J29) -> 0 | ... L26: =SUM(L27:L29) -> 0
A27: 070/159 | C27: 1072899400 | D27: 0 | E27: - | F27: 0 | G27: 0 | H27: =F27-G27 -> 0
A28: 070/161 | C28: 9150000 | D28: 4841130 | E28: - | F28: 4841130 | G28: ='передвижка платежи'!G28 -> 3000000 | H28: =F28-G28 -> 1841130
A29: 112/418 | C29: 910512000 | D29: 0 | F29: =C29-D29 -> 910512000 | G29: ='передвижка платежи'!G29 -> 287457000 | H29: =F29-G29 -> 623055000 | K29: Маттехоснащение, обучение опрабация | M29: томирис
A30: 138/159 | C30: 1401500 | D30: 1401480 | F30: =C30-D30 -> 20 | G30: 989280 | H30: =F30-G30 -> -989260 | K30: повышение квалификации по факту | M30: динара
F31: =C31-D31 -> 0 | H31: =F31-G31 -> 0
A32: ИТОГО | C32: =C30+C26+C14+C11+C7+C3 -> 4085739900 | D32: =D30+D26+D14+D11+D7+D3 -> 9.6141053e+08 | E32: =E30+E26+E14+E11+E7+E3 -> 0 | F32: =F30+F26+F14+F11+F7+F3 -> 2.0519622e+09 | G32: =G30+G26+G14+G11+G7+G3 -> 1260424179 | H32: =H30+H26+H14+H11+H7+H3 -> 7.9153805e+08 | I32: =I30+I26+I14+I11+I7+I3 -> 1400000 | J32: =J30+J26+J14+J11+J7+J3 -> 47108090
E33: - | I33: -34379800
E34: -
I35: =I32-I33 -> 35779800

Sheet НЦЭ
A1: По исполнению БП 070 Охрана общественного здоровья
E4: =G4-#REF! -> #REF! | G4: 38692444
A5: Программа | B5: П/программа | C5: Специфика | D5: Наименование | E5: Сводный план финансирования на 2022 год
F6: По обязательствам
F7: План сначала года | G7: Принятые обязательства | H7: Отклонение | I7: % исполнения | J7: Примечание (обоснование причин неисполнения плана) | K7: План сначала года | L7: Оплаченные обязательства | M7: Отклонение | N7: % исполнения | O7: Примечание (обоснование причин неисполнения плана) | P7: Остаток до конца года | Q7: ЦА | R7: Территориальные департаменты
A8: 1 | B8: 2 | C8: 3 | D8: 4 | E8: 5 | F8: 6 | G8: 7 | H8: 8 | I8: 9 | J8: 10 | K8: 11 | L8: 12 | M8: 13 | N8: 14
A9: 70 | D9: Охрана общественного здоровья | E9: =ЦА!E53+'СВОД терр'!E54 -> 20365690 | F9: =ЦА!F53+'СВОД терр'!F54 -> 18305858 | G9: =ЦА!G53+'СВОД терр'!G54 -> 18305856 | H9: =ЦА!H53+'СВОД терр'!H54 -> 1.55174 | I9: =G9/F9*100 -> 99.999992 | K9: =ЦА!K53+'СВОД терр'!K54 -> 7843575.8 | L9: =ЦА!L53+'СВОД терр'!L54 -> 7843573.8 | M9: =ЦА!M53+'СВОД терр'!M54 -> 2.01755 | N9: =L9/K9*100 -> 99.999974 | P9: =E9-G9 -> 2059833.6 | Q9: =ЦА!E53-ЦА!G53 -> 2059832 | R9: =P9-Q9 -> 1.55174
B10: 100 | D10: Обеспечение санитарно-эпидемиологического благополучия населения | E10: =ЦА!E54+'СВОД терр'!E55 -> 19211867 | F10: =ЦА!F54+'СВОД терр'!F55 -> 18305858 | G10: =ЦА!G54+'СВОД терр'!G55 -> 18305856 | H10: =ЦА!H54+'СВОД терр'!H55 -> 1.55174 | I10: =G10/F10*100 -> 99.999992 | K10: =ЦА!K54+'СВОД терр'!K55 -> 7843575.8 | L10: =ЦА!L54+'СВОД терр'!L55 -> 7843573.8 | M10: =ЦА!M54+'СВОД терр'!M55 -> 2.01755 | N10: =L10/K10*100 -> 99.999974 | P10: =E10-G10 -> 906010.55 | Q10: =ЦА!E54-ЦА!G54 -> 906009 | R10: =P10-Q10 -> 1.55174
C11: 159 | D11: Прочие услуги и работы | E11: =ЦА!E55+'СВОД терр'!E56 -> 872659 | F11: =ЦА!F55+'СВОД терр'!F56 -> 0 | G11: =ЦА!G55+'СВОД терр'!G56 -> 0 | H11: =ЦА!H55+'СВОД терр'!H56 -> 0 | I11: =G11/F11*100 -> #DIV/0! | K11: =ЦА!K55+'СВОД терр'!K56 -> 0 | L11: =ЦА!L55+'СВОД терр'!L56 -> 0 | M11: =ЦА!M55+'СВОД терр'!M56 -> 0 | N11: =L11/K11*100 -> #DIV/0! | P11: =E11-G11 -> 872659 | Q11: =ЦА!E55-ЦА!G55 -> 872659 | R11: =P11-Q11 -> 0 | S11: В ЦА числится сумма 1 072 889,4 тыс тенге,в том числе: 287 457,0 тыс.тенге - лизинговые платежи НЦЭ (на основе договора о лизинге) (необходим механизм корректного финансирования) 679 253,4 тыс тенге - сумма планируемая на снятие, при уточнении РБ, в связи с вводом в действие Закона Республики Казахстан от 21 мая 2022 года № 122-VII ЗРК "О биологической безопасности Республики Казахстан" в декабре 2022 года, ожидаемая сумма неосвоения по расходам ФОТ (ЗП+Пособие специалистам в области Биобезопасности) предусмотренных на 11 месяцев текущего года составляет 679 253,4 тыс.тенге. 106 189,0 тыс. тенге, сумма планируемая на снятие, при уточнении РБ - повышение квалификации в рамках закона Био безопасности, в связи с вводом в действие Закона Республики Казахстан от 21 мая 2022 года № 122-VII ЗРК "О биологической безопасности Республики Казахстан" в декабре 2022 года Территориальным департаментам Комитета в рамках повышения ЗП немедицинским работникам, были посажены дополнительные средства в ощей сумме 1 081 000,0 тыс. тенге, из которых до конца года остаток по принятыми обязательствами 1 202 609,9 тыс тенге, в том числе: 301 658,9 тыс тенге - Акмола 174 292,7 тыс тенге - Атырау 180 633,3 тыс тенге - ВКО 73 407,8 тыс тенге - Караганда 237 851,0 тыс тенге - Кызылорда 29 852,9 тыс. тенге - Мангистау (на снятие) 111 360,5 тыс тенге - Алматы 64 774,09 тыс тенге - Астана 28 778,3 тыс тенге - Транспорт 1 050,1 млн. тенге - выделены средства на повышение ЗП не медицинским работникам 751 млн.тенге - выделены средства на выплату надбавок (Ковид)
C12: 161 | D12: Командировки и служебные разъезды внутри страны | E12: =ЦА!E56+'СВОД терр'!E57 -> 33712 | F12: =ЦА!F56+'СВОД терр'!F57 -> 362 | G12: =ЦА!G56+'СВОД терр'!G57 -> 362 | H12: =ЦА!H56+'СВОД терр'!H57 -> 0 | I12: =G12/F12*100 -> 100 | K12: =ЦА!K56+'СВОД терр'!K57 -> 362 | L12: =ЦА!L56+'СВОД терр'!L57 -> 362 | M12: =ЦА!M56+'СВОД терр'!M57 -> 0 | N12: =L12/K12*100 -> 100 | P12: =E12-G12 -> 33350 | Q12: =ЦА!E56-ЦА!G56 -> 33350 | R12: =P12-Q12 -> 0
B13: 112 | D13: Капитальные расходы государственных организаций здравоохранения, осуществляющих деятельность в области санитарно-эпидемиологического благополучия населения | E13: =ЦА!E57+'СВОД терр'!E58 -> 1153823 | F13: =ЦА!F57+'СВОД терр'!F58 -> 0 | G13: =ЦА!G57+'СВОД терр'!G58 -> 0 | H13: =ЦА!H57+'СВОД терр'!H58 -> 0 | I13: =G13/F13*100 -> #DIV/0! | K13: =ЦА!K57+'СВОД терр'!K58 -> 0 | L13: =ЦА!L57+'СВОД терр'!L58 -> 0 | M13: =ЦА!P59+'СВОД терр'!M58 -> 0 | N13: =L13/K13*100 -> #DIV/0! | P13: =E13-G13 -> 1153823 | Q13: =ЦА!E57-ЦА!G57 -> 1153823 | R13: =P13-Q13 -> 0
C14: 418 | D14: Материально-техническое оснащение государственных предприятий | E14: =ЦА!E58+'СВОД терр'!E59 -> 1045068.8 | F14: =ЦА!F58+'СВОД терр'!F59 -> 59133.2 | G14: =ЦА!G58+'СВОД терр'!G59 -> 55421.28 | H14: =ЦА!H58+'СВОД терр'!H59 -> 3711.92 | I14: =G14/F14*100 -> 93.722782 | K14: =ЦА!K58+'СВОД терр'!K59 -> 30857.4 | L14: =ЦА!L58+'СВОД терр'!L59 -> 30856.24 | M14: =ЦА!M58+'СВОД терр'!M59 -> 1.16 | N14: =L14/K14*100 -> 99.996241 | P14: =E14-G14 -> 989647.52 | Q14: =ЦА!E58-ЦА!G58 -> 967869 | R14: =P14-Q14 -> 21778.52 | S14: 910 512,0 тыс.тенге, из них: - 367 920,0 тыс тенге - заключены договора на приобретение лабораторного оборудования (5 хромотографов и 1 атомно-эмиссионный спектрометр) в рамках проекта Здоровая Нация. Поставка товара осуществлена в сентябре. Проходят обучающие и пусконаладочные работы, срок до 15 октября В комитет акты поставки не представлены. - 10 990,9 тыс тенге - договора на приобретение оборудования для особо-опасных лабораторий для 1-2 группы патогенности на подписании; - 116 333,0 тыс тенге - договора на приобретение оборудования для особо-опасных лабораторий для 1-2 группы патогенности на согласовании у поставщика; - 387 535,0 тыс тенге - процедуры ГЗ; - 4 654,1 тыс.тенге - экономия ГЗ по закупу автоклавав - 23 080,0 тыс. тенге - экономия по итогам ГЗ по закупу в рамках проекта Здоровая Нация. Сумма планируемая на снятие, при уточнении РБ.оборудования в рамках проекта Здоровая Нация. Сумма планируемая на снятие, при уточнении РБ.
D16: 226-070-100-159
D17: ='по ТД (копия)'!A5 -> ВСЕГО по КСЭК МЗ РК | P17: платежи март | Q17: Непринятые обязательства | R17: Примечание | S17: возможно освим по платежам
P19: ='по ТД (копия)'!W5 -> 2.01755 | Q19: =SUM(Q20:Q41) -> 1.55174 | S19: =SUM(S20:S41) -> 0
D20: ='по ТД (копия)'!A6 -> ЦА КСЭК МЗ РК | P20: ='по ТД (копия)'!W6 -> 0 | Q20: ='СВОД с ЦА (анализ)'!Q55 -> 0
D21: ='по ТД (копия)'!A7 -> ДСЭК Акмолинской области КСЭК МЗ РК | P21: ='по ТД (копия)'!W7 -> 0.019 | Q21: ='СВОД с ЦА (анализ)'!Y55 -> 0.123
D22: ='по ТД (копия)'!A8 -> ДСЭК Актюбинской области КСЭК МЗ РК | P22: ='по ТД (копия)'!W8 -> 0 | Q22: ='СВОД с ЦА (анализ)'!Z55 -> 0.963
D23: ='по ТД (копия)'!A9 -> ДСЭК Алматинской области КСЭК МЗ РК | P23: ='по ТД (копия)'!W9 -> 0.03343 | Q23: ='СВОД с ЦА (анализ)'!AA55 -> 0.02686
D24: ='по ТД (копия)'!A10 -> ДСЭК Атырауской области КСЭК МЗ РК | P24: ='по ТД (копия)'!W10 -> 0 | Q24: ='СВОД с ЦА (анализ)'!AB55 -> 0.06
D25: ='по ТД (копия)'!A11 -> ДСЭК ВКО КСЭК МЗ РК | P25: ='по ТД (копия)'!W11 -> 0 | Q25: ='СВОД с ЦА (анализ)'!AC55 -> 0
D26: ='по ТД (копия)'!A12 -> ДСЭК Жамбылской области КСЭК МЗ РК | P26: ='по ТД (копия)'!W12 -> 0.15 | Q26: ='СВОД с ЦА (анализ)'!AD55 -> 0.086
D27: ='по ТД (копия)'!A13 -> ДСЭК ЗКО КСЭК МЗ РК | P27: ='по ТД (копия)'!W13 -> 0 | Q27: ='СВОД с ЦА (анализ)'!AE55 -> 0.06589
D28: ='по ТД (копия)'!A14 -> ДСЭК Карагандинской области КСЭК МЗ РК | P28: ='по ТД (копия)'!W14 -> 0 | Q28: ='СВОД с ЦА (анализ)'!AF55 -> 0.02
D29: ='по ТД (копия)'!A15 -> ДСЭК Костанайской области КСЭК МЗ РК | P29: ='по ТД (копия)'!W15 -> 0 | Q29: ='СВОД с ЦА (анализ)'!AG55 -> 0.01237
D30: ='по ТД (копия)'!A16 -> ДСЭК Кызылординской области КСЭК МЗ РК | P30: ='по ТД (копия)'!W16 -> 0 | Q30: ='СВОД с ЦА (анализ)'!AH55 -> 0.038
D31: ='по ТД (копия)'!A17 -> ДСЭК Мангистауской области КСЭК МЗ РК | P31: ='по ТД (копия)'!W17 -> 0.06512 | Q31: ='СВОД с ЦА (анализ)'!AI55 -> 0.01662
D32: ='по ТД (копия)'!A18 -> ДСЭК Павлодарской области КСЭК МЗ РК | P32: ='по ТД (копия)'!W18 -> 0 | Q32: ='СВОД с ЦА (анализ)'!AJ55 -> 0
D33: ='по ТД (копия)'!A19 -> ДСЭК СКО КСЭК МЗ РК | P33: ='по ТД (копия)'!W19 -> 0 | Q33: ='СВОД с ЦА (анализ)'!AK55 -> 0.05
D34: ='по ТД (копия)'!A20 -> ДСЭК Туркестанской области КСЭК МЗ РК | P34: ='по ТД (копия)'!W20 -> 0.82 | Q34: ='СВОД с ЦА (анализ)'!AL55 -> 0.043 | R34: 29 млн
D35: ='по ТД (копия)'!A21 -> ДСЭК города Шымкент КСЭК МЗ РК | P35: ='по ТД (копия)'!W21 -> 0 | Q35: ='СВОД с ЦА (анализ)'!AM55 -> 0.047
D36: ='по ТД (копия)'!A22 -> ДСЭК города Алматы КСЭК МЗ РК | P36: ='по ТД (копия)'!W23 -> 0.848 | Q36: ='СВОД с ЦА (анализ)'!AN55 -> 0 | R36: 24,4 млн
D37: ='по ТД (копия)'!A23 -> ДСЭК города Нур-Султан КСЭК МЗ РК | P37: =#REF! -> #REF! | Q37: ='СВОД с ЦА (анализ)'!AO55 -> 0 | R37: 32 млн риск неосвоения
D38: ='по ТД (копия)'!A24 -> ДСЭК на транспорте КСЭК МЗ РК | P38: ='по ТД (копия)'!W24 -> 0 | Q38: ='СВОД с ЦА (анализ)'!AP55 -> 0
D39: ='по ТД (копия)'!A25 -> Улытау | P39: ='по ТД (копия)'!W25 -> 0 | Q39: ='СВОД с ЦА (анализ)'!AQ55 -> 0 | R39: 3,7 млн
D40: ='по ТД (копия)'!A26 -> Жетису | P40: ='по ТД (копия)'!W26 -> 0.056 | Q40: ='СВОД с ЦА (анализ)'!AR55 -> 0
D41: ='по ТД (копия)'!A27 -> Абай | P41: ='по ТД (копия)'!W27 -> 0 | Q41: ='СВОД с ЦА (анализ)'!AS55 -> 0
Q42: =Q24+Q36 -> 0.06
P43: план по платежам | Q43: Оплаченные обязательствам | R43: Остаток по платежам до конца года на 25 апреля | S43: подано на передвижку | T43: примечание
P44: =SUM(P45:P65) -> 7843213.8 | Q44: =SUM(Q45:Q65) -> 7843211.8 | R44: =SUM(R45:R65) -> 2.01755
D45: ='по ТД (копия)'!A7 -> ДСЭК Акмолинской области КСЭК МЗ РК | P45: =IFERROR(__xludf.DUMMYFUNCTION("IMPORTRANGE(""https://docs.google.com/spreadsheets/d/1PsUKG3ee57b5sx42omjfZd9CYxuRONokMWtiORmUc0s/edit#gid=1568135178"",""По ТД!N31:P51"")"),677010.5) -> 677010.5 | Q45: =IFERROR(__xludf.DUMMYFUNCTION("""COMPUTED_VALUE"""),677010.481) -> 677010.48 | R45: =IFERROR(__xludf.DUMMYFUNCTION("""COMPUTED_VALUE"""),0.018999999971129) -> 0.019
D46: ='по ТД (копия)'!A8 -> ДСЭК Актюбинской области КСЭК МЗ РК | P46: =IFERROR(__xludf.DUMMYFUNCTION("""COMPUTED_VALUE"""),414257.8) -> 414257.8 | Q46: =IFERROR(__xludf.DUMMYFUNCTION("""COMPUTED_VALUE"""),414257.8) -> 414257.8 | R46: =IFERROR(__xludf.DUMMYFUNCTION("""COMPUTED_VALUE"""),0) -> 0
D47: ='по ТД (копия)'!A9 -> ДСЭК Алматинской области КСЭК МЗ РК | P47: =IFERROR(__xludf.DUMMYFUNCTION("""COMPUTED_VALUE"""),155930.6) -> 155930.6 | Q47: =IFERROR(__xludf.DUMMYFUNCTION("""COMPUTED_VALUE"""),155930.56657) -> 155930.57 | R47: =IFERROR(__xludf.DUMMYFUNCTION("""COMPUTED_VALUE"""),0.0334300000104121) -> 0.03343
D48: ='по ТД (копия)'!A10 -> ДСЭК Атырауской области КСЭК МЗ РК | P48: =IFERROR(__xludf.DUMMYFUNCTION("""COMPUTED_VALUE"""),266805.7) -> 266805.7 | Q48: =IFERROR(__xludf.DUMMYFUNCTION("""COMPUTED_VALUE"""),266805.7) -> 266805.7 | R48: =IFERROR(__xludf.DUMMYFUNCTION("""COMPUTED_VALUE"""),0) -> 0
D49: ='по ТД (копия)'!A11 -> ДСЭК ВКО КСЭК МЗ РК | P49: =IFERROR(__xludf.DUMMYFUNCTION("""COMPUTED_VALUE"""),624803.1) -> 624803.1 | Q49: =IFERROR(__xludf.DUMMYFUNCTION("""COMPUTED_VALUE"""),624803.1) -> 624803.1 | R49: =IFERROR(__xludf.DUMMYFUNCTION("""COMPUTED_VALUE"""),0) -> 0
D50: ='по ТД (копия)'!A12 -> ДСЭК Жамбылской области КСЭК МЗ РК | P50: =IFERROR(__xludf.DUMMYFUNCTION("""COMPUTED_VALUE"""),446494.3) -> 446494.3 | Q50: =IFERROR(__xludf.DUMMYFUNCTION("""COMPUTED_VALUE"""),446494.15) -> 446494.15 | R50: =IFERROR(__xludf.DUMMYFUNCTION("""COMPUTED_VALUE"""),0.149999999965075) -> 0.15
D51: ='по ТД (копия)'!A13 -> ДСЭК ЗКО КСЭК МЗ РК | P51: =IFERROR(__xludf.DUMMYFUNCTION("""COMPUTED_VALUE"""),286487) -> 286487 | Q51: =IFERROR(__xludf.DUMMYFUNCTION("""COMPUTED_VALUE"""),286487) -> 286487 | R51: =IFERROR(__xludf.DUMMYFUNCTION("""COMPUTED_VALUE"""),0) -> 0
D52: ='по ТД (копия)'!A14 -> ДСЭК Карагандинской области КСЭК МЗ РК | P52: =IFERROR(__xludf.DUMMYFUNCTION("""COMPUTED_VALUE"""),354488) -> 354488 | Q52: =IFERROR(__xludf.DUMMYFUNCTION("""COMPUTED_VALUE"""),354488) -> 354488 | R52: =IFERROR(__xludf.DUMMYFUNCTION("""COMPUTED_VALUE"""),0) -> 0
D53: ='по ТД (копия)'!A15 -> ДСЭК Костанайской области КСЭК МЗ РК | P53: =IFERROR(__xludf.DUMMYFUNCTION("""COMPUTED_VALUE"""),342419.4) -> 342419.4 | Q53: =IFERROR(__xludf.DUMMYFUNCTION("""COMPUTED_VALUE"""),342419.4) -> 342419.4 | R53: =IFERROR(__xludf.DUMMYFUNCTION("""COMPUTED_VALUE"""),0) -> 0
D54: ='по ТД (копия)'!A16 -> ДСЭК Кызылординской области КСЭК МЗ РК | P54: =IFERROR(__xludf.DUMMYFUNCTION("""COMPUTED_VALUE"""),432080.6) -> 432080.6 | Q54: =IFERROR(__xludf.DUMMYFUNCTION("""COMPUTED_VALUE"""),432080.6) -> 432080.6 | R54: =IFERROR(__xludf.DUMMYFUNCTION("""COMPUTED_VALUE"""),0) -> 0
D55: ='по ТД (копия)'!A17 -> ДСЭК Мангистауской области КСЭК МЗ РК | P55: =IFERROR(__xludf.DUMMYFUNCTION("""COMPUTED_VALUE"""),295631.3) -> 295631.3 | Q55: =IFERROR(__xludf.DUMMYFUNCTION("""COMPUTED_VALUE"""),295631.23488) -> 295631.23 | R55: =IFERROR(__xludf.DUMMYFUNCTION("""COMPUTED_VALUE"""),0.0651199999847449) -> 0.06512
D56: ='по ТД (копия)'!A18 -> ДСЭК Павлодарской области КСЭК МЗ РК | P56: =IFERROR(__xludf.DUMMYFUNCTION("""COMPUTED_VALUE"""),388129.6) -> 388129.6 | Q56: =IFERROR(__xludf.DUMMYFUNCTION("""COMPUTED_VALUE"""),388129.6) -> 388129.6 | R56: =IFERROR(__xludf.DUMMYFUNCTION("""COMPUTED_VALUE"""),0) -> 0
D57: ='по ТД (копия)'!A19 -> ДСЭК СКО КСЭК МЗ РК | P57: =IFERROR(__xludf.DUMMYFUNCTION("""COMPUTED_VALUE"""),490519.8) -> 490519.8 | Q57: =IFERROR(__xludf.DUMMYFUNCTION("""COMPUTED_VALUE"""),490519.8) -> 490519.8 | R57: =IFERROR(__xludf.DUMMYFUNCTION("""COMPUTED_VALUE"""),0) -> 0
D58: ='по ТД (копия)'!A20 -> ДСЭК Туркестанской области КСЭК МЗ РК | P58: =IFERROR(__xludf.DUMMYFUNCTION("""COMPUTED_VALUE"""),526393.3) -> 526393.3 | Q58: =IFERROR(__xludf.DUMMYFUNCTION("""COMPUTED_VALUE"""),526392.48) -> 526392.48 | R58: =IFERROR(__xludf.DUMMYFUNCTION("""COMPUTED_VALUE"""),0.820000000065192) -> 0.82
D59: ='по ТД (копия)'!A21 -> ДСЭК города Шымкент КСЭК МЗ РК | P59: =IFERROR(__xludf.DUMMYFUNCTION("""COMPUTED_VALUE"""),231015.6) -> 231015.6 | Q59: =IFERROR(__xludf.DUMMYFUNCTION("""COMPUTED_VALUE"""),231015.6) -> 231015.6 | R59: =IFERROR(__xludf.DUMMYFUNCTION("""COMPUTED_VALUE"""),0) -> 0
D60: ='по ТД (копия)'!A22 -> ДСЭК города Алматы КСЭК МЗ РК | P60: =IFERROR(__xludf.DUMMYFUNCTION("""COMPUTED_VALUE"""),575051.1) -> 575051.1 | Q60: =IFERROR(__xludf.DUMMYFUNCTION("""COMPUTED_VALUE"""),575051.074) -> 575051.07 | R60: =IFERROR(__xludf.DUMMYFUNCTION("""COMPUTED_VALUE"""),0.0259999999543651) -> 0.026
D61: ='по ТД (копия)'!A23 -> ДСЭК города Нур-Султан КСЭК МЗ РК | P61: =IFERROR(__xludf.DUMMYFUNCTION("""COMPUTED_VALUE"""),476685.3) -> 476685.3 | Q61: =IFERROR(__xludf.DUMMYFUNCTION("""COMPUTED_VALUE"""),476684.452) -> 476684.45 | R61: =IFERROR(__xludf.DUMMYFUNCTION("""COMPUTED_VALUE"""),0.847999999998137) -> 0.848
D62: ='по ТД (копия)'!A24 -> ДСЭК на транспорте КСЭК МЗ РК | P62: =IFERROR(__xludf.DUMMYFUNCTION("""COMPUTED_VALUE"""),43999.3) -> 43999.3 | Q62: =IFERROR(__xludf.DUMMYFUNCTION("""COMPUTED_VALUE"""),43999.3) -> 43999.3 | R62: =IFERROR(__xludf.DUMMYFUNCTION("""COMPUTED_VALUE"""),0) -> 0
D63: ='по ТД (копия)'!A25 -> Улытау | P63: =IFERROR(__xludf.DUMMYFUNCTION("""COMPUTED_VALUE"""),56021.4) -> 56021.4 | Q63: =IFERROR(__xludf.DUMMYFUNCTION("""COMPUTED_VALUE"""),56021.4) -> 56021.4 | R63: =IFERROR(__xludf.DUMMYFUNCTION("""COMPUTED_VALUE"""),0) -> 0
D64: ='по ТД (копия)'!A26 -> Жетису | P64: =IFERROR(__xludf.DUMMYFUNCTION("""COMPUTED_VALUE"""),279667.6) -> 279667.6 | Q64: =IFERROR(__xludf.DUMMYFUNCTION("""COMPUTED_VALUE"""),279667.544) -> 279667.54 | R64: =IFERROR(__xludf.DUMMYFUNCTION("""COMPUTED_VALUE"""),0.0559999999823048) -> 0.056
D65: ='по ТД (копия)'!A27 -> Абай | P65: =IFERROR(__xludf.DUMMYFUNCTION("""COMPUTED_VALUE"""),479322.5) -> 479322.5 | Q65: =IFERROR(__xludf.DUMMYFUNCTION("""COMPUTED_VALUE"""),479322.5) -> 479322.5 | R65: =IFERROR(__xludf.DUMMYFUNCTION("""COMPUTED_VALUE"""),0) -> 0
D66: ='по ТД (копия)'!A29 -> караганда 136

Sheet СВОД с ЦА (анализ)
A1: Информация по исполнению бюджетных средств ЦА и по территориальным подразделениям Комитета санитарно-эпидемиологического контроля МЗ РК | X1: =X2-E8 -> -7417746.5
A2: по состоянию на 14 ноября 2022 года | R2: 100 | S2: 123 | X2: =G3+X3 -> 39179595 | AA2: =G8*100/E8 -> 68.409568
E3: =G3-E8 -> -7904897.5 | G3: 38692444 | P3: 403000 | Q3: =G3+P3 -> 39095444 | R3: 9465 | S3: 74686 | T3: =P3+R3+S3 -> 487151 | X3: 487151 | Z3: =R8-X8 -> 11072967
A4: Программа | B4: П/программа | C4: Специфика | D4: Наименование | E4: Сводный план финансирования на 2022 год
F5: По обязательствам | P5: Остаток до конца года по обязательствам | Q5: в том числе: | U5: Остаток до конца года по платежам | V5: в том числе: | Y5: =Y8-AA62 -> -9.3132257e-10 | Z5: =Z8-AB62 -> 0 | AA5: =AA8-AC62 -> 0 | AB5: =AB8-AD62 -> 721.86 | AC5: =AC8-AE62 -> 14760.001 | AD5: =AD8-AF62 -> #VALUE! | AE5: =AE8-AG62 -> 4090.26 | AF5: =AF8-AH62 -> 1522.55 | ... AS5: =AS8-AU62 -> 14385
F6: План сначала года | G6: Принятые обязательства | H6: Отклонение | I6: % исполнения | J6: Примечание (обоснование причин неисполнения плана) | K6: План сначала года | L6: Оплаченные обязательства | M6: Отклонение | N6: % исполнения | O6: Примечание (обоснование причин неисполнения плана) | Q6: ЦА | R6: Территориальные департаменты | S6: Ожидаемое освоение | T6: Отклонение | V6: ЦА | W6: Территориальные департаменты | Y6: Акмол | Z6: Актюб | AA6: Алмат | AB6: Атырауской | AC6: ВКО | AD6: Жамбылской | AE6: ЗКО | AF6: Караганд | AG6: Костанайской | AH6: Кызылорд | AI6: Мангистауской | AJ6: Павлодарской | AK6: СКО | AL6: Туркестанской | AM6: города Шымкент | AN6: города Алматы | AO6: города Нур-Султан | AP6: на транспорте | AQ6: Улытау | AR6: Жетису | AS6: Абай | AT6: Ноябрь | AU6: Декабрь
A7: 1 | B7: 2 | C7: 3 | D7: 4 | E7: 5 | F7: 6 | G7: 7 | H7: 8 | I7: 9 | J7: 10 | K7: 11 | L7: 12 | M7: 13 | N7: 14
D8: ВСЕГО по КСЭК МЗ РК: | E8: =ЦА!E8+'СВОД терр'!E8 -> 46597341 | F8: =ЦА!F8+'СВОД терр'!F8 -> 32115555 | G8: =ЦА!G8+'СВОД терр'!G8 -> 31877040 | H8: =ЦА!H8+'СВОД терр'!H8 -> 238515.13 | I8: =G8/F8*100 -> 99.257322 | K8: =ЦА!K8+'СВОД терр'!K8 -> 20799211 | L8: =ЦА!L8+'СВОД терр'!L8 -> 20793403 | M8: =ЦА!M8+'СВОД терр'!M8 -> 5807.4984 | N8: =L8/K8*100 -> 99.972078 | P8: =E8-G8 -> 14720302 | Q8: =ЦА!E8-ЦА!G8 -> 3647335 | R8: =P8-Q8 -> 11072967 | U8: =E8-L8 -> 25803938 | V8: =ЦА!E8-ЦА!L8 -> 3852628.8 | W8: =U8-V8 -> 21951309 | Y8: =IFERROR(__xludf.DUMMYFUNCTION("IMPORTRANGE(""https://docs.google.com/spreadsheets/d/1PsUKG3ee57b5sx42omjfZd9CYxuRONokMWtiORmUc0s/edit#gid=1330321248"",""Акмола!P8:P58"")"),523805.519999999) -> 523805.52 | Z8: =IFERROR(__xludf.DUMMYFUNCTION("IMPORTRANGE(""https://docs.google.com/spreadsheets/d/1PsUKG3ee57b5sx42omjfZd9CYxuRONokMWtiORmUc0s/edit#gid=1330321248"",""Актобе!P8:P58"")"),447524.405) -> 447524.41 | AA8: =IFERROR(__xludf.DUMMYFUNCTION("IMPORTRANGE(""https://docs.google.com/spreadsheets/d/1PsUKG3ee57b5sx42omjfZd9CYxuRONokMWtiORmUc0s/edit#gid=1330321248"",""Алматинская!P8:P58"")"),498869.423789999) -> 498869.42 | AB8: =IFERROR(__xludf.DUMMYFUNCTION("IMPORTRANGE(""https://docs.google.com/spreadsheets/d/1PsUKG3ee57b5sx42omjfZd9CYxuRONokMWtiORmUc0s/edit#gid=1330321248"",""Атырау!P8:P58"")"),428295.504) -> 428295.5 | AC8: =IFERROR(__xludf.DUMMYFUNCTION("IMPORTRANGE(""https://docs.google.com/spreadsheets/d/1PsUKG3ee57b5sx42omjfZd9CYxuRONokMWtiORmUc0s/edit#gid=1330321248"",""ВКО!P8:P58"")"),536664.356949999) -> 536664.36 | AD8: =IFERROR(__xludf.DUMMYFUNCTION("IMPORTRANGE(""https://docs.google.com/spreadsheets/d/1PsUKG3ee57b5sx42omjfZd9CYxuRONokMWtiORmUc0s/edit#gid=1330321248"",""Жамбыл!P8:P58"")"),703566.760999999) -> 703566.76 | AE8: =IFERROR(__xludf.DUMMYFUNCTION("IMPORTRANGE(""https://docs.google.com/spreadsheets/d/1PsUKG3ee57b5sx42omjfZd9CYxuRONokMWtiORmUc0s/edit#gid=1330321248"",""ЗКО!P8:P58"")"),524467.64708) -> 524467.65 | AF8: =IFERROR(__xludf.DUMMYFUNCTION("IMPORTRANGE(""https://docs.google.com/spreadsheets/d/1PsUKG3ee57b5sx42omjfZd9CYxuRONokMWtiORmUc0s/edit#gid=1330321248"",""Караганда!P8:P58"")"),685877.458) -> 685877.46 | AG8: =IFERROR(__xludf.DUMMYFUNCTION("IMPORTRANGE(""https://docs.google.com/spreadsheets/d/1PsUKG3ee57b5sx42omjfZd9CYxuRONokMWtiORmUc0s/edit#gid=1330321248"",""Костанай!P8:P58"")"),560716.630029999) -> 560716.63 | AH8: =IFERROR(__xludf.DUMMYFUNCTION("IMPORTRANGE(""https://docs.google.com/spreadsheets/d/1PsUKG3ee57b5sx42omjfZd9CYxuRONokMWtiORmUc0s/edit#gid=1330321248"",""Кызылорда!P8:P58"")"),586697.875999999) -> 586697.88 | AI8: =IFERROR(__xludf.DUMMYFUNCTION("IMPORTRANGE(""https://docs.google.com/spreadsheets/d/1PsUKG3ee57b5sx42omjfZd9CYxuRONokMWtiORmUc0s/edit#gid=1330321248"",""Мангистау!P8:P58"")"),296027.03017) -> 296027.03 | AJ8: =IFERROR(__xludf.DUMMYFUNCTION("IMPORTRANGE(""https://docs.google.com/spreadsheets/d/1PsUKG3ee57b5sx42omjfZd9CYxuRONokMWtiORmUc0s/edit#gid=1330321248"",""Павлодар!P8:P58"")"),539060.247) -> 539060.25 | AK8: =IFERROR(__xludf.DUMMYFUNCTION("IMPORTRANGE(""https://docs.google.com/spreadsheets/d/1PsUKG3ee57b5sx42omjfZd9CYxuRONokMWtiORmUc0s/edit#gid=1330321248"",""СКО!P8:P58"")"),473623.313) -> 473623.31 | AL8: =IFERROR(__xludf.DUMMYFUNCTION("IMPORTRANGE(""https://docs.google.com/spreadsheets/d/1PsUKG3ee57b5sx42omjfZd9CYxuRONokMWtiORmUc0s/edit#gid=1330321248"",""Туркестан!P8:P58"")"),862297.883999999) -> 862297.88 | AM8: =IFERROR(__xludf.DUMMYFUNCTION("IMPORTRANGE(""https://docs.google.com/spreadsheets/d/1PsUKG3ee57b5sx42omjfZd9CYxuRONokMWtiORmUc0s/edit#gid=1330321248"",""Шымкент!P8:P58"")"),418477.053) -> 418477.05 | AN8: =IFERROR(__xludf.DUMMYFUNCTION("IMPORTRANGE(""https://docs.google.com/spreadsheets/d/1PsUKG3ee57b5sx42omjfZd9CYxuRONokMWtiORmUc0s/edit#gid=1330321248"",""Алматы!P8:P58"")"),733552.740999999) -> 733552.74 | AO8: =IFERROR(__xludf.DUMMYFUNCTION("IMPORTRANGE(""https://docs.google.com/spreadsheets/d/1PsUKG3ee57b5sx42omjfZd9CYxuRONokMWtiORmUc0s/edit#gid=1330321248"",""Нур-Султан!P8:P58"")"),409312.425) -> 409312.42 | AP8: =IFERROR(__xludf.DUMMYFUNCTION("IMPORTRANGE(""https://docs.google.com/spreadsheets/d/1PsUKG3ee57b5sx42omjfZd9CYxuRONokMWtiORmUc0s/edit#gid=1330321248"",""Транспорт!P8:P58"")"),755243.484) -> 755243.48 | AQ8: =IFERROR(__xludf.DUMMYFUNCTION("IMPORTRANGE(""https://docs.google.com/spreadsheets/d/1PsUKG3ee57b5sx42omjfZd9CYxuRONokMWtiORmUc0s/edit#gid=1330321248"",""Улытау!P8:P58"")"),181679.566) -> 181679.57 | AR8: =IFERROR(__xludf.DUMMYFUNCTION("IMPORTRANGE(""https://docs.google.com/spreadsheets/d/1PsUKG3ee57b5sx42omjfZd9CYxuRONokMWtiORmUc0s/edit#gid=1330321248"",""Жетису!P8:P58"")"),455645.421) -> 455645.42 | AS8: =IFERROR(__xludf.DUMMYFUNCTION("IMPORTRANGE(""https://docs.google.com/spreadsheets/d/1PsUKG3ee57b5sx42omjfZd9CYxuRONokMWtiORmUc0s/edit#gid=1330321248"",""Абай!P8:P58"")"),451561.718999999) -> 451561.72
A9: 1 | D9: Формирование государственной политики в области здравоохранения | E9: =ЦА!E9+'СВОД терр'!E9 -> 26153215 | F9: =ЦА!F9+'СВОД терр'!F9 -> 13749327 | G9: =ЦА!G9+'СВОД терр'!G9 -> 13514526 | H9: =ЦА!H9+'СВОД терр'!H9 -> 234801.66 | I9: =G9/F9*100 -> 98.292268 | K9: =ЦА!K9+'СВОД терр'!K9 -> 12924530 | L9: =ЦА!L9+'СВОД терр'!L9 -> 12918726 | M9: =ЦА!M9+'СВОД терр'!M9 -> 5804.3198 | N9: =L9/K9*100 -> 99.955091 | P9: =E9-G9 -> 12638689 | Q9: =ЦА!E9-ЦА!G9 -> 1587503 | R9: =P9-Q9 -> 11051186 | U9: =E9-L9 -> 13234489 | V9: =ЦА!E9-ЦА!L9 -> 1791807.6 | W9: =U9-V9 -> 11442681 | Y9: =IFERROR(__xludf.DUMMYFUNCTION("""COMPUTED_VALUE"""),523805.396999999) -> 523805.4 | Z9: =IFERROR(__xludf.DUMMYFUNCTION("""COMPUTED_VALUE"""),447523.442) -> 447523.44 | AA9: =IFERROR(__xludf.DUMMYFUNCTION("""COMPUTED_VALUE"""),498869.396929999) -> 498869.4 | AB9: =IFERROR(__xludf.DUMMYFUNCTION("""COMPUTED_VALUE"""),427573.584) -> 427573.58 | AC9: =IFERROR(__xludf.DUMMYFUNCTION("""COMPUTED_VALUE"""),536664.356949999) -> 536664.36 | AD9: =IFERROR(__xludf.DUMMYFUNCTION("""COMPUTED_VALUE"""),703566.674999999) -> 703566.67 | AE9: =IFERROR(__xludf.DUMMYFUNCTION("""COMPUTED_VALUE"""),520377.321189999) -> 520377.32 | AF9: =IFERROR(__xludf.DUMMYFUNCTION("""COMPUTED_VALUE"""),685877.448) -> 685877.45 | AG9: =IFERROR(__xludf.DUMMYFUNCTION("""COMPUTED_VALUE"""),560716.61766) -> 560716.62 | AH9: =IFERROR(__xludf.DUMMYFUNCTION("""COMPUTED_VALUE"""),586697.838) -> 586697.84 | AI9: =IFERROR(__xludf.DUMMYFUNCTION("""COMPUTED_VALUE"""),296026.93355) -> 296026.93 | AJ9: =IFERROR(__xludf.DUMMYFUNCTION("""COMPUTED_VALUE"""),538338.447) -> 538338.45 | AK9: =IFERROR(__xludf.DUMMYFUNCTION("""COMPUTED_VALUE"""),473623.262999999) -> 473623.26 | AL9: =IFERROR(__xludf.DUMMYFUNCTION("""COMPUTED_VALUE"""),859410.641) -> 859410.64 | AM9: =IFERROR(__xludf.DUMMYFUNCTION("""COMPUTED_VALUE"""),418477.006) -> 418477.01 | AN9: =IFERROR(__xludf.DUMMYFUNCTION("""COMPUTED_VALUE"""),727369.740999999) -> 727369.74 | AO9: =IFERROR(__xludf.DUMMYFUNCTION("""COMPUTED_VALUE"""),407443.784999999) -> 407443.78 | AP9: =IFERROR(__xludf.DUMMYFUNCTION("""COMPUTED_VALUE"""),752343.884) -> 752343.88 | AQ9: =IFERROR(__xludf.DUMMYFUNCTION("""COMPUTED_VALUE"""),181679.485999999) -> 181679.49 | AR9: =IFERROR(__xludf.DUMMYFUNCTION("""COMPUTED_VALUE"""),454442.421) -> 454442.42 | AS9: =IFERROR(__xludf.DUMMYFUNCTION("""COMPUTED_VALUE"""),450358.719) -> 450358.72
B10: 100 | D10: Обеспечение деятельности уполномоченного органа в области здравоохранения | E10: =ЦА!E10+'СВОД терр'!E10 -> 2780991.6 | F10: =ЦА!F10+'СВОД терр'!F10 -> 1471096.1 | G10: =ЦА!G10+'СВОД терр'!G10 -> 1469760.2 | H10: =ЦА!H10+'СВОД терр'!H10 -> 1335.9303 | I10: =G10/F10*100 -> 99.909188 | K10: =ЦА!K10+'СВОД терр'!K10 -> 1467156.3 | L10: =ЦА!L10+'СВОД терр'!L10 -> 1466895 | M10: =ЦА!M10+'СВОД терр'!M10 -> 261.32931 | N10: =L10/K10*100 -> 99.982188 | P10: =E10-G10 -> 1311231.4 | Q10: =ЦА!E10-ЦА!G10 -> 17395.296 | R10: =P10-Q10 -> 1293836.1 | U10: =E10-L10 -> 1314096.6 | V10: =ЦА!E10-ЦА!L10 -> 18828.096 | W10: =U10-V10 -> 1295268.5 | Y10: =IFERROR(__xludf.DUMMYFUNCTION("""COMPUTED_VALUE"""),82071.5389999999) -> 82071.539 | Z10: =IFERROR(__xludf.DUMMYFUNCTION("""COMPUTED_VALUE"""),45311.4379999999) -> 45311.438 | AA10: =IFERROR(__xludf.DUMMYFUNCTION("""COMPUTED_VALUE"""),47202) -> 47202 | AB10: =IFERROR(__xludf.DUMMYFUNCTION("""COMPUTED_VALUE"""),59522.83) -> 59522.83 | AC10: =IFERROR(__xludf.DUMMYFUNCTION("""COMPUTED_VALUE"""),48060.18217) -> 48060.182 | AD10: =IFERROR(__xludf.DUMMYFUNCTION("""COMPUTED_VALUE"""),97414.069) -> 97414.069 | AE10: =IFERROR(__xludf.DUMMYFUNCTION("""COMPUTED_VALUE"""),44615.7) -> 44615.7 | AF10: =IFERROR(__xludf.DUMMYFUNCTION("""COMPUTED_VALUE"""),88978.2199999999) -> 88978.22 | AG10: =IFERROR(__xludf.DUMMYFUNCTION("""COMPUTED_VALUE"""),94620.9999999999) -> 94621 | AH10: =IFERROR(__xludf.DUMMYFUNCTION("""COMPUTED_VALUE"""),55618.796) -> 55618.796 | AI10: =IFERROR(__xludf.DUMMYFUNCTION("""COMPUTED_VALUE"""),36859.59814) -> 36859.598 | AJ10: =IFERROR(__xludf.DUMMYFUNCTION("""COMPUTED_VALUE"""),84799.9999999999) -> 84800 | AK10: =IFERROR(__xludf.DUMMYFUNCTION("""COMPUTED_VALUE"""),77840) -> 77840 | AL10: =IFERROR(__xludf.DUMMYFUNCTION("""COMPUTED_VALUE"""),95348.3599999999) -> 95348.36 | AM10: =IFERROR(__xludf.DUMMYFUNCTION("""COMPUTED_VALUE"""),26965.5799999999) -> 26965.58 | AN10: =IFERROR(__xludf.DUMMYFUNCTION("""COMPUTED_VALUE"""),38972) -> 38972 | AO10: =IFERROR(__xludf.DUMMYFUNCTION("""COMPUTED_VALUE"""),19922) -> 19922 | AP10: =IFERROR(__xludf.DUMMYFUNCTION("""COMPUTED_VALUE"""),127119.999999999) -> 127120 | AQ10: =IFERROR(__xludf.DUMMYFUNCTION("""COMPUTED_VALUE"""),24905.67) -> 24905.67 | AR10: =IFERROR(__xludf.DUMMYFUNCTION("""COMPUTED_VALUE"""),46819.166) -> 46819.166 | AS10: =IFERROR(__xludf.DUMMYFUNCTION("""COMPUTED_VALUE"""),50867.986) -> 50867.986 | AT10: 166448.85 | AU10: =P10-AT10 -> 1144782.6
C11: 131 | D11: Оплата труда технического персонала: | E11: =ЦА!E11+'СВОД терр'!E11 -> 2423089.7 | F11: =ЦА!F11+'СВОД терр'!F11 -> 1304730.7 | G11: =ЦА!G11+'СВОД терр'!G11 -> 1304649.2 | H11: =ЦА!H11+'СВОД терр'!H11 -> 81.48533 | I11: =G11/F11*100 -> 99.993755 | K11: =ЦА!K11+'СВОД терр'!K11 -> 1304730.7 | L11: =ЦА!L11+'СВОД терр'!L11 -> 1304649.2 | M11: =ЦА!M11+'СВОД терр'!M11 -> 81.48533 | N11: =L11/K11*100 -> 99.993755 | O11: =M11+M12 -> 126.55496 | P11: =E11-G11 -> 1118440.5 | Q11: =ЦА!E11-ЦА!G11 -> 9324 | R11: =P11-Q11 -> 1109116.5 | S11: 1998137.4 | T11: =S11-E11 -> -424952.3 | U11: =E11-L11 -> 1118440.5 | V11: =ЦА!E11-ЦА!L11 -> 9324 | W11: =U11-V11 -> 1109116.5 | X11: ФОТ освоение до конца года | Y11: =IFERROR(__xludf.DUMMYFUNCTION("""COMPUTED_VALUE"""),71330.681) -> 71330.681 | Z11: =IFERROR(__xludf.DUMMYFUNCTION("""COMPUTED_VALUE"""),38955) -> 38955 | AA11: =IFERROR(__xludf.DUMMYFUNCTION("""COMPUTED_VALUE"""),41157) -> 41157 | AB11: =IFERROR(__xludf.DUMMYFUNCTION("""COMPUTED_VALUE"""),51466.33) -> 51466.33 | AC11: =IFERROR(__xludf.DUMMYFUNCTION("""COMPUTED_VALUE"""),41724.00019) -> 41724 | AD11: =IFERROR(__xludf.DUMMYFUNCTION("""COMPUTED_VALUE"""),84958) -> 84958 | AE11: =IFERROR(__xludf.DUMMYFUNCTION("""COMPUTED_VALUE"""),37656) -> 37656 | AF11: =IFERROR(__xludf.DUMMYFUNCTION("""COMPUTED_VALUE"""),79600.01) -> 79600.01 | AG11: =IFERROR(__xludf.DUMMYFUNCTION("""COMPUTED_VALUE"""),82522.9999999999) -> 82523 | AH11: =IFERROR(__xludf.DUMMYFUNCTION("""COMPUTED_VALUE"""),48812.196) -> 48812.196 | AI11: =IFERROR(__xludf.DUMMYFUNCTION("""COMPUTED_VALUE"""),31362.59814) -> 31362.598 | AJ11: =IFERROR(__xludf.DUMMYFUNCTION("""COMPUTED_VALUE"""),72852) -> 72852 | AK11: =IFERROR(__xludf.DUMMYFUNCTION("""COMPUTED_VALUE"""),67831) -> 67831 | AL11: =IFERROR(__xludf.DUMMYFUNCTION("""COMPUTED_VALUE"""),83611) -> 83611 | AM11: =IFERROR(__xludf.DUMMYFUNCTION("""COMPUTED_VALUE"""),23068.67) -> 23068.67 | AN11: =IFERROR(__xludf.DUMMYFUNCTION("""COMPUTED_VALUE"""),33986) -> 33986 | AO11: =IFERROR(__xludf.DUMMYFUNCTION("""COMPUTED_VALUE"""),17376) -> 17376 | AP11: =IFERROR(__xludf.DUMMYFUNCTION("""COMPUTED_VALUE"""),96288.9999999999) -> 96289 | AQ11: =IFERROR(__xludf.DUMMYFUNCTION("""COMPUTED_VALUE"""),19285) -> 19285 | AR11: =IFERROR(__xludf.DUMMYFUNCTION("""COMPUTED_VALUE"""),40837) -> 40837 | AS11: =IFERROR(__xludf.DUMMYFUNCTION("""COMPUTED_VALUE"""),44436) -> 44436
C12: 135 | D12: Взносы работодателей по техническому персоналу | E12: =ЦА!E12+'СВОД терр'!E12 -> 306867.9 | F12: =ЦА!F12+'СВОД терр'!F12 -> 142383 | G12: =ЦА!G12+'СВОД терр'!G12 -> 142337.93 | H12: =ЦА!H12+'СВОД терр'!H12 -> 45.06963 | I12: =G12/F12*100 -> 99.968346 | K12: =ЦА!K12+'СВОД терр'!K12 -> 142383 | L12: =ЦА!L12+'СВОД терр'!L12 -> 142337.93 | M12: =ЦА!M12+'СВОД терр'!M12 -> 45.06963 | N12: =L12/K12*100 -> 99.968346 | P12: =E12-G12 -> 164529.97 | Q12: =ЦА!E12-ЦА!G12 -> 1325 | R12: =P12-Q12 -> 163204.97 | S12: 222706.5 | T12: =S12-E12 -> -84161.4 | U12: =E12-L12 -> 164529.97 | V12: =ЦА!E12-ЦА!L12 -> 1325 | W12: =U12-V12 -> 163204.97 | X12: ФОТ освоение до конца года | Y12: =IFERROR(__xludf.DUMMYFUNCTION("""COMPUTED_VALUE"""),10486.073) -> 10486.073 | Z12: =IFERROR(__xludf.DUMMYFUNCTION("""COMPUTED_VALUE"""),5443) -> 5443 | AA12: =IFERROR(__xludf.DUMMYFUNCTION("""COMPUTED_VALUE"""),6045) -> 6045 | AB12: =IFERROR(__xludf.DUMMYFUNCTION("""COMPUTED_VALUE"""),7598) -> 7598 | AC12: =IFERROR(__xludf.DUMMYFUNCTION("""COMPUTED_VALUE"""),5226.00063) -> 5226.0006 | AD12: =IFERROR(__xludf.DUMMYFUNCTION("""COMPUTED_VALUE"""),12456) -> 12456 | AE12: =IFERROR(__xludf.DUMMYFUNCTION("""COMPUTED_VALUE"""),6568) -> 6568 | AF12: =IFERROR(__xludf.DUMMYFUNCTION("""COMPUTED_VALUE"""),9330.01) -> 9330.01 | AG12: =IFERROR(__xludf.DUMMYFUNCTION("""COMPUTED_VALUE"""),12098) -> 12098 | AH12: =IFERROR(__xludf.DUMMYFUNCTION("""COMPUTED_VALUE"""),5827) -> 5827 | AI12: =IFERROR(__xludf.DUMMYFUNCTION("""COMPUTED_VALUE"""),5497) -> 5497 | AJ12: =IFERROR(__xludf.DUMMYFUNCTION("""COMPUTED_VALUE"""),11948) -> 11948 | AK12: =IFERROR(__xludf.DUMMYFUNCTION("""COMPUTED_VALUE"""),10009) -> 10009 | AL12: =IFERROR(__xludf.DUMMYFUNCTION("""COMPUTED_VALUE"""),11433) -> 11433 | AM12: =IFERROR(__xludf.DUMMYFUNCTION("""COMPUTED_VALUE"""),3850.89999999999) -> 3850.9 | AN12: =IFERROR(__xludf.DUMMYFUNCTION("""COMPUTED_VALUE"""),4986) -> 4986 | AO12: =IFERROR(__xludf.DUMMYFUNCTION("""COMPUTED_VALUE"""),2546) -> 2546 | AP12: =IFERROR(__xludf.DUMMYFUNCTION("""COMPUTED_VALUE"""),13831) -> 13831 | AQ12: =IFERROR(__xludf.DUMMYFUNCTION("""COMPUTED_VALUE"""),5620) -> 5620 | AR12: =IFERROR(__xludf.DUMMYFUNCTION("""COMPUTED_VALUE"""),5975) -> 5975 | AS12: =IFERROR(__xludf.DUMMYFUNCTION("""COMPUTED_VALUE"""),6431.986) -> 6431.986
C13: 136 | D13: Командировки и служебные разъезды внутри страны технического персонала | E13: =ЦА!E13+'СВОД терр'!E13 -> 14633.8 | F13: =ЦА!F13+'СВОД терр'!F13 -> 14533.8 | G13: =ЦА!G13+'СВОД терр'!G13 -> 14435.057 | H13: =ЦА!H13+'СВОД терр'!H13 -> 98.743 | I13: =G13/F13*100 -> 99.320598 | J13: =L8/E8*100 -> 44.623583 | K13: =ЦА!K13+'СВОД терр'!K13 -> 14533.8 | L13: =ЦА!L13+'СВОД терр'!L13 -> 14435.057 | M13: =ЦА!M13+'СВОД терр'!M13 -> 98.743 | N13: =L13/K13*100 -> 99.320598 | P13: =E13-G13 -> 198.743 | Q13: =ЦА!E13-ЦА!G13 -> 0 | R13: =P13-Q13 -> 198.743 | S13: 21348.4 | T13: =S13-E13 -> 6714.6 | U13: =E13-L13 -> 198.743 | V13: =ЦА!E13-ЦА!L13 -> 0 | W13: =U13-V13 -> 198.743 | X13: Командировки освоение до конца года Акмола Атырау | Y13: =IFERROR(__xludf.DUMMYFUNCTION("""COMPUTED_VALUE"""),0) -> 0 | Z13: =IFERROR(__xludf.DUMMYFUNCTION("""COMPUTED_VALUE"""),3.43799999999998) -> 3.438 | AA13: =IFERROR(__xludf.DUMMYFUNCTION("""COMPUTED_VALUE"""),0) -> 0 | AB13: =IFERROR(__xludf.DUMMYFUNCTION("""COMPUTED_VALUE"""),0) -> 0 | AC13: =IFERROR(__xludf.DUMMYFUNCTION("""COMPUTED_VALUE"""),0.0389999999999872) -> 0.039 | AD13: =IFERROR(__xludf.DUMMYFUNCTION("""COMPUTED_VALUE"""),0) -> 0 | AE13: =IFERROR(__xludf.DUMMYFUNCTION("""COMPUTED_VALUE"""),139.449999999999) -> 139.45 | AF13: =IFERROR(__xludf.DUMMYFUNCTION("""COMPUTED_VALUE"""),48.1999999999999) -> 48.2 | AG13: =IFERROR(__xludf.DUMMYFUNCTION("""COMPUTED_VALUE"""),0) -> 0 | AH13: =IFERROR(__xludf.DUMMYFUNCTION("""COMPUTED_VALUE"""),0) -> 0 | AI13: =IFERROR(__xludf.DUMMYFUNCTION("""COMPUTED_VALUE"""),0) -> 0 | AJ13: =IFERROR(__xludf.DUMMYFUNCTION("""COMPUTED_VALUE"""),0) -> 0 | AK13: =IFERROR(__xludf.DUMMYFUNCTION("""COMPUTED_VALUE"""),0) -> 0 | AL13: =IFERROR(__xludf.DUMMYFUNCTION("""COMPUTED_VALUE"""),0.450000000000045) -> 0.45 | AM13: =IFERROR(__xludf.DUMMYFUNCTION("""COMPUTED_VALUE"""),0) -> 0 | AN13: =IFERROR(__xludf.DUMMYFUNCTION("""COMPUTED_VALUE"""),0) -> 0 | AO13: =IFERROR(__xludf.DUMMYFUNCTION("""COMPUTED_VALUE"""),0) -> 0 | AP13: =IFERROR(__xludf.DUMMYFUNCTION("""COMPUTED_VALUE"""),0) -> 0 | AQ13: =IFERROR(__xludf.DUMMYFUNCTION("""COMPUTED_VALUE"""),0) -> 0 | AR13: =IFERROR(__xludf.DUMMYFUNCTION("""COMPUTED_VALUE"""),7.16599999999994) -> 7.166 | AS13: =IFERROR(__xludf.DUMMYFUNCTION("""COMPUTED_VALUE"""),0) -> 0
C14: 157 | D14: Оплата услуг на проведение форумов, семинаров | E14: =ЦА!E14+'СВОД терр'!E14 -> 0 | F14: =ЦА!F14+'СВОД терр'!F14 -> 0 | G14: =ЦА!G14+'СВОД терр'!G14 -> 0 | H14: =ЦА!H14+'СВОД терр'!H14 -> 0 | I14: =G14/F14*100 -> #DIV/0! | K14: =ЦА!K14+'СВОД терр'!K14 -> 0 | L14: =ЦА!L14+'СВОД терр'!L14 -> 0 | M14: =ЦА!M14+'СВОД терр'!M14 -> 0 | N14: =L14/K14*100 -> #DIV/0! | P14: =E14-G14 -> 0 | Q14: =ЦА!E14-ЦА!G14 -> 0 | R14: =P14-Q14 -> 0 | S14: 0 | T14: =S14-E14 -> 0 | U14: =E14-L14 -> 0 | V14: =ЦА!E14-ЦА!L14 -> 0 | W14: =U14-V14 -> 0 | Y14: =IFERROR(__xludf.DUMMYFUNCTION("""COMPUTED_VALUE"""),0) -> 0 | Z14: =IFERROR(__xludf.DUMMYFUNCTION("""COMPUTED_VALUE"""),0) -> 0 | AA14: =IFERROR(__xludf.DUMMYFUNCTION("""COMPUTED_VALUE"""),0) -> 0 | AB14: =IFERROR(__xludf.DUMMYFUNCTION("""COMPUTED_VALUE"""),0) -> 0 | AC14: =IFERROR(__xludf.DUMMYFUNCTION("""COMPUTED_VALUE"""),0) -> 0 | AD14: =IFERROR(__xludf.DUMMYFUNCTION("""COMPUTED_VALUE"""),-504.431) -> -504.431 | AE14: =IFERROR(__xludf.DUMMYFUNCTION("""COMPUTED_VALUE"""),0) -> 0 | AF14: =IFERROR(__xludf.DUMMYFUNCTION("""COMPUTED_VALUE"""),0) -> 0 | AG14: =IFERROR(__xludf.DUMMYFUNCTION("""COMPUTED_VALUE"""),0) -> 0 | AH14: =IFERROR(__xludf.DUMMYFUNCTION("""COMPUTED_VALUE"""),0) -> 0 | AI14: =IFERROR(__xludf.DUMMYFUNCTION("""COMPUTED_VALUE"""),0) -> 0 | AJ14: =IFERROR(__xludf.DUMMYFUNCTION("""COMPUTED_VALUE"""),0) -> 0 | AK14: =IFERROR(__xludf.DUMMYFUNCTION("""COMPUTED_VALUE"""),0) -> 0 | AL14: =IFERROR(__xludf.DUMMYFUNCTION("""COMPUTED_VALUE"""),0) -> 0 | ... AS14: =IFERROR(__xludf.DUMMYFUNCTION("""COMPUTED_VALUE"""),0) -> 0
C15: 159 | D15: Прочие услуги и работы | E15: =ЦА!E15+'СВОД терр'!E15 -> 35577.7 | F15: =ЦА!F15+'СВОД терр'!F15 -> 8626.1 | G15: =ЦА!G15+'СВОД терр'!G15 -> 7523.4349 | H15: =ЦА!H15+'СВОД терр'!H15 -> 1102.6651 | I15: =G15/F15*100 -> 87.217108 | K15: =ЦА!K15+'СВОД терр'!K15 -> 4686.3 | L15: =ЦА!L15+'СВОД терр'!L15 -> 4658.2359 | M15: =ЦА!M15+'СВОД терр'!M15 -> 28.06406 | N15: =L15/K15*100 -> 99.401147 | P15: =E15-G15 -> 28054.265 | Q15: =ЦА!E15-ЦА!G15 -> 6746.296 | R15: =P15-Q15 -> 21307.969 | S15: 33451.6 | T15: =S15-E15 -> -2126.1 | U15: =E15-L15 -> 30919.464 | V15: =ЦА!E15-ЦА!L15 -> 8179.096 | W15: =U15-V15 -> 22740.368 | X15: экономия | Y15: =IFERROR(__xludf.DUMMYFUNCTION("""COMPUTED_VALUE"""),254.772) -> 254.772 | Z15: =IFERROR(__xludf.DUMMYFUNCTION("""COMPUTED_VALUE"""),910) -> 910 | AA15: =IFERROR(__xludf.DUMMYFUNCTION("""COMPUTED_VALUE"""),0) -> 0 | AB15: =IFERROR(__xludf.DUMMYFUNCTION("""COMPUTED_VALUE"""),458.5) -> 458.5 | AC15: =IFERROR(__xludf.DUMMYFUNCTION("""COMPUTED_VALUE"""),1110.10806) -> 1110.1081 | AD15: =IFERROR(__xludf.DUMMYFUNCTION("""COMPUTED_VALUE"""),"#REF!") -> #REF! | AE15: =IFERROR(__xludf.DUMMYFUNCTION("""COMPUTED_VALUE"""),245) -> 245 | AF15: =IFERROR(__xludf.DUMMYFUNCTION("""COMPUTED_VALUE"""),0) -> 0 | AG15: =IFERROR(__xludf.DUMMYFUNCTION("""COMPUTED_VALUE"""),0) -> 0 | AH15: =IFERROR(__xludf.DUMMYFUNCTION("""COMPUTED_VALUE"""),979.6) -> 979.6 | AI15: =IFERROR(__xludf.DUMMYFUNCTION("""COMPUTED_VALUE"""),0) -> 0 | AJ15: =IFERROR(__xludf.DUMMYFUNCTION("""COMPUTED_VALUE"""),0) -> 0 | AK15: =IFERROR(__xludf.DUMMYFUNCTION("""COMPUTED_VALUE"""),0) -> 0 | AL15: =IFERROR(__xludf.DUMMYFUNCTION("""COMPUTED_VALUE"""),303.909999999999) -> 303.91 | AM15: =IFERROR(__xludf.DUMMYFUNCTION("""COMPUTED_VALUE"""),46.0099999999999) -> 46.01 | AN15: =IFERROR(__xludf.DUMMYFUNCTION("""COMPUTED_VALUE"""),0) -> 0 | AO15: =IFERROR(__xludf.DUMMYFUNCTION("""COMPUTED_VALUE"""),0) -> 0 | AP15: =IFERROR(__xludf.DUMMYFUNCTION("""COMPUTED_VALUE"""),17000) -> 17000 | AQ15: =IFERROR(__xludf.DUMMYFUNCTION("""COMPUTED_VALUE"""),0) -> 0 | AR15: =IFERROR(__xludf.DUMMYFUNCTION("""COMPUTED_VALUE"""),0) -> 0 | AS15: =IFERROR(__xludf.DUMMYFUNCTION("""COMPUTED_VALUE"""),0) -> 0
C16: 169 | D16: Прочие текущие затраты | E16: =ЦА!E16+'СВОД терр'!E16 -> 517.5 | F16: =ЦА!F16+'СВОД терр'!F16 -> 517.5 | G16: =ЦА!G16+'СВОД терр'!G16 -> 510.20271 | H16: =ЦА!H16+'СВОД терр'!H16 -> 7.29729 | I16: =G16/F16*100 -> 98.589896 | K16: =ЦА!K16+'СВОД терр'!K16 -> 517.5 | L16: =ЦА!L16+'СВОД терр'!L16 -> 510.20271 | M16: =ЦА!M16+'СВОД терр'!M16 -> 7.29729 | N16: =L16/K16*100 -> 98.589896 | P16: =E16-G16 -> 7.29729 | Q16: =ЦА!E16-ЦА!G16 -> 0 | R16: =P16-Q16 -> 7.29729 | S16: 4788.1 | T16: =S16-E16 -> 4270.6 | U16: =E16-L16 -> 7.29729 | V16: =ЦА!E16-ЦА!L16 -> 0 | W16: =U16-V16 -> 7.29729 | X16: 56,6 тыс тенге - ЦА Вода 782.81 тыс тенге - терр.Департаменты | Y16: =IFERROR(__xludf.DUMMYFUNCTION("""COMPUTED_VALUE"""),0.0130000000000052) -> 0.013 | Z16: =IFERROR(__xludf.DUMMYFUNCTION("""COMPUTED_VALUE"""),0) -> 0 | AA16: =IFERROR(__xludf.DUMMYFUNCTION("""COMPUTED_VALUE"""),0) -> 0 | AB16: =IFERROR(__xludf.DUMMYFUNCTION("""COMPUTED_VALUE"""),0) -> 0 | AC16: =IFERROR(__xludf.DUMMYFUNCTION("""COMPUTED_VALUE"""),0.0342900000000001) -> 0.03429 | AD16: =IFERROR(__xludf.DUMMYFUNCTION("""COMPUTED_VALUE"""),0) -> 0 | AE16: =IFERROR(__xludf.DUMMYFUNCTION("""COMPUTED_VALUE"""),7.25) -> 7.25 | AF16: =IFERROR(__xludf.DUMMYFUNCTION("""COMPUTED_VALUE"""),0) -> 0 | AG16: =IFERROR(__xludf.DUMMYFUNCTION("""COMPUTED_VALUE"""),0) -> 0 | AH16: =IFERROR(__xludf.DUMMYFUNCTION("""COMPUTED_VALUE"""),0) -> 0 | AI16: =IFERROR(__xludf.DUMMYFUNCTION("""COMPUTED_VALUE"""),0) -> 0 | AJ16: =IFERROR(__xludf.DUMMYFUNCTION("""COMPUTED_VALUE"""),0) -> 0 | AK16: =IFERROR(__xludf.DUMMYFUNCTION("""COMPUTED_VALUE"""),0) -> 0 | AL16: =IFERROR(__xludf.DUMMYFUNCTION("""COMPUTED_VALUE"""),0) -> 0 | AM16: =IFERROR(__xludf.DUMMYFUNCTION("""COMPUTED_VALUE"""),0) -> 0 | ... AS16: =IFERROR(__xludf.DUMMYFUNCTION("""COMPUTED_VALUE"""),0) -> 0
C17: 322 | D17: Трансферты физическим лицам | E17: =ЦА!E17+'СВОД терр'!E17 -> 305 | F17: =ЦА!F17+'СВОД терр'!F17 -> 305 | G17: =ЦА!G17+'СВОД терр'!G17 -> 304.33 | H17: =ЦА!H17+'СВОД терр'!H17 -> 0.67 | I17: =G17/F17*100 -> 99.780328 | K17: =ЦА!K17+'СВОД терр'!K17 -> 305 | L17: =ЦА!L17+'СВОД терр'!L17 -> 304.33 | M17: =ЦА!M17+'СВОД терр'!M17 -> 0.67 | N17: =L17/K17*100 -> 99.780328 | P17: =E17-G17 -> 0.67 | Q17: =ЦА!E17-ЦА!G17 -> 0 | R17: =P17-Q17 -> 0.67 | S17: 761.8 | T17: =S17-E17 -> 456.8 | U17: =E17-L17 -> 0.67 | V17: =ЦА!E17-ЦА!L17 -> 0 | W17: =U17-V17 -> 0.67 | X17: Жамбыл | Y17: =IFERROR(__xludf.DUMMYFUNCTION("""COMPUTED_VALUE"""),0) -> 0 | Z17: =IFERROR(__xludf.DUMMYFUNCTION("""COMPUTED_VALUE"""),0) -> 0 | AA17: =IFERROR(__xludf.DUMMYFUNCTION("""COMPUTED_VALUE"""),0) -> 0 | AB17: =IFERROR(__xludf.DUMMYFUNCTION("""COMPUTED_VALUE"""),0) -> 0 | AC17: =IFERROR(__xludf.DUMMYFUNCTION("""COMPUTED_VALUE"""),0) -> 0 | AD17: =IFERROR(__xludf.DUMMYFUNCTION("""COMPUTED_VALUE"""),0) -> 0 | AE17: =IFERROR(__xludf.DUMMYFUNCTION("""COMPUTED_VALUE"""),0) -> 0 | AF17: =IFERROR(__xludf.DUMMYFUNCTION("""COMPUTED_VALUE"""),0) -> 0 | ... AP17: =IFERROR(__xludf.DUMMYFUNCTION("""COMPUTED_VALUE"""),0) -> 0 | AQ17: =IFERROR(__xludf.DUMMYFUNCTION("""COMPUTED_VALUE"""),0.670000000000015) -> 0.67 | AR17: =IFERROR(__xludf.DUMMYFUNCTION("""COMPUTED_VALUE"""),0) -> 0 | AS17: =IFERROR(__xludf.DUMMYFUNCTION("""COMPUTED_VALUE"""),0) -> 0
C18: 414 | D18: Приобретение машин, оборудования, инструментов, производственного и хозяйственного инвентаря | E18: =ЦА!E18+'СВОД терр'!E18 -> 0 | F18: =ЦА!F18+'СВОД терр'!F18 -> 0 | G18: =ЦА!G18+'СВОД терр'!G18 -> 0 | H18: =ЦА!H18+'СВОД терр'!H18 -> 0 | I18: =G18/F18*100 -> #DIV/0! | K18: =ЦА!K18+'СВОД терр'!K18 -> 0 | L18: =ЦА!L18+'СВОД терр'!L18 -> 0 | M18: =ЦА!M18+'СВОД терр'!M18 -> 0 | N18: =L18/K18*100 -> #DIV/0! | P18: =E18-G18 -> 0 | Q18: =ЦА!E18-ЦА!G18 -> 0 | R18: =P18-Q18 -> 0 | S18: 0 | T18: =S18-E18 -> 0 | U18: =E18-L18 -> 0 | V18: =ЦА!E18-ЦА!L18 -> 0 | W18: =U18-V18 -> 0 | Y18: =IFERROR(__xludf.DUMMYFUNCTION("""COMPUTED_VALUE"""),0) -> 0 | Z18: =IFERROR(__xludf.DUMMYFUNCTION("""COMPUTED_VALUE"""),0) -> 0 | AA18: =IFERROR(__xludf.DUMMYFUNCTION("""COMPUTED_VALUE"""),0) -> 0 | AB18: =IFERROR(__xludf.DUMMYFUNCTION("""COMPUTED_VALUE"""),0) -> 0 | AC18: =IFERROR(__xludf.DUMMYFUNCTION("""COMPUTED_VALUE"""),0) -> 0 | AD18: =IFERROR(__xludf.DUMMYFUNCTION("""COMPUTED_VALUE"""),0) -> 0 | AE18: =IFERROR(__xludf.DUMMYFUNCTION("""COMPUTED_VALUE"""),0) -> 0 | AF18: =IFERROR(__xludf.DUMMYFUNCTION("""COMPUTED_VALUE"""),0) -> 0 | ... AS18: =IFERROR(__xludf.DUMMYFUNCTION("""COMPUTED_VALUE"""),0) -> 0
B19: 104 | D19: Обеспечение функционирования информационных систем и информационно-техническое обеспечение государственного органа | E19: =ЦА!E19+'СВОД терр'!E19 -> 725359 | F19: =ЦА!F19+'СВОД терр'!F19 -> 261863.4 | G19: =ЦА!G19+'СВОД терр'!G19 -> 259440.15 | H19: =ЦА!H19+'СВОД терр'!H19 -> 2423.254 | I19: =G19/F19*100 -> 99.074611 | K19: =ЦА!K19+'СВОД терр'!K19 -> 71875.8 | L19: =ЦА!L19+'СВОД терр'!L19 -> 71875.628 | M19: =ЦА!M19+'СВОД терр'!M19 -> 0.172 | N19: =L19/K19*100 -> 99.999761 | P19: =E19-G19 -> 465918.85 | Q19: =ЦА!E19-ЦА!G19 -> 465918.85 | R19: =P19-Q19 -> 0 | U19: =E19-L19 -> 653483.37 | V19: =ЦА!E19-ЦА!L19 -> 653483.37 | W19: =U19-V19 -> 0 | Y19: =IFERROR(__xludf.DUMMYFUNCTION("""COMPUTED_VALUE"""),0) -> 0 | Z19: =IFERROR(__xludf.DUMMYFUNCTION("""COMPUTED_VALUE"""),0) -> 0 | AA19: =IFERROR(__xludf.DUMMYFUNCTION("""COMPUTED_VALUE"""),0) -> 0 | AB19: =IFERROR(__xludf.DUMMYFUNCTION("""COMPUTED_VALUE"""),0) -> 0 | AC19: =IFERROR(__xludf.DUMMYFUNCTION("""COMPUTED_VALUE"""),0) -> 0 | AD19: =IFERROR(__xludf.DUMMYFUNCTION("""COMPUTED_VALUE"""),0) -> 0 | AE19: =IFERROR(__xludf.DUMMYFUNCTION("""COMPUTED_VALUE"""),0) -> 0 | AF19: =IFERROR(__xludf.DUMMYFUNCTION("""COMPUTED_VALUE"""),0) -> 0 | ... AS19: =IFERROR(__xludf.DUMMYFUNCTION("""COMPUTED_VALUE"""),0) -> 0 | AT19: 51107.04 | AU19: =P19-AT19 -> 414811.81
C20: 149 | D20: Приобретение прочих запасов | E20: =ЦА!E20+'СВОД терр'!E20 -> 286391 | F20: =ЦА!F20+'СВОД терр'!F20 -> 1611.9 | G20: =ЦА!G20+'СВОД терр'!G20 -> 1611.821 | H20: =ЦА!H20+'СВОД терр'!H20 -> 0.079 | I20: =G20/F20*100 -> 99.995099 | K20: =ЦА!K20+'СВОД терр'!K20 -> 1611.9 | L20: =ЦА!L20+'СВОД терр'!L20 -> 1611.821 | M20: =ЦА!M20+'СВОД терр'!M20 -> 0.079 | N20: =L20/K20*100 -> 99.995099 | P20: =E20-G20 -> 284779.18 | Q20: =ЦА!E20-ЦА!G20 -> 284779.18 | R20: =P20-Q20 -> 0 | S20: 86197 | T20: =S20-E20 -> -200194 | U20: =E20-L20 -> 284779.18 | V20: =ЦА!E20-ЦА!L20 -> 284779.18 | W20: =U20-V20 -> 0 | X20: 8 574.7 тыс тенге - приобретение казтокен 4 225,3 тыс тенге - экономия | Y20: =IFERROR(__xludf.DUMMYFUNCTION("""COMPUTED_VALUE"""),0) -> 0 | Z20: =IFERROR(__xludf.DUMMYFUNCTION("""COMPUTED_VALUE"""),0) -> 0 | AA20: =IFERROR(__xludf.DUMMYFUNCTION("""COMPUTED_VALUE"""),0) -> 0 | AB20: =IFERROR(__xludf.DUMMYFUNCTION("""COMPUTED_VALUE"""),0) -> 0 | AC20: =IFERROR(__xludf.DUMMYFUNCTION("""COMPUTED_VALUE"""),0) -> 0 | AD20: =IFERROR(__xludf.DUMMYFUNCTION("""COMPUTED_VALUE"""),0) -> 0 | AE20: =IFERROR(__xludf.DUMMYFUNCTION("""COMPUTED_VALUE"""),0) -> 0 | AF20: =IFERROR(__xludf.DUMMYFUNCTION("""COMPUTED_VALUE"""),0) -> 0 | ... AS20: =IFERROR(__xludf.DUMMYFUNCTION("""COMPUTED_VALUE"""),0) -> 0
C21: 152 | D21: Оплата услуг связи | E21: =ЦА!E21+'СВОД терр'!E21 -> 194738 | F21: =ЦА!F21+'СВОД терр'!F21 -> 133290.3 | G21: =ЦА!G21+'СВОД терр'!G21 -> 130867.15 | H21: =ЦА!H21+'СВОД терр'!H21 -> 2423.15 | I21: =G21/F21*100 -> 98.182051 | K21: =ЦА!K21+'СВОД терр'!K21 -> 41191.3 | L21: =ЦА!L21+'СВОД терр'!L21 -> 41191.207 | M21: =ЦА!M21+'СВОД терр'!M21 -> 0.093 | N21: =L21/K21*100 -> 99.999774 | P21: =E21-G21 -> 63870.85 | Q21: =ЦА!E21-ЦА!G21 -> 63870.85 | R21: =P21-Q21 -> 0 | S21: 135907.3 | T21: =S21-E21 -> -58830.7 | U21: =E21-L21 -> 153546.79 | V21: =ЦА!E21-ЦА!L21 -> 153546.79 | W21: =U21-V21 -> 0 | X21: экономия | Y21: =IFERROR(__xludf.DUMMYFUNCTION("""COMPUTED_VALUE"""),0) -> 0 | Z21: =IFERROR(__xludf.DUMMYFUNCTION("""COMPUTED_VALUE"""),0) -> 0 | AA21: =IFERROR(__xludf.DUMMYFUNCTION("""COMPUTED_VALUE"""),0) -> 0 | AB21: =IFERROR(__xludf.DUMMYFUNCTION("""COMPUTED_VALUE"""),0) -> 0 | AC21: =IFERROR(__xludf.DUMMYFUNCTION("""COMPUTED_VALUE"""),0) -> 0 | AD21: =IFERROR(__xludf.DUMMYFUNCTION("""COMPUTED_VALUE"""),0) -> 0 | AE21: =IFERROR(__xludf.DUMMYFUNCTION("""COMPUTED_VALUE"""),0) -> 0 | AF21: =IFERROR(__xludf.DUMMYFUNCTION("""COMPUTED_VALUE"""),0) -> 0 | ... AS21: =IFERROR(__xludf.DUMMYFUNCTION("""COMPUTED_VALUE"""),0) -> 0
C22: 159 | D22: Оплата прочих услуг и работ | E22: =ЦА!E22+'СВОД терр'!E22 -> 244230 | F22: =ЦА!F22+'СВОД терр'!F22 -> 126961.2 | G22: =ЦА!G22+'СВОД терр'!G22 -> 126961.18 | H22: =ЦА!H22+'СВОД терр'!H22 -> 0.025 | I22: =G22/F22*100 -> 99.99998 | K22: =ЦА!K22+'СВОД терр'!K22 -> 29072.6 | L22: =ЦА!L22+'СВОД терр'!L22 -> 29072.6 | M22: =ЦА!M22+'СВОД терр'!M22 -> 0 | N22: =L22/K22*100 -> 100 | P22: =E22-G22 -> 117268.82 | Q22: =ЦА!E22-ЦА!G22 -> 117268.82 | R22: =P22-Q22 -> 0 | S22: 133789.1 | T22: =S22-E22 -> -110440.9 | U22: =E22-L22 -> 215157.4 | V22: =ЦА!E22-ЦА!L22 -> 215157.4 | W22: =U22-V22 -> 0 | X22: 4 882,01 тыс тенге - Экономия по итогам ГЗ 23 121,4 тыс тенге | Y22: =IFERROR(__xludf.DUMMYFUNCTION("""COMPUTED_VALUE"""),0) -> 0 | Z22: =IFERROR(__xludf.DUMMYFUNCTION("""COMPUTED_VALUE"""),0) -> 0 | AA22: =IFERROR(__xludf.DUMMYFUNCTION("""COMPUTED_VALUE"""),0) -> 0 | AB22: =IFERROR(__xludf.DUMMYFUNCTION("""COMPUTED_VALUE"""),0) -> 0 | AC22: =IFERROR(__xludf.DUMMYFUNCTION("""COMPUTED_VALUE"""),0) -> 0 | AD22: =IFERROR(__xludf.DUMMYFUNCTION("""COMPUTED_VALUE"""),0) -> 0 | AE22: =IFERROR(__xludf.DUMMYFUNCTION("""COMPUTED_VALUE"""),0) -> 0 | AF22: =IFERROR(__xludf.DUMMYFUNCTION("""COMPUTED_VALUE"""),0) -> 0 | ... AS22: =IFERROR(__xludf.DUMMYFUNCTION("""COMPUTED_VALUE"""),0) -> 0
B23: 111 | D23: Капитальные расходы Министерства здравоохранения Республики Казахстан | E23: =ЦА!E23+'СВОД терр'!E23 -> 906077.2 | F23: =ЦА!F23+'СВОД терр'!F23 -> 107114.4 | G23: =ЦА!G23+'СВОД терр'!G23 -> 28303.161 | H23: =ЦА!H23+'СВОД терр'!H23 -> 78811.239 | I23: =G23/F23*100 -> 26.423302 | K23: =ЦА!K23+'СВОД терр'!K23 -> 25773.1 | L23: =ЦА!L23+'СВОД терр'!L23 -> 23003.464 | M23: =ЦА!M23+'СВОД терр'!M23 -> 2769.6363 | N23: =L23/K23*100 -> 89.253771 | P23: =E23-G23 -> 877774.04 | Q23: =ЦА!E23-ЦА!G23 -> 775000 | R23: =P23-Q23 -> 102774.04 | U23: =E23-L23 -> 883073.74 | V23: =ЦА!E23-ЦА!L23 -> 775000 | W23: =U23-V23 -> 108073.74 | Y23: =IFERROR(__xludf.DUMMYFUNCTION("""COMPUTED_VALUE"""),2593.948) -> 2593.948 | Z23: =IFERROR(__xludf.DUMMYFUNCTION("""COMPUTED_VALUE"""),99.6829999999999) -> 99.683 | AA23: =IFERROR(__xludf.DUMMYFUNCTION("""COMPUTED_VALUE"""),942.14) -> 942.14 | AB23: =IFERROR(__xludf.DUMMYFUNCTION("""COMPUTED_VALUE"""),5.56) -> 5.56 | AC23: =IFERROR(__xludf.DUMMYFUNCTION("""COMPUTED_VALUE"""),776.7691) -> 776.7691 | AD23: =IFERROR(__xludf.DUMMYFUNCTION("""COMPUTED_VALUE"""),0) -> 0 | AE23: =IFERROR(__xludf.DUMMYFUNCTION("""COMPUTED_VALUE"""),17.4876) -> 17.4876 | AF23: =IFERROR(__xludf.DUMMYFUNCTION("""COMPUTED_VALUE"""),196.95) -> 196.95 | AG23: =IFERROR(__xludf.DUMMYFUNCTION("""COMPUTED_VALUE"""),0) -> 0 | AH23: =IFERROR(__xludf.DUMMYFUNCTION("""COMPUTED_VALUE"""),971.411999999999) -> 971.412 | AI23: =IFERROR(__xludf.DUMMYFUNCTION("""COMPUTED_VALUE"""),0) -> 0 | AJ23: =IFERROR(__xludf.DUMMYFUNCTION("""COMPUTED_VALUE"""),157.615999999999) -> 157.616 | AK23: =IFERROR(__xludf.DUMMYFUNCTION("""COMPUTED_VALUE"""),1.34299999999984) -> 1.343 | AL23: =IFERROR(__xludf.DUMMYFUNCTION("""COMPUTED_VALUE"""),197.16) -> 197.16 | AM23: =IFERROR(__xludf.DUMMYFUNCTION("""COMPUTED_VALUE"""),4996.9) -> 4996.9 | AN23: =IFERROR(__xludf.DUMMYFUNCTION("""COMPUTED_VALUE"""),0) -> 0 | AO23: =IFERROR(__xludf.DUMMYFUNCTION("""COMPUTED_VALUE"""),24785) -> 24785 | AP23: =IFERROR(__xludf.DUMMYFUNCTION("""COMPUTED_VALUE"""),0.0599999999999951) -> 0.06 | AQ23: =IFERROR(__xludf.DUMMYFUNCTION("""COMPUTED_VALUE"""),24784) -> 24784 | AR23: =IFERROR(__xludf.DUMMYFUNCTION("""COMPUTED_VALUE"""),17464.01) -> 17464.01 | AS23: =IFERROR(__xludf.DUMMYFUNCTION("""COMPUTED_VALUE"""),24784) -> 24784 | AT23: 3582.4708 | AU23: =P23-AT23 -> 874191.57
C24: 412 | D24: Приобретение помещений, зданий, сооружений, передаточных устройств | E24: =ЦА!E24+'СВОД терр'!E24 -> 0 | F24: =ЦА!F24+'СВОД терр'!F24 -> 0 | G24: =ЦА!G24+'СВОД терр'!G24 -> 0 | H24: =ЦА!H24+'СВОД терр'!H24 -> 0 | I24: =G24/F24*100 -> #DIV/0! | K24: =ЦА!K24+'СВОД терр'!K24 -> 0 | L24: =ЦА!L24+'СВОД терр'!L24 -> 0 | M24: =ЦА!M24+'СВОД терр'!M24 -> 0 | N24: =L24/K24*100 -> #DIV/0! | P24: =E24-G24 -> 0 | Q24: =ЦА!E24-ЦА!G24 -> 0 | R24: =P24-Q24 -> 0 | S24: 0 | T24: =S24-E24 -> 0 | U24: =E24-L24 -> 0 | V24: =ЦА!E24-ЦА!L24 -> 0 | W24: =U24-V24 -> 0 | Y24: =IFERROR(__xludf.DUMMYFUNCTION("""COMPUTED_VALUE"""),0) -> 0 | Z24: =IFERROR(__xludf.DUMMYFUNCTION("""COMPUTED_VALUE"""),0) -> 0 | AA24: =IFERROR(__xludf.DUMMYFUNCTION("""COMPUTED_VALUE"""),0) -> 0 | AB24: =IFERROR(__xludf.DUMMYFUNCTION("""COMPUTED_VALUE"""),0) -> 0 | AC24: =IFERROR(__xludf.DUMMYFUNCTION("""COMPUTED_VALUE"""),0) -> 0 | AD24: =IFERROR(__xludf.DUMMYFUNCTION("""COMPUTED_VALUE"""),0) -> 0 | AE24: =IFERROR(__xludf.DUMMYFUNCTION("""COMPUTED_VALUE"""),0) -> 0 | AF24: =IFERROR(__xludf.DUMMYFUNCTION("""COMPUTED_VALUE"""),0) -> 0 | ... AS24: =IFERROR(__xludf.DUMMYFUNCTION("""COMPUTED_VALUE"""),0) -> 0
C25: 413 | D25: Приобретение транспортных средств | E25: =ЦА!E25+'СВОД терр'!E25 -> 420000 | F25: =ЦА!F25+'СВОД терр'!F25 -> 0 | G25: =ЦА!G25+'СВОД терр'!G25 -> 0 | H25: =ЦА!H25+'СВОД терр'!H25 -> 0 | I25: =G25/F25*100 -> #DIV/0! | K25: =ЦА!K25+'СВОД терр'!K25 -> 0 | L25: =ЦА!L25+'СВОД терр'!L25 -> 0 | M25: =ЦА!M25+'СВОД терр'!M25 -> 0 | N25: =L25/K25*100 -> #DIV/0! | P25: =E25-G25 -> 420000 | Q25: =ЦА!E25-ЦА!G25 -> 420000 | R25: =P25-Q25 -> 0 | S25: 924000 | T25: =S25-E25 -> 504000 | U25: =E25-L25 -> 420000 | V25: =ЦА!E25-ЦА!L25 -> 420000 | W25: =U25-V25 -> 0 | X25: платежи по закупу атотранспортных средств отправлены 20-22 декабря г.. | Y25: =IFERROR(__xludf.DUMMYFUNCTION("""COMPUTED_VALUE"""),0) -> 0 | Z25: =IFERROR(__xludf.DUMMYFUNCTION("""COMPUTED_VALUE"""),0) -> 0 | AA25: =IFERROR(__xludf.DUMMYFUNCTION("""COMPUTED_VALUE"""),0) -> 0 | AB25: =IFERROR(__xludf.DUMMYFUNCTION("""COMPUTED_VALUE"""),0) -> 0 | AC25: =IFERROR(__xludf.DUMMYFUNCTION("""COMPUTED_VALUE"""),0) -> 0 | AD25: =IFERROR(__xludf.DUMMYFUNCTION("""COMPUTED_VALUE"""),0) -> 0 | AE25: =IFERROR(__xludf.DUMMYFUNCTION("""COMPUTED_VALUE"""),0) -> 0 | AF25: =IFERROR(__xludf.DUMMYFUNCTION("""COMPUTED_VALUE"""),0) -> 0 | ... AS25: =IFERROR(__xludf.DUMMYFUNCTION("""COMPUTED_VALUE"""),0) -> 0
C26: 414 | D26: Приобретение машин, оборудования, инструментов, производственного и хозяйственного инвентаря | E26: =ЦА!E26+'СВОД терр'!E26 -> 476988.9 | F26: =ЦА!F26+'СВОД терр'!F26 -> 100723.7 | G26: =ЦА!G26+'СВОД терр'!G26 -> 24505.099 | H26: =ЦА!H26+'СВОД терр'!H26 -> 76218.601 | I26: =G26/F26*100 -> 24.32903 | K26: =ЦА!K26+'СВОД терр'!K26 -> 24088.2 | L26: =ЦА!L26+'СВОД терр'!L26 -> 21864.045 | M26: =ЦА!M26+'СВОД терр'!M26 -> 2224.1546 | N26: =L26/K26*100 -> 90.766622 | P26: =E26-G26 -> 452483.8 | Q26: =ЦА!E26-ЦА!G26 -> 355000 | R26: =P26-Q26 -> 97483.801 | S26: 84091.3 | T26: =S26-E26 -> -392897.6 | U26: =E26-L26 -> 455124.85 | V26: =ЦА!E26-ЦА!L26 -> 355000 | W26: =U26-V26 -> 100124.85 | X26: 22 962, - поставка МФУ до 26 декабря 6 146,0 тыс тенге - расторжение договора по закупу Ноутбуков (не соответствует ТС) | Y26: =IFERROR(__xludf.DUMMYFUNCTION("""COMPUTED_VALUE"""),112.548) -> 112.548 | Z26: =IFERROR(__xludf.DUMMYFUNCTION("""COMPUTED_VALUE"""),99.6829999999999) -> 99.683 | AA26: =IFERROR(__xludf.DUMMYFUNCTION("""COMPUTED_VALUE"""),942.14) -> 942.14 | AB26: =IFERROR(__xludf.DUMMYFUNCTION("""COMPUTED_VALUE"""),5.56) -> 5.56 | AC26: =IFERROR(__xludf.DUMMYFUNCTION("""COMPUTED_VALUE"""),0) -> 0 | AD26: =IFERROR(__xludf.DUMMYFUNCTION("""COMPUTED_VALUE"""),0) -> 0 | AE26: =IFERROR(__xludf.DUMMYFUNCTION("""COMPUTED_VALUE"""),17.4876) -> 17.4876 | AF26: =IFERROR(__xludf.DUMMYFUNCTION("""COMPUTED_VALUE"""),196.95) -> 196.95 | AG26: =IFERROR(__xludf.DUMMYFUNCTION("""COMPUTED_VALUE"""),0) -> 0 | AH26: =IFERROR(__xludf.DUMMYFUNCTION("""COMPUTED_VALUE"""),971.411999999999) -> 971.412 | AI26: =IFERROR(__xludf.DUMMYFUNCTION("""COMPUTED_VALUE"""),0) -> 0 | AJ26: =IFERROR(__xludf.DUMMYFUNCTION("""COMPUTED_VALUE"""),46.447) -> 46.447 | AK26: =IFERROR(__xludf.DUMMYFUNCTION("""COMPUTED_VALUE"""),1.34299999999984) -> 1.343 | AL26: =IFERROR(__xludf.DUMMYFUNCTION("""COMPUTED_VALUE"""),197.16) -> 197.16 | AM26: =IFERROR(__xludf.DUMMYFUNCTION("""COMPUTED_VALUE"""),3076) -> 3076 | AN26: =IFERROR(__xludf.DUMMYFUNCTION("""COMPUTED_VALUE"""),0) -> 0 | AO26: =IFERROR(__xludf.DUMMYFUNCTION("""COMPUTED_VALUE"""),24785) -> 24785 | AP26: =IFERROR(__xludf.DUMMYFUNCTION("""COMPUTED_VALUE"""),0.0599999999999951) -> 0.06 | AQ26: =IFERROR(__xludf.DUMMYFUNCTION("""COMPUTED_VALUE"""),24784) -> 24784 | AR26: =IFERROR(__xludf.DUMMYFUNCTION("""COMPUTED_VALUE"""),17464.01) -> 17464.01 | AS26: =IFERROR(__xludf.DUMMYFUNCTION("""COMPUTED_VALUE"""),24784) -> 24784
C27: 416 | D27: Приобретение нематериальных активов | E27: =ЦА!E27+'СВОД терр'!E27 -> 0 | F27: =ЦА!F27+'СВОД терр'!F27 -> 0 | G27: =ЦА!G27+'СВОД терр'!G27 -> 0 | H27: =ЦА!H27+'СВОД терр'!H27 -> 0 | I27: =G27/F27*100 -> #DIV/0! | K27: =ЦА!K27+'СВОД терр'!K27 -> 0 | L27: =ЦА!L27+'СВОД терр'!L27 -> 0 | M27: =ЦА!M27+'СВОД терр'!M27 -> 0 | N27: =L27/K27*100 -> #DIV/0! | P27: =E27-G27 -> 0 | Q27: =ЦА!E27-ЦА!G27 -> 0 | R27: =P27-Q27 -> 0 | S27: 0 | T27: =S27-E27 -> 0 | U27: =E27-L27 -> 0 | V27: =ЦА!E27-ЦА!L27 -> 0 | W27: =U27-V27 -> 0 | Y27: =IFERROR(__xludf.DUMMYFUNCTION("""COMPUTED_VALUE"""),0) -> 0 | Z27: =IFERROR(__xludf.DUMMYFUNCTION("""COMPUTED_VALUE"""),0) -> 0 | AA27: =IFERROR(__xludf.DUMMYFUNCTION("""COMPUTED_VALUE"""),0) -> 0 | AB27: =IFERROR(__xludf.DUMMYFUNCTION("""COMPUTED_VALUE"""),0) -> 0 | AC27: =IFERROR(__xludf.DUMMYFUNCTION("""COMPUTED_VALUE"""),0) -> 0 | AD27: =IFERROR(__xludf.DUMMYFUNCTION("""COMPUTED_VALUE"""),0) -> 0 | AE27: =IFERROR(__xludf.DUMMYFUNCTION("""COMPUTED_VALUE"""),0) -> 0 | AF27: =IFERROR(__xludf.DUMMYFUNCTION("""COMPUTED_VALUE"""),0) -> 0 | ... AS27: =IFERROR(__xludf.DUMMYFUNCTION("""COMPUTED_VALUE"""),0) -> 0
C28: 419 | D28: Приобретение прочих основных средств | E28: =ЦА!E28+'СВОД терр'!E28 -> 0 | F28: =ЦА!F28+'СВОД терр'!F28 -> 0 | G28: =ЦА!G28+'СВОД терр'!G28 -> 0 | H28: =ЦА!H28+'СВОД терр'!H28 -> 0 | I28: =G28/F28*100 -> #DIV/0! | K28: =ЦА!K28+'СВОД терр'!K28 -> 0 | L28: =ЦА!L28+'СВОД терр'!L28 -> 0 | M28: =ЦА!M28+'СВОД терр'!M28 -> 0 | N28: =L28/K28*100 -> #DIV/0! | P28: =E28-G28 -> 0 | Q28: =ЦА!E28-ЦА!G28 -> 0 | R28: =P28-Q28 -> 0 | S28: 0 | T28: =S28-E28 -> 0 | U28: =E28-L28 -> 0 | V28: =ЦА!E28-ЦА!L28 -> 0 | W28: =U28-V28 -> 0 | Y28: =IFERROR(__xludf.DUMMYFUNCTION("""COMPUTED_VALUE"""),0) -> 0 | Z28: =IFERROR(__xludf.DUMMYFUNCTION("""COMPUTED_VALUE"""),0) -> 0 | AA28: =IFERROR(__xludf.DUMMYFUNCTION("""COMPUTED_VALUE"""),0) -> 0 | AB28: =IFERROR(__xludf.DUMMYFUNCTION("""COMPUTED_VALUE"""),0) -> 0 | AC28: =IFERROR(__xludf.DUMMYFUNCTION("""COMPUTED_VALUE"""),0) -> 0 | AD28: =IFERROR(__xludf.DUMMYFUNCTION("""COMPUTED_VALUE"""),0) -> 0 | AE28: =IFERROR(__xludf.DUMMYFUNCTION("""COMPUTED_VALUE"""),0) -> 0 | AF28: =IFERROR(__xludf.DUMMYFUNCTION("""COMPUTED_VALUE"""),0) -> 0 | ... AS28: =IFERROR(__xludf.DUMMYFUNCTION("""COMPUTED_VALUE"""),0) -> 0
C29: 421 | D29: Капитальный ремонт помещений, зданий, сооружений, передаточных устройств | E29: =ЦА!E29+'СВОД терр'!E29 -> 9088.3 | F29: =ЦА!F29+'СВОД терр'!F29 -> 6390.7 | G29: =ЦА!G29+'СВОД терр'!G29 -> 3798.0619 | H29: =ЦА!H29+'СВОД терр'!H29 -> 2592.6381 | I29: =G29/F29*100 -> 59.431078 | K29: =ЦА!K29+'СВОД терр'!K29 -> 1684.9 | L29: =ЦА!L29+'СВОД терр'!L29 -> 1139.4183 | M29: =ЦА!M29+'СВОД терр'!M29 -> 545.48173 | N29: =L29/K29*100 -> 67.625276 | P29: =E29-G29 -> 5290.2381 | Q29: =ЦА!E29-ЦА!G29 -> 0 | R29: =P29-Q29 -> 5290.2381 | S29: 453259 | T29: =S29-E29 -> 444170.7 | U29: =E29-L29 -> 7948.8817 | V29: =ЦА!E29-ЦА!L29 -> 0 | W29: =U29-V29 -> 7948.8817 | X29: 279 139,1 тыс.тенге - средства на разработку ПСД (75 объектов) зданий территориальных органов СЭС, в том числе: 258,4 тыс тенге - итоги ГЗ не подведены; 17 412,0 тыс тенге - экономия по итогам ГЗ; 17 412,6 тыс тенге - средства на госэкспертизу, после завершения ПСД; 247 154,6 тыс тенге - не состоявщиеся конкурса (отсутствуют потенциальные поставщики); | Y29: =IFERROR(__xludf.DUMMYFUNCTION("""COMPUTED_VALUE"""),2481.4) -> 2481.4 | Z29: =IFERROR(__xludf.DUMMYFUNCTION("""COMPUTED_VALUE"""),0) -> 0 | AA29: =IFERROR(__xludf.DUMMYFUNCTION("""COMPUTED_VALUE"""),0) -> 0 | AB29: =IFERROR(__xludf.DUMMYFUNCTION("""COMPUTED_VALUE"""),0) -> 0 | AC29: =IFERROR(__xludf.DUMMYFUNCTION("""COMPUTED_VALUE"""),776.7691) -> 776.7691 | AD29: =IFERROR(__xludf.DUMMYFUNCTION("""COMPUTED_VALUE"""),0) -> 0 | AE29: =IFERROR(__xludf.DUMMYFUNCTION("""COMPUTED_VALUE"""),0) -> 0 | AF29: =IFERROR(__xludf.DUMMYFUNCTION("""COMPUTED_VALUE"""),0) -> 0 | AG29: =IFERROR(__xludf.DUMMYFUNCTION("""COMPUTED_VALUE"""),0) -> 0 | AH29: =IFERROR(__xludf.DUMMYFUNCTION("""COMPUTED_VALUE"""),0) -> 0 | AI29: =IFERROR(__xludf.DUMMYFUNCTION("""COMPUTED_VALUE"""),0) -> 0 | AJ29: =IFERROR(__xludf.DUMMYFUNCTION("""COMPUTED_VALUE"""),111.168999999999) -> 111.169 | AK29: =IFERROR(__xludf.DUMMYFUNCTION("""COMPUTED_VALUE"""),0) -> 0 | AL29: =IFERROR(__xludf.DUMMYFUNCTION("""COMPUTED_VALUE"""),0) -> 0 | AM29: =IFERROR(__xludf.DUMMYFUNCTION("""COMPUTED_VALUE"""),1920.9) -> 1920.9 | AN29: =IFERROR(__xludf.DUMMYFUNCTION("""COMPUTED_VALUE"""),0) -> 0 | AO29: =IFERROR(__xludf.DUMMYFUNCTION("""COMPUTED_VALUE"""),0) -> 0 | AP29: =IFERROR(__xludf.DUMMYFUNCTION("""COMPUTED_VALUE"""),0) -> 0 | AQ29: =IFERROR(__xludf.DUMMYFUNCTION("""COMPUTED_VALUE"""),0) -> 0 | AR29: =IFERROR(__xludf.DUMMYFUNCTION("""COMPUTED_VALUE"""),0) -> 0 | AS29: =IFERROR(__xludf.DUMMYFUNCTION("""COMPUTED_VALUE"""),0) -> 0
